Workbook
Name _1516_AFS_Location_Excel: #REF!
Name _1516_AFS_Location_Excel: #REF!
Name _1516_AFS_Location_Excel: #REF!
Name _1516_AFS_Location_Excel: #REF!
Name _Hlk30070486: CONTENTS!#REF!
Name activity2014: '[2]2014A'!$A$2:$GH$129
Name activity2014: '[2]2014A'!$A$2:$GH$129
Name activity2014: '[3]2014A'!$A$2:$GH$129
Name activity2015: '[4]2015A Data'!$A$2:$FY$133
Name activity2015: '[2]2015A'!$A$2:$GV$134
Name activity2015: '[2]2015A'!$A$2:$GV$134
Name activity2015: '[3]2015A'!$A$2:$GV$134
Name activity2015f: '[5]2015A Data'!$A$2:$FY$133
Name activity2015f: '[6]2015A Data'!$A$2:$FY$133
Name activity2016: '[2]2016A'!$A$2:$FZ$132
Name activity2016: '[7]2016A'!$A$2:$FZ$5
Name activity2016: '[3]2016A'!$A$2:$FZ$132
Name activity2017: '[8]2017A'!$A$1:$GK$119
Name activity2017: '[9]2017A'!$A$1:$GK$119
Name activity2017a: '[2]2017A'!$A$1:$GM$132
Name activity2017a: '[2]2017A'!$A$1:$GM$132
Name activity2017a: '[3]2017A'!$A$1:$GM$132
Name All_organisations: '[7]2015A'!#REF!
Name All_organisations: #REF!
Name all_organisationse: '[7]2015E'!#REF!
Name all_organisationse: #REF!
Name alldata2014: '[10]2014 merged'!$A$2:$BN$138
Name alldata2014: '[11]2014 merged'!$A$2:$BN$126
Name alldata2014: '[12]2014 merged'!$A$2:$BN$126
Name alldata2014f: '[3]2014F'!$A$2:$BN$117
Name alldata2014f: '[2]2014F'!$A$2:$BN$133
Name alldata2014f: '[2]2014F'!$A$2:$BN$133
Name alldata2014f: #REF!
Name alldata2015: '[10]2015 merged'!$A$2:$BN$133
Name alldata2015: '[11]2015 merged'!$A$2:$BN$121
Name alldata2015: '[12]2015 merged'!$A$2:$BN$121
Name alldata2015f: '[3]2015F'!$A$2:$BN$118
Name alldata2015f: '[2]2015F'!$A$2:$BN$134
Name alldata2015f: '[2]2015F'!$A$2:$BN$134
Name alldata2015f: #REF!
Name alldata2016: '2016F'!$A$2:$BN$121
Name employment2014: #REF!
Name employment2014: #REF!
Name employment2014_2: '[7]2014A'!#REF!
Name employment2014_2: #REF!
Name employment2014_2e: '[7]2014E'!#REF!
Name employment2014_2e: #REF!
Name employment2014_3: '[13]2014E Data'!$A$2:$LD$138
Name employment2014_3: #REF!
Name employment2014_3: #REF!
Name employment2014_3e: #REF!
Name employment2014_3e: '[3]2014E'!$A$2:$LD$133
Name employment2014e: #REF!
Name employment2014e: #REF!
Name employment2015: #REF!
Name employment2015: #REF!
Name employment2015_2: '[13]2015E Data'!$A$2:$LD$133
Name employment2015_2: #REF!
Name employment2015_2: #REF!
Name employment2015_2e: #REF!

Sheet 2016F
A109: All organisations | B109: 107 | J109: 8785584 | K109: 4674376 | L109: 10175555 | M109: 26387630 | O109: 14879926 | P109: 1390271.6 | Q109: 768479.14 | R109: 1256568 | S109: 309696.74 | T109: 366445.42 | U109: 641932.38 | X109: 528256.06 | Y109: 5261649.4 | Z109: 2605754 | AA109: 17236636 | AB109: 58607.18 | AC109: 1690609 | AD109: 43672.54 | AE109: 590262.7 | AF109: 575292.73 | AG109: 238741.36 | AH109: 1259459.5 | AI109: 1880020.7 | AJ109: 3700898.2 | AK109: 13112621 | AL109: 833063.74 | AN109: 13915585 | AO109: 2013377.8 | AP109: 3918942.9 | AQ109: 3153326.1 | AR109: 168333.56 | AS109: 1520680.2 | AT109: 422319.86 | AV109: 4124711.5 | AW109: 10564839 | AX109: 412121.79 | AY109: 360964.79 | AZ109: 461998.8 | BA109: 95888.07 | BB109: 60667.52 | BC109: 2557578.9 | BD109: 780842.76 | BE109: 3006615 | BF109: 98007.17 | BG109: 2020576.8 | BH109: 20420100 | BI109: 1220742.3 | BJ109: 415228.46 | BK109: 1767454.5 | BL109: 3403425.3 | BM109: 262947.32 | BN109: 584217.6 | BO109: 8497395.5
A110: Drama | B110: 16 | J110: 1371331 | K110: 840644 | L110: 1607924.3 | M110: 2918594.1 | O110: 2100463.9 | P110: 123790.65 | Q110: 81064.51 | R110: 135519.61 | S110: 26174.75 | T110: 36704.89 | U110: 60057.53 | X110: 69239.92 | Y110: 532551.86 | Z110: 112097.68 | AA110: 1730677.3 | AB110: 8937.33 | AC110: 195368.3 | AD110: 14861.74 | AE110: 191454.09 | AF110: 26418.32 | AG110: 29088.46 | AH110: 271981.92 | AI110: 349785.95 | AJ110: 489638.26 | AK110: 2205883 | AL110: 202605.72 | AN110: 2408488.7 | AO110: 61062.07 | AP110: 94654.22 | AQ110: 313904.04 | AR110: 28879.56 | AS110: 75339.68 | AT110: 63230.13 | AV110: 228511.44 | AW110: 1084747.8 | AX110: 265110.16 | AY110: 225212.37 | AZ110: 36278.4 | BA110: 0 | BB110: 0 | BC110: 470000 | BD110: 6000 | BE110: 79061 | BF110: 496 | BG110: 90307.03 | BH110: 2257212.7 | BI110: 80490 | BJ110: 13058.55 | BK110: 493275.64 | BL110: 586824.19 | BM110: 77227 | BN110: 70354 | BO110: 1118059.5
A111: Traditional Arts | B111: 13 | J111: 396980 | K111: 227948 | L111: 455945 | M111: 2001270.5 | O111: 1354088.5 | P111: 114512.86 | Q111: 70141.45 | R111: 70754.91 | S111: 33797 | T111: 41622.85 | U111: 97447.8 | X111: 64733.82 | Y111: 493010.69 | Z111: 347662.82 | AA111: 978400.63 | AB111: 16517.12 | AC111: 117586.46 | AD111: 2908 | AE111: 79239.26 | AF111: 30104.5 | AG111: 4594.55 | AH111: 95583.91 | AI111: 93558.65 | AJ111: 124618 | AK111: 624928 | AL111: 39312 | AN111: 664240 | AO111: 658716 | AP111: 581617.08 | AQ111: 231983.9 | AR111: 11624 | AS111: 270193.14 | AT111: 54364 | AV111: 994897.14 | AW111: 448331.42 | AX111: 45998.13 | AY111: 7618.42 | AZ111: 75843.44 | BA111: 14776 | BB111: 0 | BC111: 163346 | BD111: 32131.88 | BE111: 99354 | BF111: 0 | BG111: 598350.31 | BH111: 1485749.6 | BI111: 24524 | BJ111: 26387.69 | BK111: 20941 | BL111: 71852.69 | BM111: 96198 | BN111: 107794.08 | BO111: 671123.66
A112: Visual Arts | B112: 21 | J112: 1139571 | K112: 383560 | L112: 1170103.7 | M112: 2554624.9 | O112: 1458726.3 | P112: 396273.14 | Q112: 69790.14 | R112: 61204.45 | S112: 41167.97 | T112: 50564.81 | U112: 58627.32 | X112: 46978.13 | Y112: 724605.96 | Z112: 101366.26 | AA112: 301472 | AB112: 2438.34 | AC112: 63532.67 | AD112: 0 | AE112: 7308.56 | AF112: 3280 | AG112: 46430.75 | AH112: 59400.17 | AI112: 125488.84 | AJ112: 192942.35 | AK112: 1418969.8 | AL112: 103941.1 | AN112: 1522910.9 | AO112: 242131.52 | AP112: 182142.65 | AQ112: 351804.4 | AR112: 0 | AS112: 174713 | AT112: 8964.63 | AV112: 425809.15 | AW112: 17250 | AX112: 0 | AY112: 0 | AZ112: 169197.29 | BA112: 5059.56 | BB112: 58287.07 | BC112: 0 | BD112: 55931.26 | BE112: 300397.13 | BF112: 48743.17 | BG112: 188174.22 | BH112: 843039.7 | BI112: 26404.09 | BJ112: 6641.95 | BK112: 91720.26 | BL112: 124766.3 | BM112: 89522.32 | BN112: 44085.52 | BO112: 409886.43
A113: Combined | B113: 29 | J113: 2959257 | K113: 1913025 | L113: 3701580.5 | M113: 10971854 | O113: 6284241.8 | P113: 454307.1 | Q113: 457716.51 | R113: 747154.34 | S113: 141881 | T113: 147919.81 | U113: 336340.62 | X113: 246690.69 | Y113: 2532010.1 | Z113: 1484537.1 | AA113: 9732109.1 | AB113: 17078.25 | AC113: 927883.65 | AD113: 21697.8 | AE113: 253815.37 | AF113: 229275.92 | AG113: 128132.86 | AH113: 316394.18 | AI113: 346337.39 | AJ113: 1873456.1 | AK113: 4713526 | AL113: 288592.92 | AN113: 5001019.3 | AO113: 293775.39 | AP113: 1401090.9 | AQ113: 1570767.9 | AR113: 15245 | AS113: 776400.35 | AT113: 167169 | AV113: 1252589.7 | AW113: 8390556.9 | AX113: 6747 | AY113: 0 | AZ113: 50500 | BA113: 48389.43 | BB113: 2380.45 | BC113: 1873518.9 | BD113: 590592.62 | BE113: 771082.11 | BF113: 1390 | BG113: 830253.61 | BH113: 12565411 | BI113: 683034.97 | BJ113: 98742.1 | BK113: 554780.6 | BL113: 1336557.7 | BM113: 0 | BN113: 20000 | BO113: 4095111.7
A114: Music | B114: 15 | J114: 2241533 | K114: 904787 | L114: 2482772 | M114: 6370623.5 | O114: 2663313.5 | P114: 205506 | Q114: 51432.4 | R114: 196349 | S114: 41257.85 | T114: 37572.14 | U114: 42166.53 | X114: 68406.9 | Y114: 642690.82 | Z114: 354130.89 | AA114: 3293372.5 | AB114: 9805.19 | AC114: 329514.29 | AD114: 3235 | AE114: 48739.82 | AF114: 254933.77 | AG114: 25474.74 | AH114: 392462.95 | AI114: 884089.27 | AJ114: 881814.66 | AK114: 3061486 | AL114: 95226 | AN114: 3156712 | AO114: 476720.93 | AP114: 1584715 | AQ114: 463410.36 | AR114: 112585 | AS114: 85210.06 | AT114: 41518.47 | AV114: 716034.46 | AW114: 593724.48 | AX114: 50511 | AY114: 123123 | AZ114: 121032.67 | BA114: 2054.87 | BB114: 0 | BC114: 46508 | BD114: 76109 | BE114: 1219744.6 | BF114: 5537 | BG114: 236879.35 | BH114: 2475223.9 | BI114: 320646.7 | BJ114: 136428.64 | BK114: 495190 | BL114: 952265.34 | BM114: 0 | BN114: 319984 | BO114: 1715663.2
A115: Dance | B115: 5 | J115: 216599 | K115: 124454 | L115: 240603 | M115: 401563.46 | O115: 224144.98 | P115: 34377.8 | Q115: 8113.33 | R115: 2745.69 | S115: 5742.64 | T115: 3803.13 | U115: 14350.71 | X115: 7442.8 | Y115: 76576.1 | Z115: 37447.14 | AA115: 171351.35 | AB115: 110 | AC115: 14825.54 | AD115: 970 | AE115: 2485.7 | AF115: 14111.02 | AG115: 1931 | AH115: 32970.62 | AI115: 16500.65 | AJ115: 44405.1 | AK115: 341050 | AL115: 43331 | AN115: 384381 | AO115: 21212.6 | AP115: 5353 | AQ115: 58105 | AR115: 0 | AS115: 4512 | AT115: 3821.53 | AV115: 29546.13 | AW115: 8952.42 | AX115: 1912 | AY115: 5011 | AZ115: 3100 | BA115: 0 | BB115: 0 | BC115: 0 | BD115: 12348 | BE115: 65377.42 | BF115: 0 | BG115: 15103.76 | BH115: 111804.6 | BI115: 0 | BJ115: 5321.38 | BK115: 17736 | BL115: 23057.38 | BM115: 0 | BN115: 0 | BO115: 120319.56
A116: Literature | B116: 4 | J116: 199899 | K116: 126850 | L116: 216646 | M116: 613209.65 | O116: 436911.7 | P116: 41259.02 | Q116: 15909.8 | R116: 12648 | S116: 12108.95 | T116: 39946.79 | U116: 14773.87 | X116: 6877.71 | Y116: 143524.14 | Z116: 50898.97 | AA116: 339798.72 | AB116: 3163.95 | AC116: 18874.08 | AD116: 0 | AE116: 6735.9 | AF116: 9617.2 | AG116: 190 | AH116: 65506.25 | AI116: 40215 | AJ116: 15162.7 | AK116: 326746 | AL116: 4800 | AN116: 302546 | AO116: 259759.33 | AP116: 37230 | AQ116: 33053 | AR116: 0 | AS116: 95771 | AT116: 83252.1 | AV116: 438782.43 | AW116: 17633.65 | AX116: 0 | AY116: 0 | AZ116: 0 | BA116: 25608.21 | BB116: 0 | BC116: 4206 | BD116: 3870 | BE116: 72881.8 | BF116: 39419 | BG116: 60877.54 | BH116: 224496.2 | BI116: 40609.57 | BJ116: 11834.15 | BK116: 2500 | BL116: 54943.72 | BM116: 0 | BN116: 0 | BO116: 141657.77
A117: Circus/Street Theatre/Carnival | B117: 4 | J117: 260414 | K117: 153108 | L117: 299980 | M117: 555890 | O117: 358035 | P117: 20245.05 | Q117: 14311 | R117: 30192 | S117: 7566.58 | T117: 8311 | U117: 18168 | X117: 17886.09 | Y117: 116679.72 | Z117: 117613.17 | AA117: 689454 | AB117: 557 | AC117: 23024 | AD117: 0 | AE117: 484 | AF117: 7552 | AG117: 2899 | AH117: 25159.53 | AI117: 24045 | AJ117: 78861 | AK117: 420032 | AL117: 55255 | AN117: 475287 | AO117: 0 | AP117: 32140 | AQ117: 130297.5 | AR117: 0 | AS117: 38541 | AT117: 0 | AV117: 38541 | AW117: 3642 | AX117: 41843.5 | AY117: 0 | AZ117: 6047 | BA117: 0 | BB117: 0 | BC117: 0 | BD117: 3860 | BE117: 398717 | BF117: 2422 | BG117: 631 | BH117: 457162.5 | BI117: 45033 | BJ117: 116814 | BK117: 91311 | BL117: 253158 | BM117: 0 | BN117: 22000 | BO117: 225573.7
A118: Small | B118: 48 | J118: 1626693 | K118: 806420 | L118: 1834296.7 | M118: 3261896.8 | O118: 1549548.9 | P118: 385395.02 | Q118: 43399.23 | R118: 23544.9 | S118: 45360.97 | T118: 67795.59 | U118: 82866.07 | X118: 95734.68 | Y118: 744096.46 | Z118: 214225.8 | AA118: 1405685.6 | AB118: 26604.1 | AC118: 109606.81 | AD118: 15819 | AE118: 37213.44 | AF118: 134765.77 | AG118: 36607.19 | AH118: 287470.67 | AI118: 231060.09 | AJ118: 336534.82 | AK118: 2251987.2 | AL118: 213704.32 | AN118: 2436691.6 | AO118: 197533.89 | AP118: 206149.32 | AQ118: 473665 | AR118: 3879.56 | AS118: 139624 | AT118: 52451.81 | AV118: 393489.26 | AW118: 335589.22 | AX118: 87578.96 | AY118: 22672.87 | AZ118: 243704.13 | BA118: 24789.81 | BB118: 57042.07 | BC118: 369 | BD118: 68502.26 | BE118: 311740.68 | BF118: 13316 | BG118: 122138.04 | BH118: 1287443 | BI118: 80863.27 | BJ118: 50522.95 | BK118: 342108.7 | BL118: 473494.92 | BM118: 258315.5 | BN118: 234027.91 | BO118: 954475.02
A119: Medium | B119: 49 | J119: 3831429 | K119: 2139440 | L119: 4090747.9 | M119: 10133245 | O119: 6756775.9 | P119: 828076.59 | Q119: 277604.56 | R119: 308497.66 | S119: 135485.33 | T119: 168016.08 | U119: 304306.53 | X119: 176706.88 | Y119: 2198693.6 | Z119: 867440.61 | AA119: 5534907 | AB119: 28362.18 | AC119: 542161.44 | AD119: 10563.54 | AE119: 68240.91 | AF119: 206208.28 | AG119: 95601.88 | AH119: 719386.71 | AI119: 796361.41 | AJ119: 1713823.5 | AK119: 5922653.5 | AL119: 432114.92 | AN119: 6353668.9 | AO119: 1746365.6 | AP119: 1797284.6 | AQ119: 1442200.1 | AR119: 51869 | AS119: 1041349.2 | AT119: 353493.05 | AV119: 3193076.8 | AW119: 1038778 | AX119: 291678.83 | AY119: 294291.92 | AZ119: 213464.67 | BA119: 22800.83 | BB119: 2306 | BC119: 476440 | BD119: 415064.88 | BE119: 1191969.3 | BF119: 84374.17 | BG119: 851381.47 | BH119: 4882550 | BI119: 363781.09 | BJ119: 230341.77 | BK119: 969758.8 | BL119: 1563881.7 | BM119: 4631.82 | BN119: 75205.69 | BO119: 3503419.3
A120: Large | B120: 10 | J120: 3327462 | K120: 1728516 | L120: 4250510 | M120: 12992489 | O120: 6573600.8 | P120: 176800.01 | Q120: 447475.35 | R120: 924525.44 | S120: 128850.44 | T120: 130633.75 | U120: 254759.78 | X120: 255814.5 | Y120: 2318859.3 | Z120: 1524087.6 | AA120: 10296043 | AB120: 3640.9 | AC120: 1038840.7 | AD120: 17290 | AE120: 484808.35 | AF120: 234318.68 | AG120: 106532.29 | AH120: 252602.15 | AI120: 852599.25 | AJ120: 1650539.9 | AK120: 4937980 | AL120: 187244.5 | AN120: 5125224.5 | AO120: 69478.39 | AP120: 1915509 | AQ120: 1237461 | AR120: 112585 | AS120: 339707 | AT120: 16375 | AV120: 538145.39 | AW120: 9190471.5 | AX120: 32864 | AY120: 44000 | AZ120: 4830 | BA120: 48297.43 | BB120: 1319.45 | BC120: 2080769.9 | BD120: 297275.62 | BE120: 1502905.1 | BF120: 317 | BG120: 1047057.3 | BH120: 14250107 | BI120: 776097.97 | BJ120: 134363.74 | BK120: 455587 | BL120: 1366048.7 | BM120: 0 | BN120: 274984 | BO120: 4039501.1
A123: Constant Sample
A124: All organisations | B124: 93 | J124: 7948350 | K124: 4152210 | L124: 9240849.4 | M124: 24371663 | O124: 13647207 | P124: 1280262.1 | Q124: 735386 | R124: 1217583.6 | S124: 286766.61 | T124: 343103.29 | U124: 581699.13 | V124: 0 | W124: 0 | X124: 512861.64 | Y124: 4957662.3 | Z124: 2345498.4 | AA124: 15863693 | AB124: 52462.85 | AC124: 1624186.4 | AD124: 35810.8 | AE124: 578791.53 | AF124: 544197.49 | AG124: 223911.17 | AH124: 1218575.5 | AI124: 1811371.7 | AJ124: 3058343.2 | AK124: 11784090 | AL124: 731191.24 | AM124: 0 | AN124: 12485181 | AO124: 1761136.8 | AP124: 3792304.7 | AQ124: 2781191.7 | AR124: 164454 | AS124: 1461403.6 | AT124: 395746.86 | AU124: 0 | AV124: 3782741.2 | AW124: 10439321 | AX124: 407335.46 | AY124: 354286.46 | AZ124: 379700.4 | BA124: 95888.07 | BB124: 60457.52 | BC124: 2557578.9 | BD124: 779417.76 | BE124: 2706762.5 | BF124: 96121.17 | BG124: 1940013.4 | BH124: 19816883 | BI124: 1137663.3 | BJ124: 408061.37 | BK124: 1556745.4 | BL124: 3102470.1 | BM124: 242577.32 | BN124: 578883.6 | BO124: 7513393.5
A125: Drama | B125: 12 | J125: 1233648 | K125: 725235 | L125: 1422751.2 | M125: 2485909.4 | O125: 1806290.5 | P125: 114317.86 | Q125: 61461.07 | R125: 117991.56 | S125: 23859.64 | T125: 27449.37 | U125: 49876.95 | V125: 0 | W125: 0 | X125: 66485.66 | Y125: 461442.11 | Z125: 90640.5 | AA125: 1554438.2 | AB125: 5152 | AC125: 184073.07 | AD125: 7000 | AE125: 189640 | AF125: 18806.32 | AG125: 24001.88 | AH125: 252444.18 | AI125: 320477.69 | AJ125: 398887.85 | AK125: 1952791 | AL125: 165814.22 | AM125: 0 | AN125: 2118605.2 | AO125: 61062.07 | AP125: 93843 | AQ125: 223929.51 | AR125: 25000 | AS125: 30428 | AT125: 63230.13 | AU125: 0 | AV125: 179720.2 | AW125: 999525.23 | AX125: 260323.83 | AY125: 218534.04 | AZ125: 0 | BA125: 0 | BB125: 0 | BC125: 470000 | BD125: 6000 | BE125: 64189 | BF125: 0 | BG125: 32107.57 | BH125: 2050679.7 | BI125: 70490 | BJ125: 9331.46 | BK125: 392957.11 | BL125: 472778.57 | BM125: 77227 | BN125: 70354 | BO125: 967766.41
A126: Traditional Arts | B126: 13 | J126: 396980 | K126: 227948 | L126: 455945 | M126: 2001270.5 | O126: 1354088.5 | P126: 114512.86 | Q126: 70141.45 | R126: 70754.91 | S126: 33797 | T126: 41622.85 | U126: 97447.8 | V126: 0 | W126: 0 | X126: 64733.82 | Y126: 493010.69 | Z126: 347662.82 | AA126: 978400.63 | AB126: 16517.12 | AC126: 117586.46 | AD126: 2908 | AE126: 79239.26 | AF126: 30104.5 | AG126: 4594.55 | AH126: 95583.91 | AI126: 93558.65 | AJ126: 124618 | AK126: 624928 | AL126: 39312 | AM126: 0 | AN126: 664240 | AO126: 658716 | AP126: 581617.08 | AQ126: 231983.9 | AR126: 11624 | AS126: 270193.14 | AT126: 54364 | AU126: 0 | AV126: 994897.14 | AW126: 448331.42 | AX126: 45998.13 | AY126: 7618.42 | AZ126: 75843.44 | BA126: 14776 | BB126: 0 | BC126: 163346 | BD126: 32131.88 | BE126: 99354 | BF126: 0 | BG126: 598350.31 | BH126: 1485749.6 | BI126: 24524 | BJ126: 26387.69 | BK126: 20941 | BL126: 71852.69 | BM126: 96198 | BN126: 107794.08 | BO126: 671123.66
A127: Visual Arts | B127: 18 | J127: 945843 | K127: 338491 | L127: 975512.72 | M127: 2252309.9 | O127: 1248965.6 | P127: 374099.84 | Q127: 65336.18 | R127: 53727.06 | S127: 35778.01 | T127: 48652.02 | U127: 48675.32 | V127: 0 | W127: 0 | X127: 45118.86 | Y127: 671387.29 | Z127: 87413.67 | AA127: 250759.5 | AB127: 2438.34 | AC127: 38571.82 | AD127: 0 | AE127: 7020.18 | AF127: 654 | AG127: 43818.6 | AH127: 54333.17 | AI127: 121678.96 | AJ127: 127922.28 | AK127: 1211041.8 | AL127: 73073.1 | AM127: 0 | AN127: 1284114.9 | AO127: 242131.52 | AP127: 99997.65 | AQ127: 344350.4 | AR127: 0 | AS127: 172349 | AT127: 8964.63 | AU127: 0 | AV127: 423445.15 | AW127: 17250 | AX127: 0 | AY127: 0 | AZ127: 168577.29 | BA127: 5059.56 | BB127: 58287.07 | BC127: 0 | BD127: 55931.26 | BE127: 200744.61 | BF127: 48743.17 | BG127: 186907.22 | BH127: 741500.18 | BI127: 19804.09 | BJ127: 6201.95 | BK127: 91720.26 | BL127: 117726.3 | BM127: 69152.32 | BN127: 38751.52 | BO127: 322946.24
A128: Combined | B128: 23 | J128: 2469286 | K128: 1559042 | L128: 3173418.5 | M128: 9978738.2 | O128: 5750042.4 | P128: 388974.69 | Q128: 452996.77 | R128: 739486.34 | S128: 129428.94 | T128: 138270.99 | U128: 298985.95 | V128: 0 | W128: 0 | X128: 238227.8 | Y128: 2386371.5 | Z128: 1299320.3 | AA128: 8623881.5 | AB128: 15340.25 | AC128: 904798.15 | AD128: 21697.8 | AE128: 244446.67 | AF128: 208418.68 | AG128: 121001.4 | AH128: 302007.88 | AI128: 310806.51 | AJ128: 1389505.6 | AK128: 3869572 | AL128: 254379.92 | AM128: 0 | AN128: 4122852.3 | AO128: 293775.39 | AP128: 1357408.9 | AQ128: 1296062 | AR128: 15245 | AS128: 764399.35 | AT128: 167169 | AU128: 0 | AV128: 1240588.7 | AW128: 8350261.7 | AX128: 6747 | AY128: 0 | AZ128: 5100 | BA128: 48389.43 | BB128: 2170.45 | BC128: 1873518.9 | BD128: 589167.62 | BE128: 585754.11 | BF128: 0 | BG128: 820936.61 | BH128: 12282046 | BI128: 616555.97 | BJ128: 95742.1 | BK128: 444390 | BL128: 1156688.1 | BM128: 0 | BN128: 20000 | BO128: 3393319.9
A129: Music | B129: 14 | J129: 2225681 | K129: 897082 | L129: 2455993 | M129: 6082771.5 | O129: 2468728.5 | P129: 192475 | Q129: 47116.4 | R129: 190038 | S129: 38484.85 | T129: 35047.14 | U129: 39420.53 | V129: 0 | W129: 0 | X129: 66088.9 | Y129: 608670.82 | Z129: 314501.89 | AA129: 3255609.5 | AB129: 9184.19 | AC129: 322433.29 | AD129: 3235 | AE129: 48739.82 | AF129: 254933.77 | AG129: 25474.74 | AH129: 390569.95 | AI129: 884089.27 | AJ129: 878980.66 | AK129: 3037929 | AL129: 95226 | AM129: 0 | AN129: 3133155 | AO129: 224479.93 | AP129: 1584715 | AQ129: 463410.36 | AR129: 112585 | AS129: 85210.06 | AT129: 14945.47 | AU129: 0 | AV129: 437220.46 | AW129: 593724.48 | AX129: 50511 | AY129: 123123 | AZ129: 121032.67 | BA129: 2054.87 | BB129: 0 | BC129: 46508 | BD129: 76109 | BE129: 1219744.6 | BF129: 5537 | BG129: 225099.35 | BH129: 2463443.9 | BI129: 320646.7 | BJ129: 136428.64 | BK129: 495190 | BL129: 952265.34 | BM129: 0 | BN129: 319984 | BO129: 1670686.2
A130: Dance | B130: 5 | J130: 216599 | K130: 124454 | L130: 240603 | M130: 401563.46 | O130: 224144.98 | P130: 34377.8 | Q130: 8113.33 | R130: 2745.69 | S130: 5742.64 | T130: 3803.13 | U130: 14350.71 | V130: 0 | W130: 0 | X130: 7442.8 | Y130: 76576.1 | Z130: 37447.14 | AA130: 171351.35 | AB130: 110 | AC130: 14825.54 | AD130: 970 | AE130: 2485.7 | AF130: 14111.02 | AG130: 1931 | AH130: 32970.62 | AI130: 16500.65 | AJ130: 44405.1 | AK130: 341050 | AL130: 43331 | AM130: 0 | AN130: 384381 | AO130: 21212.6 | AP130: 5353 | AQ130: 58105 | AR130: 0 | AS130: 4512 | AT130: 3821.53 | AU130: 0 | AV130: 29546.13 | AW130: 8952.42 | AX130: 1912 | AY130: 5011 | AZ130: 3100 | BA130: 0 | BB130: 0 | BC130: 0 | BD130: 12348 | BE130: 65377.42 | BF130: 0 | BG130: 15103.76 | BH130: 111804.6 | BI130: 0 | BJ130: 5321.38 | BK130: 17736 | BL130: 23057.38 | BM130: 0 | BN130: 0 | BO130: 120319.56
A131: Literature | B131: 4 | J131: 199899 | K131: 126850 | L131: 216646 | M131: 613209.65 | O131: 436911.7 | P131: 41259.02 | Q131: 15909.8 | R131: 12648 | S131: 12108.95 | T131: 39946.79 | U131: 14773.87 | V131: 0 | W131: 0 | X131: 6877.71 | Y131: 143524.14 | Z131: 50898.97 | AA131: 339798.72 | AB131: 3163.95 | AC131: 18874.08 | AD131: 0 | AE131: 6735.9 | AF131: 9617.2 | AG131: 190 | AH131: 65506.25 | AI131: 40215 | AJ131: 15162.7 | AK131: 326746 | AL131: 4800 | AM131: 0 | AN131: 302546 | AO131: 259759.33 | AP131: 37230 | AQ131: 33053 | AR131: 0 | AS131: 95771 | AT131: 83252.1 | AU131: 0 | AV131: 438782.43 | AW131: 17633.65 | AX131: 0 | AY131: 0 | AZ131: 0 | BA131: 25608.21 | BB131: 0 | BC131: 4206 | BD131: 3870 | BE131: 72881.8 | BF131: 39419 | BG131: 60877.54 | BH131: 224496.2 | BI131: 40609.57 | BJ131: 11834.15 | BK131: 2500 | BL131: 54943.72 | BM131: 0 | BN131: 0 | BO131: 141657.77
A132: Circus/Street Theatre/Carnival | B132: 4 | J132: 260414 | K132: 153108 | L132: 299980 | M132: 555890 | O132: 358035 | P132: 20245.05 | Q132: 14311 | R132: 30192 | S132: 7566.58 | T132: 8311 | U132: 18168 | V132: 0 | W132: 0 | X132: 17886.09 | Y132: 116679.72 | Z132: 117613.17 | AA132: 689454 | AB132: 557 | AC132: 23024 | AD132: 0 | AE132: 484 | AF132: 7552 | AG132: 2899 | AH132: 25159.53 | AI132: 24045 | AJ132: 78861 | AK132: 420032 | AL132: 55255 | AM132: 0 | AN132: 475287 | AO132: 0 | AP132: 32140 | AQ132: 130297.5 | AR132: 0 | AS132: 38541 | AT132: 0 | AU132: 0 | AV132: 38541 | AW132: 3642 | AX132: 41843.5 | AY132: 0 | AZ132: 6047 | BA132: 0 | BB132: 0 | BC132: 0 | BD132: 3860 | BE132: 398717 | BF132: 2422 | BG132: 631 | BH132: 457162.5 | BI132: 45033 | BJ132: 116814 | BK132: 91311 | BL132: 253158 | BM132: 0 | BN132: 22000 | BO132: 225573.7
A133: Small | B133: 42 | J133: 1403882 | K133: 691631 | L133: 1554154.5 | M133: 2773914.1 | O133: 1319578.9 | P133: 370194.02 | Q133: 37389.23 | R133: 18526.9 | S133: 41129.86 | T133: 63539.43 | U133: 72610.55 | V133: 0 | W133: 0 | X133: 90644.42 | Y133: 694034.41 | Z133: 189584.18 | AA133: 1209224.5 | AB133: 23893.6 | AC133: 95725.93 | AD133: 15072 | AE133: 34327.35 | AF133: 127153.77 | AG133: 32547.63 | AH133: 264415.93 | AI133: 197697.83 | AJ133: 269411.9 | AK133: 1914387.2 | AL133: 189530.32 | AM133: 0 | AN133: 2074917.6 | AO133: 197533.89 | AP133: 185506.1 | AQ133: 338628.47 | AR133: 0 | AS133: 105529.5 | AT133: 52451.81 | AU133: 0 | AV133: 355515.2 | AW133: 263978.3 | AX133: 82792.63 | AY133: 15994.54 | AZ133: 240659.13 | BA133: 24789.81 | BB133: 56832.07 | BC133: 369 | BD133: 67077.26 | BE133: 296868.68 | BF133: 12820 | BG133: 121731.04 | BH133: 1183912.5 | BI133: 75863.27 | BJ133: 49767.95 | BK133: 337446.7 | BL133: 463077.92 | BM133: 237945.5 | BN133: 228693.91 | BO133: 829252.59
A134: Medium | B134: 41 | J134: 3217006 | K134: 1732063 | L134: 3436184.9 | M134: 8605259.6 | O134: 5754027.5 | P134: 733268.09 | Q134: 250521.42 | R134: 274531.22 | S134: 116786.31 | T134: 148930.11 | U134: 254328.8 | V134: 0 | W134: 0 | X134: 166402.72 | Y134: 1944768.7 | Z134: 631826.65 | AA134: 4358425.9 | AB134: 24928.35 | AC134: 489619.74 | AD134: 3448.8 | AE134: 59655.83 | AF134: 182725.04 | AG134: 84831.25 | AH134: 701557.41 | AI134: 761074.65 | AJ134: 1138391.5 | AK134: 4931722.5 | AL134: 354416.42 | AM134: 0 | AN134: 5285039.4 | AO134: 1494124.6 | AP134: 1691289.6 | AQ134: 1205102.2 | AR134: 51869 | AS134: 1016167.1 | AT134: 326920.05 | AU134: 0 | AV134: 2889080.7 | AW134: 984871.1 | AX134: 291678.83 | AY134: 294291.92 | AZ134: 134211.27 | BA134: 22800.83 | BB134: 2306 | BC134: 476440 | BD134: 415064.88 | BE134: 906988.75 | BF134: 82984.17 | BG134: 771225.01 | BH134: 4382862.8 | BI134: 285702.09 | BJ134: 223929.68 | BK134: 763711.67 | BL134: 1273343.4 | BM134: 4631.82 | BN134: 75205.69 | BO134: 2644639.8
A135: Large | B135: 10 | J135: 3327462 | K135: 1728516 | L135: 4250510 | M135: 12992489 | O135: 6573600.8 | P135: 176800.01 | Q135: 447475.35 | R135: 924525.44 | S135: 128850.44 | T135: 130633.75 | U135: 254759.78 | V135: 0 | W135: 0 | X135: 255814.5 | Y135: 2318859.3 | Z135: 1524087.6 | AA135: 10296043 | AB135: 3640.9 | AC135: 1038840.7 | AD135: 17290 | AE135: 484808.35 | AF135: 234318.68 | AG135: 106532.29 | AH135: 252602.15 | AI135: 852599.25 | AJ135: 1650539.9 | AK135: 4937980 | AL135: 187244.5 | AM135: 0 | AN135: 5125224.5 | AO135: 69478.39 | AP135: 1915509 | AQ135: 1237461 | AR135: 112585 | AS135: 339707 | AT135: 16375 | AU135: 0 | AV135: 538145.39 | AW135: 9190471.5 | AX135: 32864 | AY135: 44000 | AZ135: 4830 | BA135: 48297.43 | BB135: 1319.45 | BC135: 2080769.9 | BD135: 297275.62 | BE135: 1502905.1 | BF135: 317 | BG135: 1047057.3 | BH135: 14250107 | BI135: 776097.97 | BJ135: 134363.74 | BK135: 455587 | BL135: 1366048.7 | BM135: 0 | BN135: 274984 | BO135: 4039501.1

Sheet 2017F
A109: All Organisations | B109: 107 | O109: 15542635 | P109: 1381856 | Q109: 807006.83 | R109: 1137741.4 | S109: 292771.26 | T109: 371670.78 | U109: 1086646.1 | V109: 0 | W109: 0 | X109: 528311.51 | Y109: 5606003.8 | Z109: 2239788.8 | AA109: 16577327 | AB109: 221624.31 | AC109: 1728293.4 | AD109: 49802.99 | AE109: 596056.9 | AF109: 559399.44 | AG109: 297989.1 | AH109: 1214909.4 | AI109: 1888332.2 | AJ109: 3781140.9 | AK109: 12821550 | AL109: 0 | AM109: 1334179.3 | AN109: 14155729 | AO109: 1783254.8 | AP109: 3549870.9 | AQ109: 3463262.4 | AR109: 96293.37 | AS109: 820436.69 | AT109: 923579.8 | AU109: 357695.39 | AV109: 3623564.7 | AW109: 10768887 | AX109: 243551.1 | AY109: 216836.72 | AZ109: 467448.56 | BA109: 97932.49 | BB109: 65182.54 | BC109: 2429349.8 | BD109: 783629.23 | BE109: 2654937 | BF109: 127028.65 | BG109: 2804213.8 | BH109: 20607091 | BI109: 1251139 | BJ109: 548538.04 | BK109: 1985172.9 | BL109: 3748005.9 | BM109: 142563.3 | BN109: 1643028.4 | BO109: 8401312.4
A110: Drama | B110: 16 | O110: 2182072.7 | P110: 132292.5 | Q110: 91528.33 | R110: 169009.49 | S110: 30239.15 | T110: 37058.84 | U110: 512140.62 | V110: 0 | W110: 0 | X110: 91611.75 | Y110: 1063880.7 | Z110: 152426.22 | AA110: 1426511.3 | AB110: 134099.46 | AC110: 171348.71 | AD110: 17898.99 | AE110: 136731.82 | AF110: 19452.21 | AG110: 24669.41 | AH110: 332187.56 | AI110: 346339.93 | AJ110: 458698.34 | AK110: 2117500 | AL110: 0 | AM110: 207356.8 | AN110: 2324856.8 | AO110: 18409.18 | AP110: 171148 | AQ110: 444875 | AR110: 0 | AS110: 37437 | AT110: 255309.3 | AU110: 9096 | AV110: 311155.48 | AW110: 1046470.9 | AX110: 107334.9 | AY110: 159442.5 | AZ110: 30241.8 | BA110: 5031.37 | BB110: 0 | BC110: 336500 | BD110: 45907.4 | BE110: 83047.7 | BF110: 8435 | BG110: 542664.48 | BH110: 2365076.3 | BI110: 140814.6 | BJ110: 36075.96 | BK110: 311002.3 | BL110: 481701.5 | BM110: 0 | BN110: 0 | BO110: 1256711.8
A111: Traditional Arts | B111: 13 | O111: 1536224.8 | P111: 100645.79 | Q111: 67490 | R111: 78262.53 | S111: 29574.17 | T111: 43785.05 | U111: 104428.68 | V111: 0 | W111: 0 | X111: 65569.09 | Y111: 489755.31 | Z111: 156715.6 | AA111: 853203.3 | AB111: 30709.35 | AC111: 129786.7 | AD111: 2921 | AE111: 86920.14 | AF111: 39580.8 | AG111: 3629 | AH111: 82602.77 | AI111: 80332.58 | AJ111: 241302.39 | AK111: 581395.8 | AL111: 0 | AM111: 55719 | AN111: 637114.8 | AO111: 577150 | AP111: 499369.9 | AQ111: 284875.5 | AR111: 87500 | AS111: 404151.39 | AT111: 47364 | AU111: 38215.9 | AV111: 1116165.4 | AW111: 356862.82 | AX111: 34723 | AY111: 0 | AZ111: 62802.8 | BA111: 19630 | BB111: 56 | BC111: 126925.1 | BD111: 24623.9 | BE111: 110030.4 | BF111: 0 | BG111: 449587.69 | BH111: 1146195.9 | BI111: 41923.6 | BJ111: 25414.72 | BK111: 87981.4 | BL111: 150819.72 | BM111: 32252.3 | BN111: 1200 | BO111: 604800.25
A112: Visual Arts | B112: 21 | O112: 1406622.1 | P112: 383441.8 | Q112: 69783.11 | R112: 57753.28 | S112: 41348.85 | T112: 58279.01 | U112: 63830.98 | V112: 0 | W112: 0 | X112: 44406.12 | Y112: 718843.15 | Z112: 94195.1 | AA112: 315333.24 | AB112: 2062.4 | AC112: 70367.87 | AD112: 500 | AE112: 7897.48 | AF112: 1131 | AG112: 39697.9 | AH112: 47902.08 | AI112: 173033.69 | AJ112: 121404.7 | AK112: 1380062.7 | AL112: 0 | AM112: 61286.59 | AN112: 1441349.3 | AO112: 200469 | AP112: 57790 | AQ112: 314757.29 | AR112: 7749.37 | AS112: 13109.5 | AT112: 56651 | AU112: 10203.5 | AV112: 277978.87 | AW112: 341.3 | AX112: 0 | AY112: 0 | AZ112: 184206.96 | BA112: 20321.96 | BB112: 57620.35 | BC112: 0 | BD112: 67303.24 | BE112: 225806.29 | BF112: 26953.05 | BG112: 148909.15 | BH112: 717914.23 | BI112: 16113.87 | BJ112: 7198.51 | BK112: 56390.23 | BL112: 79702.6 | BM112: 38567 | BN112: 53642.41 | BO112: 313659.66
A113: Combined | B113: 29 | O113: 6447294.9 | P113: 452967.66 | Q113: 487297.64 | R113: 709110.17 | S113: 127311.62 | T113: 141784.3 | U113: 310282.25 | V113: 0 | W113: 0 | X113: 226597.8 | Y113: 2455351.4 | Z113: 1402566.6 | AA113: 9191868.6 | AB113: 11680.18 | AC113: 935788.58 | AD113: 26363 | AE113: 301061.57 | AF113: 181898.58 | AG113: 124028.18 | AH113: 270521.1 | AI113: 384282.88 | AJ113: 1619079.2 | AK113: 4768876 | AL113: 0 | AM113: 428053 | AN113: 5196929 | AO113: 311184 | AP113: 1567063.1 | AQ113: 1749951.1 | AR113: 0 | AS113: 114260.8 | AT113: 211638 | AU113: 187596.29 | AV113: 637082.8 | AW113: 8613287.2 | AX113: 6001 | AY113: 0 | AZ113: 56707 | BA113: 26596 | BB113: 6679.5 | BC113: 1835194.9 | BD113: 549413.1 | BE113: 701616.25 | BF113: 47653.8 | BG113: 757956.59 | BH113: 12573510 | BI113: 643757.55 | BJ113: 154276.58 | BK113: 726810.5 | BL113: 1493438.9 | BM113: 16624 | BN113: 732065 | BO113: 3755299.8
A114: Music | B114: 15 | O114: 2871943.4 | P114: 213899.4 | Q114: 53338.97 | R114: 71208.52 | S114: 43332.49 | T114: 54369.62 | U114: 62171.51 | V114: 0 | W114: 0 | X114: 66906.59 | Y114: 565227.1 | Z114: 311028.51 | AA114: 3515466.6 | AB114: 17262.72 | AC114: 360329.36 | AD114: 1280 | AE114: 52000.59 | AF114: 272044.32 | AG114: 81488.13 | AH114: 340299.75 | AI114: 852227.84 | AJ114: 1166062.6 | AK114: 2923469 | AL114: 0 | AM114: 543605 | AN114: 3467074 | AO114: 385017.6 | AP114: 1146749.9 | AQ114: 429919.1 | AR114: 0 | AS114: 50260 | AT114: 161532.7 | AU114: 91000.7 | AV114: 596810.3 | AW114: 720890.4 | AX114: 49954.7 | AY114: 55833.62 | AZ114: 122423 | BA114: 4684.77 | BB114: 0 | BC114: 126584 | BD114: 75737 | BE114: 1219194.5 | BF114: 2369 | BG114: 688545.67 | BH114: 3094499.7 | BI114: 373480.38 | BJ114: 132908.09 | BK114: 562969.8 | BL114: 1069358.3 | BM114: 55120 | BN114: 675121 | BO114: 1969422.3
A115: Dance | B115: 5 | O115: 244537.7 | P115: 37954.43 | Q115: 7914.05 | R115: 2388.34 | S115: 5122.3 | T115: 3286.5 | U115: 11889.24 | V115: 0 | W115: 0 | X115: 7126.52 | Y115: 75681.38 | Z115: 26178.99 | AA115: 173329.11 | AB115: 1341 | AC115: 12974.53 | AD115: 840 | AE115: 637.07 | AF115: 26334.53 | AG115: 525.8 | AH115: 37465.94 | AI115: 8073.03 | AJ115: 58535.85 | AK115: 332617.2 | AL115: 0 | AM115: 24823 | AN115: 357440.2 | AO115: 2440.24 | AP115: 1015 | AQ115: 51555.78 | AR115: 0 | AS115: 0 | AT115: 19039 | AU115: 3960 | AV115: 21479.24 | AW115: 7217.62 | AX115: 6800 | AY115: 1560.6 | AZ115: 3522 | BA115: 0 | BB115: 0 | BC115: 0 | BD115: 11232.59 | BE115: 29344.7 | BF115: 481 | BG115: 13181.64 | BH115: 73340 | BI115: 0 | BJ115: 7881.18 | BK115: 83149 | BL115: 96283.2 | BM115: 0 | BN115: 0 | BO115: 125524.65
A116: Literature | B116: 4 | O116: 418376 | P116: 30518.73 | Q116: 15207.86 | R116: 13033.3 | S116: 9321.18 | T116: 26291.13 | U116: 8505.73 | V116: 0 | W116: 0 | X116: 6737.12 | Y116: 109615.05 | Z116: 53248.74 | AA116: 370111 | AB116: 24281.2 | AC116: 27728.1 | AD116: 0 | AE116: 10422.23 | AF116: 12621 | AG116: 5514 | AH116: 90860.36 | AI116: 32324.2 | AJ116: 36860.7 | AK116: 309495 | AL116: 0 | AM116: 400 | AN116: 309895 | AO116: 288584.8 | AP116: 5000 | AQ116: 30535 | AR116: 0 | AS116: 201218 | AT116: 172045.8 | AU116: 17623 | AV116: 661848.6 | AW116: 16954 | AX116: 0 | AY116: 0 | AZ116: 0 | BA116: 21668.39 | BB116: 826.69 | BC116: 4145.75 | BD116: 4800 | BE116: 63901.5 | BF116: 31650.8 | BG116: 33745.63 | BH116: 177693 | BI116: 14549 | BJ116: 14765 | BK116: 4000 | BL116: 33314 | BM116: 0 | BN116: 181000 | BO116: 221187.23
A117: Circus/Street Theatre/Carnival | B117: 4 | O117: 435563 | P117: 30135.67 | Q117: 14446.87 | R117: 36975.8 | S117: 6521.5 | T117: 6816.33 | U117: 13397.04 | V117: 0 | W117: 0 | X117: 19356.52 | Y117: 127649.73 | Z117: 43429.1 | AA117: 731504 | AB117: 188 | AC117: 19969.54 | AD117: 0 | AE117: 386 | AF117: 6337 | AG117: 18436.68 | AH117: 13069.79 | AI117: 11718.08 | AJ117: 79197.1 | AK117: 408134.3 | AL117: 0 | AM117: 12935.95 | AN117: 421070.25 | AO117: 0 | AP117: 101735 | AQ117: 156793.6 | AR117: 1044 | AS117: 0 | AT117: 0 | AU117: 0 | AV117: 1044 | AW117: 6863 | AX117: 38737.5 | AY117: 0 | AZ117: 7545 | BA117: 0 | BB117: 0 | BC117: 0 | BD117: 4612 | BE117: 221995.7 | BF117: 9486 | BG117: 169623 | BH117: 458862.5 | BI117: 20500 | BJ117: 170018 | BK117: 152869.7 | BL117: 343387.7 | BM117: 0 | BN117: 0 | BO117: 154706.67
A118: Small | B118: 50 | O118: 1900890.8 | P118: 393415.02 | Q118: 54826.59 | R118: 41460.55 | S118: 56500.56 | T118: 77177.11 | U118: 107630.6 | V118: 0 | W118: 0 | X118: 101285.82 | Y118: 832296.25 | Z118: 203200.65 | AA118: 1299212.5 | AB118: 38327.65 | AC118: 144276.14 | AD118: 19056.43 | AE118: 46369.45 | AF118: 156059.57 | AG118: 62626.41 | AH118: 231825.68 | AI118: 214237.57 | AJ118: 352368.98 | AK118: 2514514.8 | AL118: 0 | AM118: 230130.29 | AN118: 2744645.1 | AO118: 39399.8 | AP118: 167143.29 | AQ118: 517737.67 | AR118: 7749.37 | AS118: 29544.5 | AT118: 136951.6 | AU118: 121355.7 | AV118: 213645.27 | AW118: 248961.72 | AX118: 85178.5 | AY118: 3482.6 | AZ118: 231831.06 | BA118: 44265.55 | BB118: 56461.85 | BC118: 11193.38 | BD118: 75057.08 | BE118: 229935.94 | BF118: 23359 | BG118: 125225.22 | BH118: 1084500.4 | BI118: 150801.98 | BJ118: 81999.95 | BK118: 327800.33 | BL118: 531257.8 | BM118: 125939.3 | BN118: 51734 | BO118: 953775.25
A119: Medium | B119: 46 | O119: 6614990.8 | P119: 807710.76 | Q119: 288828.08 | R119: 327168.84 | S119: 131393.3 | T119: 147778.55 | U119: 258614.99 | V119: 0 | W119: 0 | X119: 163278.48 | Y119: 2124773 | Z119: 710531 | AA119: 4636183.6 | AB119: 178703.54 | AC119: 468797.95 | AD119: 9382.16 | AE119: 205612.15 | AF119: 133762.72 | AG119: 90073.18 | AH119: 676708.22 | AI119: 619508.71 | AJ119: 1525003.2 | AK119: 4825964.2 | AL119: 0 | AM119: 380286.25 | AN119: 5206250.5 | AO119: 1601824.4 | AP119: 1993087.7 | AQ119: 1402191.7 | AR119: 1044 | AS119: 478729.19 | AT119: 601437.5 | AU119: 219585.69 | AV119: 2683035.1 | AW119: 935002.14 | AX119: 120929.9 | AY119: 204817.5 | AZ119: 230695.5 | BA119: 18549.8 | BB119: 4972.69 | BC119: 514234.47 | BD119: 429082.65 | BE119: 915761.18 | BF119: 103164.65 | BG119: 1116558.8 | BH119: 4561845.9 | BI119: 383626.72 | BJ119: 333221.62 | BK119: 1328301.4 | BL119: 2037649.9 | BM119: 2610 | BN119: 917673.41 | BO119: 3396013.5
A120: Large | B120: 11 | O120: 7026753 | P120: 180730.2 | Q120: 463352.16 | R120: 769112.04 | S120: 104877.4 | T120: 146715.12 | U120: 720400.46 | V120: 0 | W120: 0 | X120: 263747.21 | Y120: 2648934.6 | Z120: 1326057.2 | AA120: 10641931 | AB120: 4593.12 | AC120: 1115219.3 | AD120: 21364.4 | AE120: 344075.3 | AF120: 269577.15 | AG120: 145289.51 | AH120: 306375.45 | AI120: 1054585.9 | AJ120: 1903768.7 | AK120: 5481071 | AL120: 0 | AM120: 723762.8 | AN120: 6204833.8 | AO120: 142030.6 | AP120: 1389639.9 | AQ120: 1543333 | AR120: 87500 | AS120: 312163 | AT120: 185190.7 | AU120: 16754 | AV120: 726884.3 | AW120: 9584923.4 | AX120: 37442.7 | AY120: 8536.62 | AZ120: 4922 | BA120: 35117.14 | BB120: 3748 | BC120: 1903921.9 | BD120: 279489.5 | BE120: 1509239.9 | BF120: 505 | BG120: 1562429.9 | BH120: 14960745 | BI120: 716710.3 | BJ120: 133316.47 | BK120: 329071.2 | BL120: 1179098.1 | BM120: 14014 | BN120: 673621 | BO120: 4051523.7
A123: Constant Sample
A124: All Organisations | B124: 93 | O124: 14341632 | P124: 1287766.7 | Q124: 778829.23 | R124: 1084840.6 | S124: 273543.42 | T124: 344783.99 | U124: 1047681.9 | V124: 0 | W124: 0 | X124: 515363.2 | Y124: 5332809 | Z124: 1990391.8 | AA124: 16133370 | AB124: 219573.13 | AC124: 1687770.8 | AD124: 40144.4 | AE124: 585961.05 | AF124: 529693.94 | AG124: 287121.14 | AH124: 1188672.2 | AI124: 1751573.4 | AJ124: 3156514 | AK124: 11631243 | AL124: 0 | AM124: 1276382.3 | AN124: 12907625 | AO124: 1506276.8 | AP124: 3460555.2 | AQ124: 3120945.2 | AR124: 96293.37 | AS124: 819195.69 | AT124: 772932 | AU124: 300612.1 | AV124: 3194697.9 | AW124: 10650814 | AX124: 238770.1 | AY124: 216836.72 | AZ124: 386106.76 | BA124: 97932.49 | BB124: 64182.54 | BC124: 2429349.8 | BD124: 782829.23 | BE124: 2448333 | BF124: 123843.65 | BG124: 2785338.8 | BH124: 20172431 | BI124: 1072733.1 | BJ124: 534880.04 | BK124: 1782730.8 | BL124: 3359690.9 | BM124: 124179.3 | BN124: 1634414.4 | BO124: 7468377.7
A125: Drama | B125: 12 | O125: 1863675.5 | P125: 121842.5 | Q125: 74427.93 | R125: 140992.69 | S125: 27384.07 | T125: 27187.73 | U125: 506232.66 | V125: 0 | W125: 0 | X125: 88338.44 | Y125: 986406.02 | Z125: 125282.89 | AA125: 1301138.9 | AB125: 133662.28 | AC125: 166029.01 | AD125: 8240.4 | AE125: 135342 | AF125: 17539.01 | AG125: 22209.88 | AH125: 317541.65 | AI125: 316284.59 | AJ125: 353502.04 | AK125: 1877558 | AL125: 0 | AM125: 188474.8 | AN125: 2066032.8 | AO125: 18409.18 | AP125: 171148 | AQ125: 346988 | AR125: 0 | AS125: 36196 | AT125: 151356.5 | AU125: 9096 | AV125: 205961.68 | AW125: 972802.07 | AX125: 102553.9 | AY125: 159442.5 | AZ125: 0 | BA125: 5031.37 | BB125: 0 | BC125: 336500 | BD125: 45907.4 | BE125: 82807.7 | BF125: 5250 | BG125: 540317.47 | BH125: 2250612.7 | BI125: 53628.3 | BJ125: 31075.96 | BK125: 276421.2 | BL125: 361125.5 | BM125: 0 | BN125: 0 | BO125: 1095781.1
A126: Traditional Arts | B126: 13 | O126: 1536224.8 | P126: 100645.79 | Q126: 67490 | R126: 78262.53 | S126: 29574.17 | T126: 43785.05 | U126: 104428.68 | V126: 0 | W126: 0 | X126: 65569.09 | Y126: 489755.31 | Z126: 156715.6 | AA126: 853203.3 | AB126: 30709.35 | AC126: 129786.7 | AD126: 2921 | AE126: 86920.14 | AF126: 39580.8 | AG126: 3629 | AH126: 82602.77 | AI126: 80332.58 | AJ126: 241302.39 | AK126: 581395.8 | AL126: 0 | AM126: 55719 | AN126: 637114.8 | AO126: 577150 | AP126: 499369.9 | AQ126: 284875.5 | AR126: 87500 | AS126: 404151.39 | AT126: 47364 | AU126: 38215.9 | AV126: 1116165.4 | AW126: 356862.82 | AX126: 34723 | AY126: 0 | AZ126: 62802.8 | BA126: 19630 | BB126: 56 | BC126: 126925.1 | BD126: 24623.9 | BE126: 110030.4 | BF126: 0 | BG126: 449587.69 | BH126: 1146195.9 | BI126: 41923.6 | BJ126: 25414.72 | BK126: 87981.4 | BL126: 150819.72 | BM126: 32252.3 | BN126: 1200 | BO126: 604800.25
A127: Visual Arts | B127: 18 | O127: 1305252.1 | P127: 378544.2 | Q127: 67448.71 | R127: 54047.28 | S127: 39295.85 | T127: 57470.01 | U127: 57694.98 | V127: 0 | W127: 0 | X127: 42070.12 | Y127: 696571.15 | Z127: 69896.1 | AA127: 300592.24 | AB127: 2062.4 | AC127: 65717.87 | AD127: 500 | AE127: 7801.48 | AF127: 848 | AG127: 39133.9 | AH127: 47682.08 | AI127: 146836.69 | AJ127: 111716.7 | AK127: 1274337.7 | AL127: 0 | AM127: 61286.59 | AN127: 1335624.3 | AO127: 200469 | AP127: 56010 | AQ127: 309761.29 | AR127: 7749.37 | AS127: 13109.5 | AT127: 23956 | AU127: 10203.5 | AV127: 245283.87 | AW127: 341.3 | AX127: 0 | AY127: 0 | AZ127: 182556.96 | BA127: 20321.96 | BB127: 57620.35 | BC127: 0 | BD127: 67303.24 | BE127: 189987.29 | BF127: 26953.05 | BG127: 148909.15 | BH127: 680445.23 | BI127: 12613.87 | BJ127: 2198.51 | BK127: 50887.23 | BL127: 65699.6 | BM127: 20183 | BN127: 45028.41 | BO127: 278792.66
A128: Combined | B128: 23 | O128: 5887738.8 | P128: 387713.98 | Q128: 482367.84 | R128: 700719.17 | S128: 115511.86 | T128: 127737.62 | U128: 292144.02 | V128: 0 | W128: 0 | X128: 221491.8 | Y128: 2327686.3 | Z128: 1241388.8 | AA128: 8904260.2 | AB128: 10933.18 | AC128: 906286.64 | AD128: 26363 | AE128: 292451.54 | AF128: 154389.28 | AG128: 116183.75 | AH128: 259895.87 | AI128: 308151.38 | AJ128: 1117470.6 | AK128: 3947030 | AL128: 0 | AM128: 393638 | AN128: 4340668 | AO128: 311184 | AP128: 1479527.4 | AQ128: 1510516.9 | AR128: 0 | AS128: 114260.8 | AT128: 197638 | AU128: 145308 | AV128: 623082.8 | AW128: 8568882.5 | AX128: 6001 | AY128: 0 | AZ128: 7257 | BA128: 26596 | BB128: 5679.5 | BC128: 1835194.9 | BD128: 548613.1 | BE128: 531071.23 | BF128: 47653.8 | BG128: 753201.59 | BH128: 12302555 | BI128: 556038 | BJ128: 150618.58 | BK128: 564452.5 | BL128: 1239702.9 | BM128: 16624 | BN128: 732065 | BO128: 3064686.8
A129: Music | B129: 14 | O129: 2650264.4 | P129: 200411.4 | Q129: 49525.97 | R129: 58421.52 | S129: 40812.49 | T129: 52209.62 | U129: 53389.51 | V129: 0 | W129: 0 | X129: 64673.59 | Y129: 519444.1 | Z129: 274251.51 | AA129: 3499231.6 | AB129: 16395.72 | AC129: 359278.36 | AD129: 1280 | AE129: 52000.59 | AF129: 272044.32 | AG129: 81488.13 | AH129: 339553.75 | AI129: 847852.84 | AJ129: 1157928.6 | AK129: 2900675 | AL129: 0 | AM129: 539105 | AN129: 3439780 | AO129: 108039.6 | AP129: 1146749.9 | AQ129: 429919.1 | AR129: 0 | AS129: 50260 | AT129: 161532.7 | AU129: 76205.7 | AV129: 319832.3 | AW129: 720890.4 | AX129: 49954.7 | AY129: 55833.62 | AZ129: 122423 | BA129: 4684.77 | BB129: 0 | BC129: 126584 | BD129: 75737 | BE129: 1219194.5 | BF129: 2369 | BG129: 676772.67 | BH129: 3082726.7 | BI129: 373480.38 | BJ129: 132908.09 | BK129: 562969.8 | BL129: 1069358.3 | BM129: 55120 | BN129: 675121 | BO129: 1922898.4
A130: Dance | B130: 5 | O130: 244537.7 | P130: 37954.43 | Q130: 7914.05 | R130: 2388.34 | S130: 5122.3 | T130: 3286.5 | U130: 11889.24 | V130: 0 | W130: 0 | X130: 7126.52 | Y130: 75681.38 | Z130: 26178.99 | AA130: 173329.11 | AB130: 1341 | AC130: 12974.53 | AD130: 840 | AE130: 637.07 | AF130: 26334.53 | AG130: 525.8 | AH130: 37465.94 | AI130: 8073.03 | AJ130: 58535.85 | AK130: 332617.2 | AL130: 0 | AM130: 24823 | AN130: 357440.2 | AO130: 2440.24 | AP130: 1015 | AQ130: 51555.78 | AR130: 0 | AS130: 0 | AT130: 19039 | AU130: 3960 | AV130: 21479.24 | AW130: 7217.62 | AX130: 6800 | AY130: 1560.6 | AZ130: 3522 | BA130: 0 | BB130: 0 | BC130: 0 | BD130: 11232.59 | BE130: 29344.7 | BF130: 481 | BG130: 13181.64 | BH130: 73340 | BI130: 0 | BJ130: 7881.18 | BK130: 83149 | BL130: 96283.2 | BM130: 0 | BN130: 0 | BO130: 125524.65
A131: Literature | B131: 4 | O131: 418376 | P131: 30518.73 | Q131: 15207.86 | R131: 13033.3 | S131: 9321.18 | T131: 26291.13 | U131: 8505.73 | V131: 0 | W131: 0 | X131: 6737.12 | Y131: 109615.05 | Z131: 53248.74 | AA131: 370111 | AB131: 24281.2 | AC131: 27728.1 | AD131: 0 | AE131: 10422.23 | AF131: 12621 | AG131: 5514 | AH131: 90860.36 | AI131: 32324.2 | AJ131: 36860.7 | AK131: 309495 | AL131: 0 | AM131: 400 | AN131: 309895 | AO131: 288584.8 | AP131: 5000 | AQ131: 30535 | AR131: 0 | AS131: 201218 | AT131: 172045.8 | AU131: 17623 | AV131: 661848.6 | AW131: 16954 | AX131: 0 | AY131: 0 | AZ131: 0 | BA131: 21668.39 | BB131: 826.69 | BC131: 4145.75 | BD131: 4800 | BE131: 63901.5 | BF131: 31650.8 | BG131: 33745.63 | BH131: 177693 | BI131: 14549 | BJ131: 14765 | BK131: 4000 | BL131: 33314 | BM131: 0 | BN131: 181000 | BO131: 221187.23
A132: Circus/Street Theatre/Carnival | B132: 4 | O132: 435563 | P132: 30135.67 | Q132: 14446.87 | R132: 36975.8 | S132: 6521.5 | T132: 6816.33 | U132: 13397.04 | V132: 0 | W132: 0 | X132: 19356.52 | Y132: 127649.73 | Z132: 43429.1 | AA132: 731504 | AB132: 188 | AC132: 19969.54 | AD132: 0 | AE132: 386 | AF132: 6337 | AG132: 18436.68 | AH132: 13069.79 | AI132: 11718.08 | AJ132: 79197.1 | AK132: 408134.3 | AL132: 0 | AM132: 12935.95 | AN132: 421070.25 | AO132: 0 | AP132: 101735 | AQ132: 156793.6 | AR132: 1044 | AS132: 0 | AT132: 0 | AU132: 0 | AV132: 1044 | AW132: 6863 | AX132: 38737.5 | AY132: 0 | AZ132: 7545 | BA132: 0 | BB132: 0 | BC132: 0 | BD132: 4612 | BE132: 221995.7 | BF132: 9486 | BG132: 169623 | BH132: 458862.5 | BI132: 20500 | BJ132: 170018 | BK132: 152869.7 | BL132: 343387.7 | BM132: 0 | BN132: 0 | BO132: 154706.67
A133: Small | B133: 42 | O133: 1550688.7 | P133: 373225.64 | Q133: 48047.48 | R133: 36938.55 | S133: 47733.61 | T133: 69464.63 | U133: 94506.64 | V133: 0 | W133: 0 | X133: 94631.51 | Y133: 764548.06 | Z133: 163421.82 | AA133: 1086726.1 | AB133: 37295.47 | AC133: 126776.4 | AD133: 18070 | AE133: 41383.63 | AF133: 145363.37 | AG133: 58102.88 | AH133: 212606.34 | AI133: 137592.33 | AJ133: 292226.18 | AK133: 2108807.8 | AL133: 0 | AM133: 221248.29 | AN133: 2330056.1 | AO133: 39399.8 | AP133: 154611.01 | AQ133: 344158.67 | AR133: 7749.37 | AS133: 28303.5 | AT133: 77698.8 | AU133: 82621.7 | AV133: 153151.47 | AW133: 187077.13 | AX133: 80397.5 | AY133: 3482.6 | AZ133: 227681.06 | BA133: 44265.55 | BB133: 55461.85 | BC133: 11193.38 | BD133: 74257.08 | BE133: 193876.94 | BF133: 20174 | BG133: 122878.21 | BH133: 970293.79 | BI133: 143301.98 | BJ133: 73341.95 | BK133: 304935.33 | BL133: 498425.8 | BM133: 107555.3 | BN133: 43120 | BO133: 823106.32
A134: Medium | B134: 40 | O134: 5764190.6 | P134: 733810.86 | Q134: 267429.59 | R134: 278790.04 | S134: 120932.41 | T134: 128604.24 | U134: 232774.76 | V134: 0 | W134: 0 | X134: 156984.48 | Y134: 1919326.4 | Z134: 500912.76 | AA134: 4404713.2 | AB134: 177684.54 | AC134: 445775.05 | AD134: 710 | AE134: 200502.12 | AF134: 114753.42 | AG134: 83728.75 | AH134: 669690.42 | AI134: 559395.11 | AJ134: 960519.13 | AK134: 4041364.2 | AL134: 0 | AM134: 331371.25 | AN134: 4372735.4 | AO134: 1324846.4 | AP134: 1916304.3 | AQ134: 1233453.5 | AR134: 1044 | AS134: 478729.19 | AT134: 510042.5 | AU134: 201236.4 | AV134: 2314662.1 | AW134: 878813.15 | AX134: 120929.9 | AY134: 204817.5 | AZ134: 153503.7 | BA134: 18549.8 | BB134: 4972.69 | BC134: 514234.47 | BD134: 429082.65 | BE134: 745216.16 | BF134: 103164.65 | BG134: 1100030.8 | BH134: 4241392.1 | BI134: 212720.87 | BJ134: 328221.62 | BK134: 1148724.3 | BL134: 1682166.9 | BM134: 2610 | BN134: 917673.41 | BO134: 2593747.7
A135: Large | B135: 11 | O135: 7026753 | P135: 180730.2 | Q135: 463352.16 | R135: 769112.04 | S135: 104877.4 | T135: 146715.12 | U135: 720400.46 | V135: 0 | W135: 0 | X135: 263747.21 | Y135: 2648934.6 | Z135: 1326057.2 | AA135: 10641931 | AB135: 4593.12 | AC135: 1115219.3 | AD135: 21364.4 | AE135: 344075.3 | AF135: 269577.15 | AG135: 145289.51 | AH135: 306375.45 | AI135: 1054585.9 | AJ135: 1903768.7 | AK135: 5481071 | AL135: 0 | AM135: 723762.8 | AN135: 6204833.8 | AO135: 142030.6 | AP135: 1389639.9 | AQ135: 1543333 | AR135: 87500 | AS135: 312163 | AT135: 185190.7 | AU135: 16754 | AV135: 726884.3 | AW135: 9584923.4 | AX135: 37442.7 | AY135: 8536.62 | AZ135: 4922 | BA135: 35117.14 | BB135: 3748 | BC135: 1903921.9 | BD135: 279489.5 | BE135: 1509239.9 | BF135: 505 | BG135: 1562429.9 | BH135: 14960745 | BI135: 716710.3 | BJ135: 133316.47 | BK135: 329071.2 | BL135: 1179098.1 | BM135: 14014 | BN135: 673621 | BO135: 4051523.7
A234: Name | B234: Finance Year | C234: ID | D234: Fund | E234: reference number | F234: Staff Person | G234: Type | H234: Status | I234: Organisation Size | J234: award | K234: Programming | L234: request | M234: cost | N234: artform | O234: Salaries | P234: CoreCosts| Rent and Rates |Total (£) | Q234: Light and Heat |Total (£) | R234: Maintenance and Security |Total (£) | S234: Telephone and Fax | T234: Printing, Postage and Stationery | U234: Financial Costs | V234: xTraining | W234: xResearch | X234: Insurance | Y234: Total Overheads | Z234: Other Core Costs | AA234: Artists' Costs | AB234: Volunteer Expenses | AC234: Publicity / Marketing / Promotion | AD234: Premium Costs | AE234: Catering, Merchandising | AF234: Venue Costs | AG234: Transportation | AH234: Travel, Accommodation, Subsistence | AI234: Equipment / Materials | AJ234: Other Programme | AK234: Annual Funding Programme (AFP) | AL234: xLottery Project Grants | AM234: Other non-Lottery Funding | AN234: Total ACNI Funding | AO234: An Chomhairle Ealaíon | AP234: NI Government departments or agencies | AQ234: NI Local authority funding | AR234: European funding programmes | AS234: Other UK public sources | AT234: Other RoI public sources | AU234: xOther Grant Sources | AV234: Total other | AW234: Box Office | AX234: Domestic Touring | AY234: International Touring | AZ234: Membership Fees | BA234: Publications (book and e-book sales) | BB234: Gallery Sales | BC234: Bar/Catering Sales | BD234: Rent from Tenants | BE234: Service Provision | BF234: Training | BG234: Other Earned Income | BH234: Total Earned Income | BI234: Sponsorship | BJ234: Donations | BK234: Trusts and Foundations | BL234: Total Trusts and Foundations | BM234: Capital| Arts Council of Northern Ireland | BN234: Capital Other

Sheet 2018F
A104: All Organisations | B104: 102 | J104: 8595223 | K104: 6238115.4 | L104: 4545446 | M104: 13140669 | O104: 15675662 | P104: 1387512.9 | Q104: 840837.52 | R104: 1217907 | S104: 270267.51 | T104: 365460.75 | U104: 1195044.8 | X104: 536535.49 | Y104: 5813566 | Z104: 2586514.5 | AA104: 18849199 | AB104: 88541.36 | AC104: 1598957.2 | AD104: 44782.65 | AE104: 690837.33 | AF104: 699813.16 | AG104: 286664.76 | AH104: 1346746.8 | AI104: 2035204 | AJ104: 3789372.9 | AK104: 12826379 | AM104: 751051.65 | AN104: 13577430 | AO104: 1445689.5 | AP104: 3507449.2 | AQ104: 3622558.7 | AR104: 1018358.4 | AS104: 1188169.5 | AT104: 320930.6 | AV104: 3973148 | AW104: 12297955 | AX104: 643957.21 | AY104: 227728.69 | AZ104: 467219.5 | BA104: 94989.33 | BB104: 75427.23 | BC104: 2854323.6 | BD104: 943393.51 | BE104: 3056167.2 | BF104: 239598.56 | BG104: 4033845.5 | BH104: 24934605 | BI104: 989530.99 | BJ104: 590505.95 | BK104: 1769043.8 | BL104: 3349080.8 | BM104: 497319.2 | BN104: 790962.86 | BO104: 8833460.4
A105: Drama | B105: 15 | J105: 1252408 | K105: 1207815 | L105: 811870 | M105: 2064278 | O105: 2058179.7 | P105: 127319.88 | Q105: 89728.29 | R105: 145699.46 | S105: 25764.12 | T105: 39702.58 | U105: 551329.04 | X105: 66731.22 | Y105: 1046274.6 | Z105: 119435.61 | AA105: 2016377.5 | AB105: 8245 | AC105: 166843.76 | AD105: 8887.38 | AE105: 120597.74 | AF105: 34596.46 | AG105: 30065.58 | AH105: 369210.85 | AI105: 496625.42 | AJ105: 86531.62 | AK105: 1972411.5 | AM105: 125243.85 | AN105: 2097655.4 | AO105: 37377 | AP105: 172631.64 | AQ105: 409987 | AR105: 127010.36 | AS105: 172566.05 | AT105: 34604.01 | AV105: 371557.42 | AW105: 1169270.6 | AX105: 218371.87 | AY105: 147307.65 | AZ105: 35716 | BA105: 10681.47 | BB105: 0 | BC105: 360255.2 | BD105: 79194.15 | BE105: 193776.53 | BF105: 21586.5 | BG105: 658262.09 | BH105: 2894422.1 | BI105: 84793.15 | BJ105: 157009.69 | BK105: 330613.8 | BL105: 572416.64 | BM105: 33199.01 | BN105: 20022 | BO105: 742973.78
A106: Traditional Arts | B106: 12 | J106: 340976 | K106: 301894 | L106: 215874 | M106: 556850 | O106: 1633414.8 | P106: 37622.68 | Q106: 65742.24 | R106: 99320.06 | S106: 22001.87 | T106: 34824.28 | U106: 128254.38 | X106: 62857.92 | Y106: 450623.43 | Z106: 231316.99 | AA106: 709023.33 | AB106: 29652.01 | AC106: 110969.76 | AD106: 3390 | AE106: 64856.05 | AF106: 160151 | AG106: 3251 | AH106: 75964.16 | AI106: 74167.76 | AJ106: 327768.64 | AK106: 550437.8 | AM106: 55535.76 | AN106: 605973.56 | AO106: 590659 | AP106: 400190.5 | AQ106: 337387.5 | AR106: 99523 | AS106: 82035.18 | AT106: 180521.46 | AV106: 952738.64 | AW106: 502369.59 | AX106: 34260 | AY106: 0 | AZ106: 52026.88 | BA106: 7907 | BB106: 0 | BC106: 23713.4 | BD106: 80582.53 | BE106: 78164.59 | BF106: 0 | BG106: 551348.54 | BH106: 1330372.5 | BI106: 20556 | BJ106: 81868 | BK106: 102881 | BL106: 205305 | BM106: 117904.2 | BN106: 115995.5 | BO106: 736198.85
A107: Visual Arts | B107: 19 | J107: 1048267 | K107: 487539.17 | L107: 410455 | M107: 1458722 | O107: 1372078.9 | P107: 394690.08 | Q107: 76624.249 | R107: 65748.865 | S107: 45408.944 | T107: 45803.701 | U107: 87313.72 | X107: 49649.402 | Y107: 765238.96 | Z107: 175939.14 | AA107: 772048.04 | AB107: 2364.68 | AC107: 69947.91 | AD107: 156 | AE107: 8624.61 | AF107: 8765.96 | AG107: 37797.99 | AH107: 46367.7 | AI107: 109268.84 | AJ107: 136054.79 | AK107: 1423339.6 | AM107: 125489.3 | AN107: 1548829 | AO107: 211997.78 | AP107: 553756.3 | AQ107: 374073.93 | AR107: 0 | AS107: 59603.847 | AT107: 6154.31 | AV107: 277755.94 | AW107: 19158 | AX107: 0 | AY107: 0 | AZ107: 186516.48 | BA107: 2265.18 | BB107: 55221.73 | BC107: 0 | BD107: 92179.35 | BE107: 169123.76 | BF107: 62740.06 | BG107: 148146.64 | BH107: 735351.2 | BI107: 26073 | BJ107: 11062.65 | BK107: 40020 | BL107: 77155.65 | BM107: 62885 | BN107: 16161.66 | BO107: 407304.91
A108: Combined | B108: 30 | J108: 2859993 | K108: 2147904.3 | L108: 1784451 | M108: 4644444 | O108: 6775939 | P108: 532309 | Q108: 516444.41 | R108: 727245.29 | S108: 117817.81 | T108: 137583.76 | U108: 337404.14 | X108: 247251.33 | Y108: 2616055.7 | Z108: 1531224.1 | AA108: 10242802 | AB108: 14915.67 | AC108: 914798.51 | AD108: 31080.27 | AE108: 443146.63 | AF108: 155580.76 | AG108: 130168.23 | AH108: 231085.04 | AI108: 597424.03 | AJ108: 2043503.3 | AK108: 4623790.8 | AM108: 187514.4 | AN108: 4811305.2 | AO108: 257139 | AP108: 1163238.8 | AQ108: 1788227 | AR108: 433949.17 | AS108: 571818.11 | AT108: 43262 | AV108: 1306168.3 | AW108: 9914567.6 | AX108: 276903 | AY108: 0 | AZ108: 59005 | BA108: 34315 | BB108: 2780 | BC108: 2352178.1 | BD108: 588854.96 | BE108: 857113.69 | BF108: 126799 | BG108: 1434540.8 | BH108: 15647057 | BI108: 340194.33 | BJ108: 108326.68 | BK108: 616792.2 | BL108: 1065313.2 | BM108: 158973.47 | BN108: 367509.9 | BO108: 4425123.2
A109: Music | B109: 13 | J109: 2475266 | K109: 1621661 | L109: 924767 | M109: 3400033 | O109: 2811938.9 | P109: 195593.74 | Q109: 53350.14 | R109: 108393.81 | S109: 37123.63 | T109: 77675.61 | U109: 58703.93 | X109: 68486.06 | Y109: 599326.92 | Z109: 364240.22 | AA109: 3578531.1 | AB109: 16013.09 | AC109: 273421.23 | AD109: 1269 | AE109: 34156.47 | AF109: 283730.66 | AG109: 77482.49 | AH109: 473587.39 | AI109: 574475.37 | AJ109: 1026118 | AK109: 3333729.1 | AM109: 110462 | AN109: 3444191.1 | AO109: 43880.7 | AP109: 1169247 | AQ109: 451849 | AR109: 61182.36 | AS109: 63231 | AT109: 13926.87 | AV109: 182220.93 | AW109: 657009.44 | AX109: 74617.34 | AY109: 70783 | AZ109: 126168.64 | BA109: 14787.44 | BB109: 0 | BC109: 115937 | BD109: 81258 | BE109: 1188620 | BF109: 1000 | BG109: 953832.21 | BH109: 3284013.1 | BI109: 442819.9 | BJ109: 187595.51 | BK109: 498611.09 | BL109: 1129026.5 | BM109: 84810 | BN109: 79474.8 | BO109: 1992866.6
A110: Dance | B110: 5 | J110: 197743 | K110: 132037 | L110: 122587 | M110: 320330 | O110: 240970.37 | P110: 40071.08 | Q110: 9371.99 | R110: 3637.61 | S110: 5212.09 | T110: 2651.35 | U110: 10855.4 | X110: 7241.74 | Y110: 79041.26 | Z110: 49092.94 | AA110: 169595.84 | AB110: 965 | AC110: 9256.81 | AD110: 0 | AE110: 248.82 | AF110: 23314.78 | AG110: 282.83 | AH110: 39046.75 | AI110: 9045.7 | AJ110: 29576.71 | AK110: 320329 | AM110: 17912.35 | AN110: 338241.35 | AO110: 0 | AP110: 3385 | AQ110: 59564.6 | AR110: 0 | AS110: 5705 | AT110: 22111.95 | AV110: 27816.95 | AW110: 10602.17 | AX110: 0 | AY110: 9638.04 | AZ110: 2360 | BA110: 0 | BB110: 0 | BC110: 0 | BD110: 12573 | BE110: 63149.16 | BF110: 0 | BG110: 22541.54 | BH110: 120863.91 | BI110: 570 | BJ110: 6211.78 | BK110: 83957 | BL110: 90738.78 | BM110: 6586 | BN110: 0 | BO110: 119213.05
A111: Literature | B111: 4 | J111: 160938 | K111: 176327 | L111: 117088 | M111: 278026 | O111: 452562.02 | P111: 31472.36 | Q111: 12133.45 | R111: 39728.16 | S111: 9929.45 | T111: 21245.05 | U111: 10502.86 | X111: 6878.9 | Y111: 131890.23 | Z111: 54021.76 | AA111: 621359.81 | AB111: 15765.91 | AC111: 36045.06 | AD111: 0 | AE111: 15644.01 | AF111: 16014.5 | AG111: 1155 | AH111: 89662.18 | AI111: 118058.36 | AJ111: 59893.11 | AK111: 277063 | AM111: 9873.67 | AN111: 286936.67 | AO111: 304636 | AP111: 5000 | AQ111: 36979.3 | AR111: 295763.86 | AS111: 224210.33 | AT111: 20350 | AV111: 844960.19 | AW111: 18900 | AX111: 0 | AY111: 0 | AZ111: 0 | BA111: 25033.24 | BB111: 17425.5 | BC111: 2239.9 | BD111: 1500 | BE111: 102138.85 | BF111: 11731 | BG111: 80321.51 | BH111: 259290 | BI111: 23330 | BJ111: 8610 | BK111: 2000 | BL111: 33940 | BM111: 0 | BN111: 191799 | BO111: 236141.97
A112: Circus/Street Theatre/Carnival | B112: 4 | J112: 259632 | K112: 162938 | L112: 158354 | M112: 417986 | O112: 330578.2 | P112: 28434.1 | Q112: 17442.75 | R112: 28133.75 | S112: 7009.59 | T112: 5974.42 | U112: 10681.32 | X112: 27438.92 | Y112: 125114.85 | Z112: 61243.79 | AA112: 739461.39 | AB112: 620 | AC112: 17674.15 | AD112: 0 | AE112: 3563 | AF112: 17659.04 | AG112: 6461.64 | AH112: 21822.77 | AI112: 56138.51 | AJ112: 79926.81 | AK112: 325278 | AM112: 119020.32 | AN112: 444298.32 | AO112: 0 | AP112: 40000 | AQ112: 164490.4 | AR112: 929.7 | AS112: 9000 | AT112: 0 | AV112: 9929.7 | AW112: 6077.5 | AX112: 39805 | AY112: 0 | AZ112: 5426.5 | BA112: 0 | BB112: 0 | BC112: 0 | BD112: 7251.52 | BE112: 404080.65 | BF112: 15742 | BG112: 184852.16 | BH112: 663235.33 | BI112: 51194.61 | BJ112: 29821.64 | BK112: 94168.75 | BL112: 175185 | BM112: 32961.52 | BN112: 0 | BO112: 173638.01
A113: Small | B113: 45 | J113: 1618002 | K113: 902067.8 | L113: 756285 | M113: 2374287 | O113: 1566982.8 | P113: 361771.47 | Q113: 49517.62 | R113: 44286.03 | S113: 45746.7 | T113: 60353.77 | U113: 93768.29 | X113: 99693.85 | Y113: 755137.73 | Z113: 339302.47 | AA113: 1375566.7 | AB113: 23859.84 | AC113: 116629.57 | AD113: 19175.75 | AE113: 27953.66 | AF113: 122271.35 | AG113: 32239.67 | AH113: 171037.93 | AI113: 241359.97 | AJ113: 180715.19 | AK113: 2228579.4 | AM113: 296098.46 | AN113: 2524677.8 | AO113: 59802.7 | AP113: 274530.28 | AQ113: 504681.23 | AR113: 94445.37 | AS113: 65514.09 | AT113: 78977.26 | AV113: 298739.42 | AW113: 179793.55 | AX113: 76162 | AY113: 1900.52 | AZ113: 149047.34 | BA113: 19728.67 | BB113: 52564.48 | BC113: 8853.4 | BD113: 96967.85 | BE113: 219205.36 | BF113: 24607.63 | BG113: 224856.13 | BH113: 1053686.9 | BI113: 48934.7 | BJ113: 17886.64 | BK113: 208598 | BL113: 275419.34 | BM113: 169925.76 | BN113: 108981 | BO113: 794284.51
A114: Medium | B114: 45 | J114: 2790517 | K114: 2095504.6 | L114: 1785260 | M114: 4575777 | O114: 6708237.6 | P114: 821280.11 | Q114: 289738.74 | R114: 399493.37 | S114: 122014.34 | T114: 128693.01 | U114: 356596.31 | X114: 175186.31 | Y114: 2293002.2 | Z114: 707037.58 | AA114: 4342145 | AB114: 46713.69 | AC114: 513718.36 | AD114: 869.8 | AE114: 265739.87 | AF114: 305895.73 | AG114: 98666.25 | AH114: 773967.33 | AI114: 580832.78 | AJ114: 1488018.6 | AK114: 4416405 | AM114: 413642.27 | AN114: 4830047.3 | AO114: 1385886.8 | AP114: 1864904.3 | AQ114: 1629479.2 | AR114: 248742.86 | AS114: 593159.8 | AT114: 204270.47 | AV114: 2432059.9 | AW114: 1225564.9 | AX114: 230984.87 | AY114: 220592.82 | AZ114: 316262.16 | BA114: 19721.75 | BB114: 4437.25 | BC114: 549170 | BD114: 433318.55 | BE114: 1061944.5 | BF114: 193306.93 | BG114: 1215947.2 | BH114: 5471251 | BI114: 427033.61 | BJ114: 373912.68 | BK114: 1072893.8 | BL114: 1873840 | BM114: 222890 | BN114: 577381.06 | BO114: 3381013.2
A115: Large | B115: 12 | J115: 4186704 | K115: 3240543 | L115: 2003901 | M115: 6190605 | O115: 7400441.6 | P115: 204461.34 | Q115: 501581.16 | R115: 774127.61 | S115: 102506.46 | T115: 176413.97 | U115: 744680.19 | X115: 261655.33 | Y115: 2765426.1 | Z115: 1540174.5 | AA115: 13131487 | AB115: 17967.83 | AC115: 968609.26 | AD115: 24737.1 | AE115: 397143.8 | AF115: 271646.08 | AG115: 155758.84 | AH115: 401741.58 | AI115: 1213011.2 | AJ115: 2120639.1 | AK115: 6181394.5 | AM115: 41310.92 | AN115: 6222705.4 | AO115: 0 | AP115: 1368014.6 | AQ115: 1488398.3 | AR115: 675170.22 | AS115: 529495.63 | AT115: 37682.87 | AV115: 1242348.7 | AW115: 10892596 | AX115: 336810.34 | AY115: 5235.35 | AZ115: 1910 | BA115: 55538.91 | BB115: 18425.5 | BC115: 2296300.2 | BD115: 413107.11 | BE115: 1775017.4 | BF115: 21684 | BG115: 2593042.1 | BH115: 18409667 | BI115: 513562.68 | BJ115: 198706.63 | BK115: 487552.09 | BL115: 1199821.4 | BM115: 104503.44 | BN115: 104600.8 | BO115: 4658162.7
A118: Constant Sample
A119: All Organisations | B119: 93 | J119: 8068370 | K119: 5796568.4 | L119: 4170081 | M119: 12238451 | O119: 14686526 | P119: 1295109.9 | Q119: 835253.85 | R119: 1188020 | S119: 260519.93 | T119: 347872.9 | U119: 1154948.1 | X119: 527979.5 | Y119: 5609704.2 | Z119: 2426880.8 | AA119: 18603965 | AB119: 80105.86 | AC119: 1541087.5 | AD119: 44626.65 | AE119: 686379.45 | AF119: 634422.01 | AG119: 279505.76 | AH119: 1333351.6 | AI119: 1923515.3 | AJ119: 3451639.3 | AK119: 11975064 | AM119: 690557.65 | AN119: 12665621 | AO119: 1445689.5 | AP119: 3437485.9 | AQ119: 3295601.6 | AR119: 967201.25 | AS119: 1092991.5 | AT119: 311118.42 | AV119: 3817000.7 | AW119: 12228149 | AX119: 643957.21 | AY119: 227728.69 | AZ119: 375703.5 | BA119: 93174.33 | BB119: 75042.23 | BC119: 2852843.6 | BD119: 943393.51 | BE119: 2898536.2 | BF119: 227532.06 | BG119: 4010083.4 | BH119: 24576144 | BI119: 896748.99 | BJ119: 468567.95 | BK119: 1648509.8 | BL119: 3013826.8 | BM119: 484640.2 | BN119: 770940.86 | BO119: 8302489.4
A120: Drama | B120: 12 | J120: 1165280 | K120: 1150906 | L120: 765598 | M120: 1930878 | O120: 1792627.6 | P120: 96719.17 | Q120: 89728.29 | R120: 122057.46 | S120: 24673.54 | T120: 31396.73 | U120: 523996.35 | X120: 64743.23 | Y120: 953314.77 | Z120: 117499.38 | AA120: 1950955.8 | AB120: 2250 | AC120: 151466.57 | AD120: 8887.38 | AE120: 120267.86 | AF120: 25999.76 | AG120: 26330.58 | AH120: 360558.02 | AI120: 438509.74 | AJ120: 30997.01 | AK120: 1859513.5 | AM120: 109309.85 | AN120: 1968823.4 | AO120: 37377 | AP120: 172631.64 | AQ120: 348137 | AR120: 75853.16 | AS120: 83038.05 | AT120: 34604.01 | AV120: 230872.22 | AW120: 1154294.6 | AX120: 218371.87 | AY120: 147307.65 | AZ120: 0 | BA120: 10681.47 | BB120: 0 | BC120: 360255.2 | BD120: 79194.15 | BE120: 193776.53 | BF120: 9520 | BG120: 644652.93 | BH120: 2818054.4 | BI120: 62593.15 | BJ120: 35821.69 | BK120: 327613.8 | BL120: 426028.64 | BM120: 31251.01 | BN120: 0 | BO120: 666790.23
A121: Traditional Arts | B121: 12 | J121: 340976 | K121: 301894 | L121: 215874 | M121: 556850 | O121: 1633414.8 | P121: 37622.68 | Q121: 65742.24 | R121: 99320.06 | S121: 22001.87 | T121: 34824.28 | U121: 128254.38 | X121: 62857.92 | Y121: 450623.43 | Z121: 231316.99 | AA121: 709023.33 | AB121: 29652.01 | AC121: 110969.76 | AD121: 3390 | AE121: 64856.05 | AF121: 160151 | AG121: 3251 | AH121: 75964.16 | AI121: 74167.76 | AJ121: 327768.64 | AK121: 550437.8 | AM121: 55535.76 | AN121: 605973.56 | AO121: 590659 | AP121: 400190.5 | AQ121: 337387.5 | AR121: 99523 | AS121: 82035.18 | AT121: 180521.46 | AV121: 952738.64 | AW121: 502369.59 | AX121: 34260 | AY121: 0 | AZ121: 52026.88 | BA121: 7907 | BB121: 0 | BC121: 23713.4 | BD121: 80582.53 | BE121: 78164.59 | BF121: 0 | BG121: 551348.54 | BH121: 1330372.5 | BI121: 20556 | BJ121: 81868 | BK121: 102881 | BL121: 205305 | BM121: 117904.2 | BN121: 115995.5 | BO121: 736198.85
A122: Visual Arts | B122: 18 | J122: 991943 | K122: 454869.17 | L122: 380153 | M122: 1372096 | O122: 1291913.9 | P122: 390666.75 | Q122: 74612.579 | R122: 63620.865 | S122: 43807.944 | T122: 45614.701 | U122: 83681.72 | X122: 48302.402 | Y122: 750306.96 | Z122: 163494.14 | AA122: 763480.04 | AB122: 828.68 | AC122: 66244.91 | AD122: 0 | AE122: 8104.61 | AF122: 8065.96 | AG122: 35507.99 | AH122: 46102.7 | AI122: 106803.84 | AJ122: 129181.79 | AK122: 1367015.6 | AM122: 95192.3 | AN122: 1462208 | AO122: 211997.78 | AP122: 534976.3 | AQ122: 367441.75 | AR122: 0 | AS122: 53953.847 | AT122: 4633.13 | AV122: 270584.76 | AW122: 18640 | AX122: 0 | AY122: 0 | AZ122: 186516.48 | BA122: 2265.18 | BB122: 55221.73 | BC122: 0 | BD122: 92179.35 | BE122: 167489.76 | BF122: 62740.06 | BG122: 146301.64 | BH122: 731354.2 | BI122: 19073 | BJ122: 10312.65 | BK122: 40020 | BL122: 69405.65 | BM122: 62885 | BN122: 16161.66 | BO122: 383219.91
A123: Combined | B123: 25 | J123: 2476592 | K123: 1795936.3 | L123: 1485660 | M123: 3962252 | O123: 6132520 | P123: 474530 | Q123: 512872.41 | R123: 723128.29 | S123: 110761.81 | T123: 128490.76 | U123: 328272.14 | X123: 242030.33 | Y123: 2520085.7 | Z123: 1385971.6 | AA123: 10071558 | AB123: 14011.17 | AC123: 876009 | AD123: 31080.27 | AE123: 439538.63 | AF123: 99486.31 | AG123: 129034.23 | AH123: 226607.64 | AI123: 546316.03 | AJ123: 1768177.3 | AK123: 3941697.8 | AM123: 173251.4 | AN123: 4114949.2 | AO123: 257139 | AP123: 1112055.5 | AQ123: 1529752 | AR123: 433949.17 | AS123: 571818.11 | AT123: 34971 | AV123: 1297877.3 | AW123: 9860255.6 | AX123: 276903 | AY123: 0 | AZ123: 3205 | BA123: 32500 | BB123: 2395 | BC123: 2350698.1 | BD123: 588854.96 | BE123: 701116.69 | BF123: 126799 | BG123: 1426232.8 | BH123: 15368960 | BI123: 276612.33 | BJ123: 108326.68 | BK123: 499258.2 | BL123: 884197.21 | BM123: 148242.47 | BN123: 367509.9 | BO123: 3994420.8
A124: Music | B124: 13 | J124: 2475266 | K124: 1621661 | L124: 924767 | M124: 3400033 | O124: 2811938.9 | P124: 195593.74 | Q124: 53350.14 | R124: 108393.81 | S124: 37123.63 | T124: 77675.61 | U124: 58703.93 | X124: 68486.06 | Y124: 599326.92 | Z124: 364240.22 | AA124: 3578531.1 | AB124: 16013.09 | AC124: 273421.23 | AD124: 1269 | AE124: 34156.47 | AF124: 283730.66 | AG124: 77482.49 | AH124: 473587.39 | AI124: 574475.37 | AJ124: 1026118 | AK124: 3333729.1 | AM124: 110462 | AN124: 3444191.1 | AO124: 43880.7 | AP124: 1169247 | AQ124: 451849 | AR124: 61182.36 | AS124: 63231 | AT124: 13926.87 | AV124: 182220.93 | AW124: 657009.44 | AX124: 74617.34 | AY124: 70783 | AZ124: 126168.64 | BA124: 14787.44 | BB124: 0 | BC124: 115937 | BD124: 81258 | BE124: 1188620 | BF124: 1000 | BG124: 953832.21 | BH124: 3284013.1 | BI124: 442819.9 | BJ124: 187595.51 | BK124: 498611.09 | BL124: 1129026.5 | BM124: 84810 | BN124: 79474.8 | BO124: 1992866.6
A125: Dance | B125: 5 | J125: 197743 | K125: 132037 | L125: 122587 | M125: 320330 | O125: 240970.37 | P125: 40071.08 | Q125: 9371.99 | R125: 3637.61 | S125: 5212.09 | T125: 2651.35 | U125: 10855.4 | X125: 7241.74 | Y125: 79041.26 | Z125: 49092.94 | AA125: 169595.84 | AB125: 965 | AC125: 9256.81 | AD125: 0 | AE125: 248.82 | AF125: 23314.78 | AG125: 282.83 | AH125: 39046.75 | AI125: 9045.7 | AJ125: 29576.71 | AK125: 320329 | AM125: 17912.35 | AN125: 338241.35 | AO125: 0 | AP125: 3385 | AQ125: 59564.6 | AR125: 0 | AS125: 5705 | AT125: 22111.95 | AV125: 27816.95 | AW125: 10602.17 | AX125: 0 | AY125: 9638.04 | AZ125: 2360 | BA125: 0 | BB125: 0 | BC125: 0 | BD125: 12573 | BE125: 63149.16 | BF125: 0 | BG125: 22541.54 | BH125: 120863.91 | BI125: 570 | BJ125: 6211.78 | BK125: 83957 | BL125: 90738.78 | BM125: 6586 | BN125: 0 | BO125: 119213.05
A126: Literature | B126: 4 | J126: 160938 | K126: 176327 | L126: 117088 | M126: 278026 | O126: 452562.02 | P126: 31472.36 | Q126: 12133.45 | R126: 39728.16 | S126: 9929.45 | T126: 21245.05 | U126: 10502.86 | X126: 6878.9 | Y126: 131890.23 | Z126: 54021.76 | AA126: 621359.81 | AB126: 15765.91 | AC126: 36045.06 | AD126: 0 | AE126: 15644.01 | AF126: 16014.5 | AG126: 1155 | AH126: 89662.18 | AI126: 118058.36 | AJ126: 59893.11 | AK126: 277063 | AM126: 9873.67 | AN126: 286936.67 | AO126: 304636 | AP126: 5000 | AQ126: 36979.3 | AR126: 295763.86 | AS126: 224210.33 | AT126: 20350 | AV126: 844960.19 | AW126: 18900 | AX126: 0 | AY126: 0 | AZ126: 0 | BA126: 25033.24 | BB126: 17425.5 | BC126: 2239.9 | BD126: 1500 | BE126: 102138.85 | BF126: 11731 | BG126: 80321.51 | BH126: 259290 | BI126: 23330 | BJ126: 8610 | BK126: 2000 | BL126: 33940 | BM126: 0 | BN126: 191799 | BO126: 236141.97
A127: Circus/Street Theatre/Carnival | B127: 4 | J127: 259632 | K127: 162938 | L127: 158354 | M127: 417986 | O127: 330578.2 | P127: 28434.1 | Q127: 17442.75 | R127: 28133.75 | S127: 7009.59 | T127: 5974.42 | U127: 10681.32 | X127: 27438.92 | Y127: 125114.85 | Z127: 61243.79 | AA127: 739461.39 | AB127: 620 | AC127: 17674.15 | AD127: 0 | AE127: 3563 | AF127: 17659.04 | AG127: 6461.64 | AH127: 21822.77 | AI127: 56138.51 | AJ127: 79926.81 | AK127: 325278 | AM127: 119020.32 | AN127: 444298.32 | AO127: 0 | AP127: 40000 | AQ127: 164490.4 | AR127: 929.7 | AS127: 9000 | AT127: 0 | AV127: 9929.7 | AW127: 6077.5 | AX127: 39805 | AY127: 0 | AZ127: 5426.5 | BA127: 0 | BB127: 0 | BC127: 0 | BD127: 7251.52 | BE127: 404080.65 | BF127: 15742 | BG127: 184852.16 | BH127: 663235.33 | BI127: 51194.61 | BJ127: 29821.64 | BK127: 94168.75 | BL127: 175185 | BM127: 32961.52 | BN127: 0 | BO127: 173638.01
A128: Small | B128: 40 | J128: 1424850 | K128: 787582.8 | L128: 688681 | M128: 2113531 | O128: 1311478.7 | P128: 344595.43 | Q128: 45205.95 | R128: 40582.03 | S128: 41463.12 | T128: 55836.92 | U128: 86667.6 | X128: 95518.86 | Y128: 709869.91 | Z128: 289995.74 | AA128: 1271229.1 | AB128: 20919.34 | AC128: 99756.87 | AD128: 19019.75 | AE128: 25958.78 | AF128: 111454.2 | AG128: 28815.67 | AH128: 159764.7 | AI128: 182858.29 | AJ128: 155941.58 | AK128: 2018727.4 | AM128: 263337.46 | AN128: 2282064.8 | AO128: 59802.7 | AP128: 217813 | AQ128: 353707.05 | AR128: 43288.17 | AS128: 59864.09 | AT128: 77456.08 | AV128: 240411.04 | AW128: 179275.55 | AX128: 76162 | AY128: 1900.52 | AZ128: 145051.34 | BA128: 19728.67 | BB128: 52179.48 | BC128: 8853.4 | BD128: 96967.85 | BE128: 217013.36 | BF128: 22541.13 | BG128: 211554.97 | BH128: 1031228.3 | BI128: 37234.7 | BJ128: 17136.64 | BK128: 203098 | BL128: 257469.34 | BM128: 159763.76 | BN128: 88959 | BO128: 700415.56
A129: Medium | B129: 41 | J129: 2456816 | K129: 1768442.6 | L129: 1477499 | M129: 3934315 | O129: 5974605.6 | P129: 746053.11 | Q129: 288466.74 | R129: 373310.37 | S129: 116550.34 | T129: 115622.01 | U129: 323600.31 | X129: 170805.31 | Y129: 2134408.2 | Z129: 596710.58 | AA129: 4201249 | AB129: 41218.69 | AC129: 472721.36 | AD129: 869.8 | AE129: 263276.87 | AF129: 251321.73 | AG129: 94931.25 | AH129: 771845.33 | AI129: 527645.78 | AJ129: 1175058.6 | AK129: 3774942 | AM129: 385909.27 | AN129: 4160851.3 | AO129: 1385886.8 | AP129: 1851658.3 | AQ129: 1453496.2 | AR129: 248742.86 | AS129: 503631.8 | AT129: 195979.47 | AV129: 2334240.9 | AW129: 1156276.9 | AX129: 230984.87 | AY129: 220592.82 | AZ129: 228742.16 | BA129: 17906.75 | BB129: 4437.25 | BC129: 547690 | BD129: 433318.55 | BE129: 906505.5 | BF129: 183306.93 | BG129: 1205486.2 | BH129: 5135248 | BI129: 345951.61 | BJ129: 252724.68 | BK129: 957859.75 | BL129: 1556536 | BM129: 220373 | BN129: 577381.06 | BO129: 2943911.2
A130: Large | B130: 12 | J130: 4186704 | K130: 3240543 | L130: 2003901 | M130: 6190605 | O130: 7400441.6 | P130: 204461.34 | Q130: 501581.16 | R130: 774127.61 | S130: 102506.46 | T130: 176413.97 | U130: 744680.19 | X130: 261655.33 | Y130: 2765426.1 | Z130: 1540174.5 | AA130: 13131487 | AB130: 17967.83 | AC130: 968609.26 | AD130: 24737.1 | AE130: 397143.8 | AF130: 271646.08 | AG130: 155758.84 | AH130: 401741.58 | AI130: 1213011.2 | AJ130: 2120639.1 | AK130: 6181394.5 | AM130: 41310.92 | AN130: 6222705.4 | AO130: 0 | AP130: 1368014.6 | AQ130: 1488398.3 | AR130: 675170.22 | AS130: 529495.63 | AT130: 37682.87 | AV130: 1242348.7 | AW130: 10892596 | AX130: 336810.34 | AY130: 5235.35 | AZ130: 1910 | BA130: 55538.91 | BB130: 18425.5 | BC130: 2296300.2 | BD130: 413107.11 | BE130: 1775017.4 | BF130: 21684 | BG130: 2593042.1 | BH130: 18409667 | BI130: 513562.68 | BJ130: 198706.63 | BK130: 487552.09 | BL130: 1199821.4 | BM130: 104503.44 | BN130: 104600.8 | BO130: 4658162.7

Sheet 2019F
A104: All Organisations | B104: 97 | O104: 15600204 | P104: 1327857.1 | Q104: 875535.33 | R104: 1123411.3 | S104: 287991.16 | T104: 306544.74 | U104: 1372348.2 | X104: 558704.25 | Y104: 5852392 | Z104: 2957281.4 | AA104: 17510530 | AB104: 75390.32 | AC104: 1568185.1 | AD104: 51855.26 | AE104: 470532.84 | AF104: 594666.66 | AG104: 360210.24 | AH104: 1130971.9 | AI104: 1651174.2 | AJ104: 4548715.6 | AK104: 12581866 | AM104: 1275722.9 | AN104: 13857589 | AO104: 1437675.4 | AP104: 3292439.1 | AQ104: 3497515.7 | AR104: 1020060.9 | AS104: 1850380.5 | AT104: 571134.07 | AV104: 3441575.4 | AW104: 11224432 | AX104: 624322.56 | AY104: 255745.39 | AZ104: 447370.09 | BA104: 85900.83 | BB104: 117088.19 | BC104: 2682187.1 | BD104: 1066519.1 | BE104: 3154762.5 | BF104: 220421.51 | BG104: 2933547.3 | BH104: 22812296 | BI104: 989970.08 | BJ104: 338425.47 | BK104: 2158421.3 | BL104: 3486816.8 | BM104: 413183.59 | BN104: 160895.31 | BO104: 9594957.5
A105: Drama | B105: 13 | O105: 1752689.4 | P105: 98848.94 | Q105: 92615.98 | R105: 148097.41 | S105: 20283.04 | T105: 26620.89 | U105: 563724.48 | X105: 80730.19 | Y105: 1030920.9 | Z105: 277876.66 | AA105: 1805272.5 | AB105: 18481 | AC105: 126978.57 | AD105: 14275.54 | AE105: 134084.94 | AF105: 32487.73 | AG105: 90409.09 | AH105: 281335.68 | AI105: 336884.09 | AJ105: 273605.24 | AK105: 1873206.5 | AM105: 434036.69 | AN105: 2307243.2 | AO105: 0 | AP105: 195745.29 | AQ105: 223656 | AR105: 2700 | AS105: 116690.68 | AT105: 153120.88 | AV105: 272511.56 | AW105: 1186498.6 | AX105: 166772.46 | AY105: 187876.12 | AZ105: 6030 | BA105: 15686.9 | BB105: 0 | BC105: 381435.59 | BD105: 94840.31 | BE105: 193498.2 | BF105: 68334.19 | BG105: 711544.61 | BH105: 3012517 | BI105: 15068.33 | BJ105: 87070.89 | BK105: 225269.32 | BL105: 327408.54 | BM105: 17359.9 | BN105: 0 | BO105: 1090068.2
A106: Traditional Arts | B106: 12 | O106: 1813261.2 | P106: 41678.61 | Q106: 89864.39 | R106: 89530.7 | S106: 28436.86 | T106: 41563.63 | U106: 324118.23 | X106: 70055.18 | Y106: 685247.6 | Z106: 299781.43 | AA106: 732538.1 | AB106: 22797.23 | AC106: 120096.98 | AD106: 3276 | AE106: 35239.34 | AF106: 45343.44 | AG106: 2681 | AH106: 78055.87 | AI106: 160435.64 | AJ106: 384965.89 | AK106: 552450.8 | AM106: 54269.37 | AN106: 606720.17 | AO106: 590536 | AP106: 380593.78 | AQ106: 390829.4 | AR106: 68582 | AS106: 293879.63 | AT106: 142507.29 | AV106: 504968.92 | AW106: 587042.91 | AX106: 33875 | AY106: 14285 | AZ106: 57148.92 | BA106: 7449 | BB106: 5900 | BC106: 4206.73 | BD106: 96313.34 | BE106: 81881.19 | BF106: 0 | BG106: 583823.5 | BH106: 1471925.6 | BI106: 77460.75 | BJ106: 16583 | BK106: 135371.28 | BL106: 229415.03 | BM106: 23497 | BN106: 90000 | BO106: 826796.76
A107: Visual Arts | B107: 18 | O107: 1382576 | P107: 386281.34 | Q107: 95814.91 | R107: 62992.932 | S107: 47178.873 | T107: 43912.646 | U107: 56260.542 | X107: 46688.247 | Y107: 739129.5 | Z107: 137817.87 | AA107: 729744.57 | AB107: 824.44 | AC107: 63993.073 | AD107: 120 | AE107: 8733.99 | AF107: 101 | AG107: 34361.7 | AH107: 46803.043 | AI107: 160612.21 | AJ107: 153871.42 | AK107: 1339855.5 | AM107: 131573.56 | AN107: 1471429 | AO107: 215583.83 | AP107: 563424.15 | AQ107: 289096.9 | AR107: 0 | AS107: 33463 | AT107: 9981.54 | AV107: 43444.54 | AW107: 0 | AX107: 0 | AY107: 0 | AZ107: 193962.11 | BA107: 18519 | BB107: 95686 | BC107: 0 | BD107: 127404.9 | BE107: 184817.91 | BF107: 79391.435 | BG107: 41631.37 | BH107: 741412.72 | BI107: 0 | BJ107: 11256.88 | BK107: 173133.95 | BL107: 184390.83 | BM107: 38590.4 | BN107: 13264.18 | BO107: 382532.47
A108: Combined | B108: 28 | O108: 6536550.5 | P108: 509588.26 | Q108: 496724.6 | R108: 691058.64 | S108: 114847.56 | T108: 111160.8 | U108: 314796.98 | X108: 250539.38 | Y108: 2488716.2 | Z108: 1871823.7 | AA108: 8927884 | AB108: 15045.75 | AC108: 858719.94 | AD108: 32646.72 | AE108: 244319.48 | AF108: 165387.25 | AG108: 115104.74 | AH108: 258900.04 | AI108: 340054.5 | AJ108: 2451060.4 | AK108: 4478279.2 | AM108: 287053.15 | AN108: 4765332.3 | AO108: 272250 | AP108: 858643.9 | AQ108: 1878403.1 | AR108: 547090 | AS108: 900299.03 | AT108: 103082.91 | AV108: 1550471.9 | AW108: 8680451.9 | AX108: 259902 | AY108: 0 | AZ108: 57595 | BA108: 32500 | BB108: 1771 | BC108: 2145936 | BD108: 644085 | BE108: 964277.11 | BF108: 16200 | BG108: 784730.5 | BH108: 13587448 | BI108: 518081.33 | BJ108: 75997.56 | BK108: 641524 | BL108: 1235602.9 | BM108: 194121 | BN108: 24329.39 | BO108: 4988900.9
A109: Music | B109: 13 | O109: 2984466.6 | P109: 189028.01 | Q109: 68113.9 | R109: 47323.63 | S109: 45140.29 | T109: 43311.63 | U109: 64453.36 | X109: 73503.45 | Y109: 530874.27 | Z109: 280761.63 | AA109: 3671492.8 | AB109: 15941.9 | AC109: 333971.53 | AD109: 1537 | AE109: 35991.03 | AF109: 301669.83 | AG109: 90375.25 | AH109: 377323.9 | AI109: 399267.8 | AJ109: 1162925.9 | AK109: 3381884.7 | AM109: 155165.7 | AN109: 3537050.4 | AO109: 43323.64 | AP109: 1219172 | AQ109: 449845 | AR109: 34437 | AS109: 201281 | AT109: 24167 | AV109: 259885 | AW109: 730458.89 | AX109: 115181.2 | AY109: 44297.99 | AZ109: 126525.06 | BA109: 1975 | BB109: 0 | BC109: 133159 | BD109: 81908 | BE109: 1277749 | BF109: 355 | BG109: 735249.4 | BH109: 3246858.5 | BI109: 351918 | BJ109: 116209.24 | BK109: 845728 | BL109: 1313855.2 | BM109: 26670.3 | BN109: 22931.74 | BO109: 1964856.7
A110: Dance | B110: 5 | O110: 267821.06 | P110: 42248.8 | Q110: 4903.93 | R110: 4496.21 | S110: 5137.41 | T110: 3274.07 | U110: 13442.89 | X110: 6684.23 | Y110: 80187.54 | Z110: 30144.15 | AA110: 173138.45 | AB110: 1010 | AC110: 12520.83 | AD110: 0 | AE110: 86.65 | AF110: 26833 | AG110: 1195 | AH110: 34833.76 | AI110: 11274.31 | AJ110: 26411.39 | AK110: 331777 | AM110: 60006.5 | AN110: 391783.5 | AO110: 0 | AP110: 500 | AQ110: 55469.61 | AR110: 6753.88 | AS110: 6275 | AT110: 3080 | AV110: 16108.88 | AW110: 11126.42 | AX110: 500 | AY110: 9286.28 | AZ110: 2050 | BA110: 0 | BB110: 0 | BC110: 0 | BD110: 7140 | BE110: 43637.28 | BF110: 1092 | BG110: 18951.67 | BH110: 93783.65 | BI110: 0 | BJ110: 1514.35 | BK110: 124432.74 | BL110: 125947.09 | BM110: 7389.39 | BN110: 1200 | BO110: 93680.95
A111: Literature | B111: 4 | O111: 475695.9 | P111: 27713.6 | Q111: 12038.84 | R111: 16836.84 | S111: 15659.31 | T111: 29263.03 | U111: 19419.2 | X111: 6518.8 | Y111: 127449.62 | Z111: 29498.49 | AA111: 773179.45 | AB111: 0 | AC111: 35576.42 | AD111: 0 | AE111: 11711.57 | AF111: 16951.41 | AG111: 22732.22 | AH111: 45971.96 | AI111: 168654.56 | AJ111: 59876 | AK111: 304008 | AM111: 10198 | AN111: 314206 | AO111: 315981.9 | AP111: 0 | AQ111: 45615.12 | AR111: 360498 | AS111: 272530.79 | AT111: 135194.45 | AV111: 768223.24 | AW111: 24326.09 | AX111: 4263.83 | AY111: 0 | AZ111: 0 | BA111: 9770.93 | BB111: 13731.19 | BC111: 17449.75 | BD111: 6937.5 | BE111: 117772.86 | BF111: 43358.39 | BG111: 29760.37 | BH111: 267370.91 | BI111: 21450 | BJ111: 9742.26 | BK111: 0 | BL111: 31192.26 | BM111: 0 | BN111: 9170 | BO111: 169790.24
A112: Circus/Street Theatre/Carnival | B112: 4 | O112: 387143.51 | P112: 32469.58 | Q112: 15458.78 | R112: 63074.91 | S112: 11307.81 | T112: 7438.04 | U112: 16132.47 | X112: 23984.77 | Y112: 169866.36 | Z112: 29577.41 | AA112: 697280.24 | AB112: 1290 | AC112: 16327.76 | AD112: 0 | AE112: 365.84 | AF112: 5893 | AG112: 3351.24 | AH112: 7747.67 | AI112: 73991.07 | AJ112: 35999.23 | AK112: 320404.25 | AM112: 143419.95 | AN112: 463824.2 | AO112: 0 | AP112: 74360 | AQ112: 164600.54 | AR112: 0 | AS112: 25961.35 | AT112: 0 | AV112: 25961.35 | AW112: 4527 | AX112: 43828.07 | AY112: 0 | AZ112: 4059 | BA112: 0 | BB112: 0 | BC112: 0 | BD112: 7890 | BE112: 291129 | BF112: 11690.5 | BG112: 27855.84 | BH112: 390979.41 | BI112: 5991.67 | BJ112: 20051.29 | BK112: 12962 | BL112: 39004.96 | BM112: 105555.6 | BN112: 0 | BO112: 78331.39
A113: Small | B113: 40 | O113: 1486162.3 | P113: 280400.84 | Q113: 85099.14 | R113: 74575.83 | S113: 48003.18 | T113: 45467.53 | U113: 83050.05 | X113: 64823.3 | Y113: 681419.87 | Z113: 200991.39 | AA113: 1112293.1 | AB113: 19282.9 | AC113: 119512.4 | AD113: 18069 | AE113: 13668.91 | AF113: 105353.25 | AG113: 27849.17 | AH113: 245049.78 | AI113: 156479.6 | AJ113: 234877.88 | AK113: 1846466.8 | AM113: 219405.38 | AN113: 2065872.1 | AO113: 23297 | AP113: 86901.18 | AQ113: 458746.64 | AR113: 36900.88 | AS113: 116929.68 | AT113: 76838.28 | AV113: 230668.84 | AW113: 131774.94 | AX113: 81211.07 | AY113: 15167.84 | AZ113: 208406.82 | BA113: 28121 | BB113: 39248 | BC113: 2760.73 | BD113: 172153.24 | BE113: 215105.2 | BF113: 54326 | BG113: 77695.5 | BH113: 1025970.3 | BI113: 73536 | BJ113: 48278.43 | BK113: 255271.95 | BL113: 377086.38 | BM113: 172757.2 | BN113: 106017 | BO113: 759789.03
A114: Medium | B114: 45 | O114: 6216593 | P114: 857290.7 | Q114: 236528.83 | R114: 281282.54 | S114: 134485.4 | T114: 146264.68 | U114: 258126.62 | X114: 210992.34 | Y114: 2124971.1 | Z114: 1176693.3 | AA114: 4235245.3 | AB114: 51786.42 | AC114: 601679.83 | AD114: 14610 | AE114: 75212.26 | AF114: 208906.75 | AG114: 162708.43 | AH114: 583371.81 | AI114: 641688.06 | AJ114: 1819728 | AK114: 4584676.2 | AM114: 858065.46 | AN114: 5442741.6 | AO114: 1414378.4 | AP114: 1544690.1 | AQ114: 1262039 | AR114: 297332 | AS114: 884555.38 | AT114: 468228.79 | AV114: 1650116.2 | AW114: 1320759.5 | AX114: 180934.19 | AY114: 240577.55 | AZ114: 237028.27 | BA114: 9592.93 | BB114: 66831.19 | BC114: 533170.03 | BD114: 398459 | BE114: 1109372.1 | BF114: 132775.51 | BG114: 889361.08 | BH114: 5118861.4 | BI114: 333211.42 | BJ114: 92446.34 | BK114: 815237.97 | BL114: 1240895.7 | BM114: 154595.39 | BN114: 31946.57 | BO114: 3884110.2
A115: Large | B115: 12 | O115: 7897449 | P115: 190165.6 | Q115: 553907.36 | R115: 767552.9 | S115: 105502.57 | T115: 114812.53 | U115: 1031171.5 | X115: 282888.61 | Y115: 3046001.1 | Z115: 1579596.7 | AA115: 12162992 | AB115: 4321 | AC115: 846992.87 | AD115: 19176.26 | AE115: 381651.67 | AF115: 280406.66 | AG115: 169652.64 | AH115: 302550.33 | AI115: 853006.52 | AJ115: 2494109.7 | AK115: 6150723 | AM115: 198252.08 | AN115: 6348975 | AO115: 0 | AP115: 1660847.9 | AQ115: 1776730 | AR115: 685828 | AS115: 848895.42 | AT115: 26067 | AV115: 1560790.4 | AW115: 9771897.4 | AX115: 362177.3 | AY115: 0 | AZ115: 1935 | BA115: 48186.9 | BB115: 11009 | BC115: 2146256.3 | BD115: 495906.81 | BE115: 1830285.3 | BF115: 33320 | BG115: 1966490.7 | BH115: 16667465 | BI115: 583222.66 | BJ115: 197700.7 | BK115: 1087911.4 | BL115: 1868834.7 | BM115: 85831 | BN115: 22931.74 | BO115: 4951058.3
A118: Constant Sample
A119: All Organisations | B119: 93 | O119: 15138574 | P119: 1273836.7 | Q119: 874676.33 | R119: 1115764.3 | S119: 280943.16 | T119: 300464.19 | U119: 1360253.2 | X119: 553525.44 | Y119: 5759463.2 | Z119: 2859767.1 | AA119: 17414148 | AB119: 75213.34 | AC119: 1534376.1 | AD119: 51855.26 | AE119: 467847.84 | AF119: 546226.7 | AG119: 360210.24 | AH119: 1121760.9 | AI119: 1645999.4 | AJ119: 4186784.5 | AK119: 11936285 | AM119: 1266643.9 | AN119: 13202929 | AO119: 1437675.4 | AP119: 3278671.1 | AQ119: 3377154.7 | AR119: 1020060.9 | AS119: 1840005.5 | AT119: 571134.07 | AV119: 3431200.4 | AW119: 11190232 | AX119: 624322.56 | AY119: 255745.39 | AZ119: 387840.09 | BA119: 85900.83 | BB119: 117088.19 | BC119: 2681203.1 | BD119: 1066519.1 | BE119: 2968358.5 | BF119: 217844.51 | BG119: 2916274.3 | BH119: 22511328 | BI119: 923670.08 | BJ119: 338046.47 | BK119: 2137421.3 | BL119: 3399137.8 | BM119: 403233.69 | BN119: 160895.31 | BO119: 9123439.2
A120: Drama | B120: 12 | O120: 1697857.4 | P120: 94669.94 | Q120: 92615.98 | R120: 148097.41 | S120: 19871.04 | T120: 26501.89 | U120: 562110.48 | X120: 79730.19 | Y120: 1023596.9 | Z120: 273117.66 | AA120: 1794588.5 | AB120: 18481 | AC120: 126778.57 | AD120: 14275.54 | AE120: 133847.94 | AF120: 32487.73 | AG120: 90409.09 | AH120: 276778.68 | AI120: 335139.09 | AJ120: 264554.24 | AK120: 1807766.5 | AM120: 427917.69 | AN120: 2235684.2 | AO120: 0 | AP120: 195745.29 | AQ120: 215656 | AR120: 2700 | AS120: 116690.68 | AT120: 153120.88 | AV120: 272511.56 | AW120: 1186498.6 | AX120: 166772.46 | AY120: 187876.12 | AZ120: 0 | BA120: 15686.9 | BB120: 0 | BC120: 381435.59 | BD120: 94840.31 | BE120: 193498.2 | BF120: 66507.19 | BG120: 703012.61 | BH120: 2996128 | BI120: 11568.33 | BJ120: 86691.89 | BK120: 225269.32 | BL120: 323529.54 | BM120: 7410 | BN120: 0 | BO120: 1071464.2
A121: Traditional Arts | B121: 12 | O121: 1813261.2 | P121: 41678.61 | Q121: 89864.39 | R121: 89530.7 | S121: 28436.86 | T121: 41563.63 | U121: 324118.23 | X121: 70055.18 | Y121: 685247.6 | Z121: 299781.43 | AA121: 732538.1 | AB121: 22797.23 | AC121: 120096.98 | AD121: 3276 | AE121: 35239.34 | AF121: 45343.44 | AG121: 2681 | AH121: 78055.87 | AI121: 160435.64 | AJ121: 384965.89 | AK121: 552450.8 | AM121: 54269.37 | AN121: 606720.17 | AO121: 590536 | AP121: 380593.78 | AQ121: 390829.4 | AR121: 68582 | AS121: 293879.63 | AT121: 142507.29 | AV121: 504968.92 | AW121: 587042.91 | AX121: 33875 | AY121: 14285 | AZ121: 57148.92 | BA121: 7449 | BB121: 5900 | BC121: 4206.73 | BD121: 96313.34 | BE121: 81881.19 | BF121: 0 | BG121: 583823.5 | BH121: 1471925.6 | BI121: 77460.75 | BJ121: 16583 | BK121: 135371.28 | BL121: 229415.03 | BM121: 23497 | BN121: 90000 | BO121: 826796.76
A122: Visual Arts | B122: 18 | O122: 1382576 | P122: 386281.34 | Q122: 95814.91 | R122: 62992.932 | S122: 47178.873 | T122: 43912.646 | U122: 56260.542 | X122: 46688.247 | Y122: 739129.5 | Z122: 137817.87 | AA122: 729744.57 | AB122: 824.44 | AC122: 63993.073 | AD122: 120 | AE122: 8733.99 | AF122: 101 | AG122: 34361.7 | AH122: 46803.043 | AI122: 160612.21 | AJ122: 153871.42 | AK122: 1339855.5 | AM122: 131573.56 | AN122: 1471429 | AO122: 215583.83 | AP122: 563424.15 | AQ122: 289096.9 | AR122: 0 | AS122: 33463 | AT122: 9981.54 | AV122: 43444.54 | AW122: 0 | AX122: 0 | AY122: 0 | AZ122: 193962.11 | BA122: 18519 | BB122: 95686 | BC122: 0 | BD122: 127404.9 | BE122: 184817.91 | BF122: 79391.435 | BG122: 41631.37 | BH122: 741412.72 | BI122: 0 | BJ122: 11256.88 | BK122: 173133.95 | BL122: 184390.83 | BM122: 38590.4 | BN122: 13264.18 | BO122: 382532.47
A123: Combined | B123: 25 | O123: 6129752.6 | P123: 459746.82 | Q123: 495865.6 | R123: 683411.64 | S123: 108211.56 | T123: 105199.25 | U123: 304315.98 | X123: 246360.57 | Y123: 2403111.4 | Z123: 1779068.5 | AA123: 8842185.9 | AB123: 14868.77 | AC123: 825110.94 | AD123: 32646.72 | AE123: 241871.48 | AF123: 116947.29 | AG123: 115104.74 | AH123: 254246.04 | AI123: 336624.76 | AJ123: 2098180.4 | AK123: 3898138.2 | AM123: 284093.15 | AN123: 4182231.3 | AO123: 272250 | AP123: 844875.9 | AQ123: 1766042.1 | AR123: 547090 | AS123: 889924.03 | AT123: 103082.91 | AV123: 1540096.9 | AW123: 8646251.9 | AX123: 259902 | AY123: 0 | AZ123: 4095 | BA123: 32500 | BB123: 1771 | BC123: 2144952 | BD123: 644085 | BE123: 777873.11 | BF123: 15450 | BG123: 775989.5 | BH123: 13302869 | BI123: 455281.33 | BJ123: 75997.56 | BK123: 620524 | BL123: 1151802.9 | BM123: 194121 | BN123: 24329.39 | BO123: 4535986.6
A124: Music | B124: 13 | O124: 2984466.6 | P124: 189028.01 | Q124: 68113.9 | R124: 47323.63 | S124: 45140.29 | T124: 43311.63 | U124: 64453.36 | X124: 73503.45 | Y124: 530874.27 | Z124: 280761.63 | AA124: 3671492.8 | AB124: 15941.9 | AC124: 333971.53 | AD124: 1537 | AE124: 35991.03 | AF124: 301669.83 | AG124: 90375.25 | AH124: 377323.9 | AI124: 399267.8 | AJ124: 1162925.9 | AK124: 3381884.7 | AM124: 155165.7 | AN124: 3537050.4 | AO124: 43323.64 | AP124: 1219172 | AQ124: 449845 | AR124: 34437 | AS124: 201281 | AT124: 24167 | AV124: 259885 | AW124: 730458.89 | AX124: 115181.2 | AY124: 44297.99 | AZ124: 126525.06 | BA124: 1975 | BB124: 0 | BC124: 133159 | BD124: 81908 | BE124: 1277749 | BF124: 355 | BG124: 735249.4 | BH124: 3246858.5 | BI124: 351918 | BJ124: 116209.24 | BK124: 845728 | BL124: 1313855.2 | BM124: 26670.3 | BN124: 22931.74 | BO124: 1964856.7
A125: Dance | B125: 5 | O125: 267821.06 | P125: 42248.8 | Q125: 4903.93 | R125: 4496.21 | S125: 5137.41 | T125: 3274.07 | U125: 13442.89 | X125: 6684.23 | Y125: 80187.54 | Z125: 30144.15 | AA125: 173138.45 | AB125: 1010 | AC125: 12520.83 | AD125: 0 | AE125: 86.65 | AF125: 26833 | AG125: 1195 | AH125: 34833.76 | AI125: 11274.31 | AJ125: 26411.39 | AK125: 331777 | AM125: 60006.5 | AN125: 391783.5 | AO125: 0 | AP125: 500 | AQ125: 55469.61 | AR125: 6753.88 | AS125: 6275 | AT125: 3080 | AV125: 16108.88 | AW125: 11126.42 | AX125: 500 | AY125: 9286.28 | AZ125: 2050 | BA125: 0 | BB125: 0 | BC125: 0 | BD125: 7140 | BE125: 43637.28 | BF125: 1092 | BG125: 18951.67 | BH125: 93783.65 | BI125: 0 | BJ125: 1514.35 | BK125: 124432.74 | BL125: 125947.09 | BM125: 7389.39 | BN125: 1200 | BO125: 93680.95
A126: Literature | B126: 4 | O126: 475695.9 | P126: 27713.6 | Q126: 12038.84 | R126: 16836.84 | S126: 15659.31 | T126: 29263.03 | U126: 19419.2 | X126: 6518.8 | Y126: 127449.62 | Z126: 29498.49 | AA126: 773179.45 | AB126: 0 | AC126: 35576.42 | AD126: 0 | AE126: 11711.57 | AF126: 16951.41 | AG126: 22732.22 | AH126: 45971.96 | AI126: 168654.56 | AJ126: 59876 | AK126: 304008 | AM126: 10198 | AN126: 314206 | AO126: 315981.9 | AP126: 0 | AQ126: 45615.12 | AR126: 360498 | AS126: 272530.79 | AT126: 135194.45 | AV126: 768223.24 | AW126: 24326.09 | AX126: 4263.83 | AY126: 0 | AZ126: 0 | BA126: 9770.93 | BB126: 13731.19 | BC126: 17449.75 | BD126: 6937.5 | BE126: 117772.86 | BF126: 43358.39 | BG126: 29760.37 | BH126: 267370.91 | BI126: 21450 | BJ126: 9742.26 | BK126: 0 | BL126: 31192.26 | BM126: 0 | BN126: 9170 | BO126: 169790.24
A127: Circus/Street Theatre/Carnival | B127: 4 | O127: 387143.51 | P127: 32469.58 | Q127: 15458.78 | R127: 63074.91 | S127: 11307.81 | T127: 7438.04 | U127: 16132.47 | X127: 23984.77 | Y127: 169866.36 | Z127: 29577.41 | AA127: 697280.24 | AB127: 1290 | AC127: 16327.76 | AD127: 0 | AE127: 365.84 | AF127: 5893 | AG127: 3351.24 | AH127: 7747.67 | AI127: 73991.07 | AJ127: 35999.23 | AK127: 320404.25 | AM127: 143419.95 | AN127: 463824.2 | AO127: 0 | AP127: 74360 | AQ127: 164600.54 | AR127: 0 | AS127: 25961.35 | AT127: 0 | AV127: 25961.35 | AW127: 4527 | AX127: 43828.07 | AY127: 0 | AZ127: 4059 | BA127: 0 | BB127: 0 | BC127: 0 | BD127: 7890 | BE127: 291129 | BF127: 11690.5 | BG127: 27855.84 | BH127: 390979.41 | BI127: 5991.67 | BJ127: 20051.29 | BK127: 12962 | BL127: 39004.96 | BM127: 105555.6 | BN127: 0 | BO127: 78331.39
A128: Small | B128: 39 | O128: 1431330.3 | P128: 276221.84 | Q128: 85099.14 | R128: 74575.83 | S128: 47591.18 | T128: 45348.53 | U128: 81436.05 | X128: 63823.3 | Y128: 674095.87 | Z128: 196232.39 | AA128: 1101609.1 | AB128: 19282.9 | AC128: 119312.4 | AD128: 18069 | AE128: 13431.91 | AF128: 105353.25 | AG128: 27849.17 | AH128: 240492.78 | AI128: 154734.6 | AJ128: 225826.88 | AK128: 1781026.8 | AM128: 213286.38 | AN128: 1994313.1 | AO128: 23297 | AP128: 86901.18 | AQ128: 450746.64 | AR128: 36900.88 | AS128: 116929.68 | AT128: 76838.28 | AV128: 230668.84 | AW128: 131774.94 | AX128: 81211.07 | AY128: 15167.84 | AZ128: 202376.82 | BA128: 28121 | BB128: 39248 | BC128: 2760.73 | BD128: 172153.24 | BE128: 215105.2 | BF128: 52499 | BG128: 69163.5 | BH128: 1009581.3 | BI128: 70036 | BJ128: 47899.43 | BK128: 255271.95 | BL128: 373207.38 | BM128: 162807.3 | BN128: 106017 | BO128: 741185.03
A129: Medium | B129: 42 | O129: 5809795 | P129: 807449.26 | Q129: 235669.83 | R129: 273635.54 | S129: 127849.4 | T129: 140303.13 | U129: 247645.62 | X129: 206813.53 | Y129: 2039366.3 | Z129: 1083938 | AA129: 4149547.2 | AB129: 51609.44 | AC129: 568070.83 | AD129: 14610 | AE129: 72764.26 | AF129: 160466.79 | AG129: 162708.43 | AH129: 578717.81 | AI129: 638258.32 | AJ129: 1466847.9 | AK129: 4004535.2 | AM129: 855105.46 | AN129: 4859640.6 | AO129: 1414378.4 | AP129: 1530922.1 | AQ129: 1149678 | AR129: 297332 | AS129: 874180.38 | AT129: 468228.79 | AV129: 1639741.2 | AW129: 1286559.5 | AX129: 180934.19 | AY129: 240577.55 | AZ129: 183528.27 | BA129: 9592.93 | BB129: 66831.19 | BC129: 532186.03 | BD129: 398459 | BE129: 922968.08 | BF129: 132025.51 | BG129: 880620.08 | BH129: 4834282.4 | BI129: 270411.42 | BJ129: 92446.34 | BK129: 794237.97 | BL129: 1157095.7 | BM129: 154595.39 | BN129: 31946.57 | BO129: 3431195.9
A130: Large | B130: 12 | O130: 7897449 | P130: 190165.6 | Q130: 553907.36 | R130: 767552.9 | S130: 105502.57 | T130: 114812.53 | U130: 1031171.5 | X130: 282888.61 | Y130: 3046001.1 | Z130: 1579596.7 | AA130: 12162992 | AB130: 4321 | AC130: 846992.87 | AD130: 19176.26 | AE130: 381651.67 | AF130: 280406.66 | AG130: 169652.64 | AH130: 302550.33 | AI130: 853006.52 | AJ130: 2494109.7 | AK130: 6150723 | AM130: 198252.08 | AN130: 6348975 | AO130: 0 | AP130: 1660847.9 | AQ130: 1776730 | AR130: 685828 | AS130: 848895.42 | AT130: 26067 | AV130: 1560790.4 | AW130: 9771897.4 | AX130: 362177.3 | AY130: 0 | AZ130: 1935 | BA130: 48186.9 | BB130: 11009 | BC130: 2146256.3 | BD130: 495906.81 | BE130: 1830285.3 | BF130: 33320 | BG130: 1966490.7 | BH130: 16667465 | BI130: 583222.66 | BJ130: 197700.7 | BK130: 1087911.4 | BL130: 1868834.7 | BM130: 85831 | BN130: 22931.74 | BO130: 4951058.3

Sheet CONTENTS
B2: Annual Funding Survey: 2019/20 Data Tables
B4: About the survey
B5: Each year organisations in receipt of funding from the Annual Funding Programme (AFP) are required to complete a survey that collects data on: staff profiles, finances, arts activity (in the form of performances, exhibitions and participation) and the geographic locations activity is delivered at.
B6: In 2019/20, organisations completed the survey using an Excel spreadsheet. The survey was available to clients from January 2020, with the deadline extended to 31 June. This was in recognition of the additional demands placed on clients as a consequence of the COVID-19 Pandemic.
B7: All 97 organisations in receipt of AFP funding in 2019/20 completed the survey. An additional five organisations, transitioning out of the portfolio are not included in this analysis.
B8: Index of tables
B9: The following links will take you to each table in this file:
B10: 1. Workforce: a summary of the employment charactoristics of AFS client organisations
B11: 2. Finance: income and expenditure for each of the main catagory types
B12: 3. Activity: details of core output by performance, participation, exhibition and festival
B14: Use the drop-down menu at the top of each sheet to select the filter option you want to choose. The option are:
B15: 1. All organisatons
... B33: For further information and support interpreting this year’s data please contact g.stevenson@artscouncil-ni.org.

Sheet 1. WORKFORCE
B1: Arts Council of Northern Ireland - Annual Funding Survey - 2016/17 to 2019/20
B2: 1. Workforce
B4: All organisations
B5: * Click into cell above for drop-down menu
B7: Full Portfolio: | C7: 97 | E7: Selection: | F7: =VLOOKUP($B$4,'2019E'!$A$115:$B$126,2,FALSE) -> 97 | H7: Constant Sample: | I7: =VLOOKUP(B4,'2019E'!A129:B140,2,FALSE) -> 94
H8: 2016/17 | J8: 2017/18 | L8: 2018/19 | N8: 2019/20 | P8: % Change
B10: Permanent Staff | C10: n | D10: % | E10: n | F10: % | H10: n | I10: % | J10: n | K10: % | L10: n | M10: % | P10: 18/19 to 19/20 | Q10: 16/17 to 19/20
B11: Full-time Artist | C11: 146 | D11: 0.12098299 | E11: {=SUM(VLOOKUP($B$4,'2019E'!$A$115:$LD$126,{15,16},FALSE))} -> 146 | F11: =E11/$E$17 -> 0.15614973 | H11: {=SUM(VLOOKUP($B$4,'2016E'!$A$129:$LD$140,{15,16},FALSE))} -> 113 | I11: =H11/$H$17 -> 0.12021277 | J11: {=SUM(VLOOKUP($B$4,'2017E'!$A$129:$LD$140,{15,16},FALSE))} -> 119 | K11: =J11/$J$17 -> 0.12700107 | L11: {=SUM(VLOOKUP($B$4,'2018E'!$A$129:$LD$140,{15,16},FALSE))} -> 125 | M11: =L11/$L$17 -> 0.12065637 | N11: {=SUM(VLOOKUP($B$4,'2019E'!$A$129:$LD$140,{15,16},FALSE))} -> 123 | O11: =N11/$L$17 -> 0.11872587 | P11: =IFERROR((N11-L11)/N11,"-") -> -0.016260163 | Q11: =IFERROR((N11-H11)/N11,"-") -> 0.081300813
B12: Part-time Artist | C12: 67 | D12: 0.06710775 | E12: {=SUM(VLOOKUP($B$4,'2019E'!$A$115:$LD$126,{17,18},FALSE))} -> 67 | F12: =E12/$E$17 -> 0.071657754 | H12: {=SUM(VLOOKUP($B$4,'2016E'!$A$129:$LD$140,{17,18},FALSE))} -> 38 | I12: =H12/$H$17 -> 0.040425532 | J12: {=SUM(VLOOKUP($B$4,'2017E'!$A$129:$LD$140,{17,18},FALSE))} -> 51 | K12: =J12/$J$17 -> 0.054429029 | L12: {=SUM(VLOOKUP($B$4,'2018E'!$A$129:$LD$140,{17,18},FALSE))} -> 71 | M12: =L12/$L$17 -> 0.068532819 | N12: {=SUM(VLOOKUP($B$4,'2019E'!$A$129:$LD$140,{17,18},FALSE))} -> 67 | O12: =N12/$L$17 -> 0.064671815 | P12: =IFERROR((N12-L12)/N12,"-") -> -0.059701493 | Q12: =IFERROR((N12-H12)/N12,"-") -> 0.43283582
B13: Full-time Managers | C13: 165 | D13: 0.15973535 | E13: {=SUM(VLOOKUP($B$4,'2019E'!$A$115:$LD$126,{19,20},FALSE))} -> 165 | F13: =E13/$E$17 -> 0.17647059 | H13: {=SUM(VLOOKUP($B$4,'2016E'!$A$129:$LD$140,{19,20},FALSE))} -> 167 | I13: =H13/$H$17 -> 0.17765957 | J13: {=SUM(VLOOKUP($B$4,'2017E'!$A$129:$LD$140,{19,20},FALSE))} -> 152 | K13: =J13/$J$17 -> 0.16221985 | L13: {=SUM(VLOOKUP($B$4,'2018E'!$A$129:$LD$140,{19,20},FALSE))} -> 164 | M13: =L13/$L$17 -> 0.15830116 | N13: {=SUM(VLOOKUP($B$4,'2019E'!$A$129:$LD$140,{19,20},FALSE))} -> 163 | O13: =N13/$L$17 -> 0.15733591 | P13: =IFERROR((N13-L13)/N13,"-") -> -0.0061349693 | Q13: =IFERROR((N13-H13)/N13,"-") -> -0.024539877
B14: Part-time Managers | C14: 38 | D14: 0.040642722 | E14: {=SUM(VLOOKUP($B$4,'2019E'!$A$115:$LD$126,{21,22},FALSE))} -> 38 | F14: =E14/$E$17 -> 0.040641711 | H14: {=SUM(VLOOKUP($B$4,'2016E'!$A$129:$LD$140,{21,22},FALSE))} -> 36 | I14: =H14/$H$17 -> 0.038297872 | J14: {=SUM(VLOOKUP($B$4,'2017E'!$A$129:$LD$140,{21,22},FALSE))} -> 47 | K14: =J14/$J$17 -> 0.050160085 | L14: {=SUM(VLOOKUP($B$4,'2018E'!$A$129:$LD$140,{21,22},FALSE))} -> 40 | M14: =L14/$L$17 -> 0.038610039 | N14: {=SUM(VLOOKUP($B$4,'2019E'!$A$129:$LD$140,{21,22},FALSE))} -> 38 | O14: =N14/$L$17 -> 0.036679537 | P14: =IFERROR((N14-L14)/N14,"-") -> -0.052631579 | Q14: =IFERROR((N14-H14)/N14,"-") -> 0.052631579
B15: Full-time Other Staff | C15: 218 | D15: 0.21172023 | E15: {=SUM(VLOOKUP($B$4,'2019E'!$A$115:$LD$126,{23,24},FALSE))} -> 218 | F15: =E15/$E$17 -> 0.23315508 | H15: {=SUM(VLOOKUP($B$4,'2016E'!$A$129:$LD$140,{23,24},FALSE))} -> 182 | I15: =H15/$H$17 -> 0.19361702 | J15: {=SUM(VLOOKUP($B$4,'2017E'!$A$129:$LD$140,{23,24},FALSE))} -> 202 | K15: =J15/$J$17 -> 0.21558164 | L15: {=SUM(VLOOKUP($B$4,'2018E'!$A$129:$LD$140,{23,24},FALSE))} -> 220 | M15: =L15/$L$17 -> 0.21235521 | N15: {=SUM(VLOOKUP($B$4,'2019E'!$A$129:$LD$140,{23,24},FALSE))} -> 218 | O15: =N15/$L$17 -> 0.21042471 | P15: =IFERROR((N15-L15)/N15,"-") -> -0.0091743119 | Q15: =IFERROR((N15-H15)/N15,"-") -> 0.16513761
B16: Part-time Other Staff | C16: 301 | D16: 0.39981096 | E16: {=SUM(VLOOKUP($B$4,'2019E'!$A$115:$LD$126,{25,26},FALSE))} -> 301 | F16: =E16/$E$17 -> 0.32192513 | H16: {=SUM(VLOOKUP($B$4,'2016E'!$A$129:$LD$140,{25,26},FALSE))} -> 404 | I16: =H16/$H$17 -> 0.42978723 | J16: {=SUM(VLOOKUP($B$4,'2017E'!$A$129:$LD$140,{25,26},FALSE))} -> 366 | K16: =J16/$J$17 -> 0.39060832 | L16: {=SUM(VLOOKUP($B$4,'2018E'!$A$129:$LD$140,{25,26},FALSE))} -> 416 | M16: =L16/$L$17 -> 0.4015444 | N16: {=SUM(VLOOKUP($B$4,'2019E'!$A$129:$LD$140,{25,26},FALSE))} -> 301 | O16: =N16/$L$17 -> 0.29054054 | P16: =IFERROR((N16-L16)/N16,"-") -> -0.3820598 | Q16: =IFERROR((N16-H16)/N16,"-") -> -0.34219269
B17: Total | C17: 935 | E17: =SUM(E11:E16) -> 935 | H17: =SUM(H11:H16) -> 940 | J17: =SUM(J11:J16) -> 937 | L17: =SUM(L11:L16) -> 1036 | N17: =SUM(N11:N16) -> 910 | P17: =IFERROR((N17-L17)/N17,"-") -> -0.13846154 | Q17: =IFERROR((N17-H17)/N17,"-") -> -0.032967033
B20: Contract Staff | P20: 18/19 to 19/20 | Q20: 16/17 to 19/20
B21: Artistic Staff | C21: 5034 | D21: 0.87482441 | E21: {=SUM(VLOOKUP($B$4,'2019E'!$A$115:$LD$126,{30,31},FALSE))} -> 5034 | F21: =E21/$E$24 -> 0.91962002 | H21: {=SUM(VLOOKUP($B$4,'2016E'!$A$129:$LD$140,{30,31},FALSE))} -> 4253 | I21: =H21/$H$24 -> 0.86955633 | J21: {=SUM(VLOOKUP($B$4,'2017E'!$A$129:$LD$140,{30,31},FALSE))} -> 4897 | K21: =J21/$J$24 -> 0.85032124 | L21: {=SUM(VLOOKUP($B$4,'2018E'!$A$129:$LD$140,{30,31},FALSE))} -> 5060 | M21: =L21/$L$24 -> 0.87482711 | N21: {=SUM(VLOOKUP($B$4,'2019E'!$A$129:$LD$140,{30,31},FALSE))} -> 4989 | O21: =N21/$L$24 -> 0.86255187 | P21: =IFERROR((N21-L21)/N21,"-") -> -0.014231309 | Q21: =IFERROR((N21-H21)/N21,"-") -> 0.14752455
B22: Managers | C22: 92 | D22: 0.018417356 | E22: {=SUM(VLOOKUP($B$4,'2019E'!$A$115:$LD$126,{32,33},FALSE))} -> 92 | F22: =E22/$E$24 -> 0.016806723 | H22: {=SUM(VLOOKUP($B$4,'2016E'!$A$129:$LD$140,{32,33},FALSE))} -> 115 | I22: =H22/$H$24 -> 0.023512574 | J22: {=SUM(VLOOKUP($B$4,'2017E'!$A$129:$LD$140,{32,33},FALSE))} -> 112 | K22: =J22/$J$24 -> 0.019447821 | L22: {=SUM(VLOOKUP($B$4,'2018E'!$A$129:$LD$140,{32,33},FALSE))} -> 114 | M22: =L22/$L$24 -> 0.019709544 | N22: {=SUM(VLOOKUP($B$4,'2019E'!$A$129:$LD$140,{32,33},FALSE))} -> 89 | O22: =N22/$L$24 -> 0.015387275 | P22: =IFERROR((N22-L22)/N22,"-") -> -0.28089888 | Q22: =IFERROR((N22-H22)/N22,"-") -> -0.29213483
B23: Other Staff | C23: 348 | D23: 0.10675823 | E23: {=SUM(VLOOKUP($B$4,'2019E'!$A$115:$LD$126,{34,35},FALSE))} -> 348 | F23: =E23/$E$24 -> 0.063573255 | H23: {=SUM(VLOOKUP($B$4,'2016E'!$A$129:$LD$140,{34,35},FALSE))} -> 523 | I23: =H23/$H$24 -> 0.1069311 | J23: {=SUM(VLOOKUP($B$4,'2017E'!$A$129:$LD$140,{34,35},FALSE))} -> 750 | K23: =J23/$J$24 -> 0.13023094 | L23: {=SUM(VLOOKUP($B$4,'2018E'!$A$129:$LD$140,{34,35},FALSE))} -> 610 | M23: =L23/$L$24 -> 0.10546335 | N23: {=SUM(VLOOKUP($B$4,'2019E'!$A$129:$LD$140,{34,35},FALSE))} -> 341 | O23: =N23/$L$24 -> 0.05895574 | P23: =IFERROR((N23-L23)/N23,"-") -> -0.7888563 | Q23: =IFERROR((N23-H23)/N23,"-") -> -0.53372434
B24: Total | C24: 5474 | E24: =SUM(E21:E23) -> 5474 | H24: =SUM(H21:H23) -> 4891 | J24: =SUM(J21:J23) -> 5759 | L24: =SUM(L21:L23) -> 5784 | N24: =SUM(N21:N23) -> 5419 | P24: =IFERROR((N24-L24)/N24,"-") -> -0.067355601 | Q24: =IFERROR((N24-H24)/N24,"-") -> 0.097434951
P25: =IFERROR((L25-J25)/L25,"-") -> - | Q25: =IFERROR((L25-H25)/L25,"-") -> -
B27: Volunteers | P27: 18/19 to 19/20 | Q27: 16/17 to 19/20
B28: Number of volunteers| Male | C28: 1054 | D28: 0.38026474 | E28: =SUM(VLOOKUP($B$4,'2019E'!$A$115:$LD$126,{39},FALSE)) -> 1054 | F28: =E28/E30 -> 0.37151921 | H28: =SUM(VLOOKUP($B$4,'2016E'!$A$129:$LD$140,{39},FALSE)) -> 1059 | I28: =H28/H30 -> 0.38495093 | J28: =SUM(VLOOKUP($B$4,'2017E'!$A$129:$LD$140,{39},FALSE)) -> 1446 | K28: =J28/J30 -> 0.42231308 | L28: =SUM(VLOOKUP($B$4,'2018E'!$A$129:$LD$140,{39},FALSE)) -> 1314 | M28: =L28/L30 -> 0.39083879 | N28: =SUM(VLOOKUP($B$4,'2019E'!$A$129:$LD$140,{39},FALSE)) -> 1043 | O28: =N28/N30 -> 0.37210132 | P28: =IFERROR((N28-L28)/N28,"-") -> -0.25982742 | Q28: =IFERROR((N28-H28)/N28,"-") -> -0.015340364
B29: Number of volunteers| Female | C29: 1783 | D29: 0.61973526 | E29: =SUM(VLOOKUP($B$4,'2019E'!$A$115:$LD$126,{40},FALSE)) -> 1783 | F29: =E29/E30 -> 0.62848079 | H29: =SUM(VLOOKUP($B$4,'2016E'!$A$129:$LD$140,{40},FALSE)) -> 1692 | I29: =H29/H30 -> 0.61504907 | J29: =SUM(VLOOKUP($B$4,'2017E'!$A$129:$LD$140,{40},FALSE)) -> 1978 | K29: =J29/J30 -> 0.57768692 | L29: =SUM(VLOOKUP($B$4,'2018E'!$A$129:$LD$140,{40},FALSE)) -> 2048 | M29: =L29/L30 -> 0.60916121 | N29: =SUM(VLOOKUP($B$4,'2019E'!$A$129:$LD$140,{40},FALSE)) -> 1760 | O29: =N29/N30 -> 0.62789868 | P29: =IFERROR((N29-L29)/N29,"-") -> -0.16363636 | Q29: =IFERROR((N29-H29)/N29,"-") -> 0.038636364
B30: Total | C30: 2837 | E30: =SUM(E28:E29) -> 2837 | F30: =E30/E31 -> 0.03879552 | H30: =SUM(H28:H29) -> 2751 | J30: =SUM(J28:J29) -> 3424 | L30: =SUM(L28:L29) -> 3362 | M30: =L30/L31 -> 0.046868973 | N30: =SUM(N28:N29) -> 2803 | O30: =N30/N31 -> 0.038531858 | P30: =IFERROR((N30-L30)/N30,"-") -> -0.19942918 | Q30: =IFERROR((N30-H30)/N30,"-") -> 0.018551552
B31: Number of hours worked | C31: 73127 | E31: =SUM(VLOOKUP($B$4,'2019E'!$A$115:$LD$126,{42},FALSE)) -> 73127 | H31: =SUM(VLOOKUP($B$4,'2016E'!$A$129:$LD$140,{42},FALSE)) -> 73432.5 | J31: =SUM(VLOOKUP($B$4,'2017E'!$A$129:$LD$140,{42},FALSE)) -> 74048.5 | L31: =SUM(VLOOKUP($B$4,'2018E'!$A$129:$LD$140,{42},FALSE)) -> 71731.89 | N31: =SUM(VLOOKUP($B$4,'2019E'!$A$129:$LD$140,{42},FALSE)) -> 72745 | P31: =IFERROR((N31-L31)/N31,"-") -> 0.013926868 | Q31: =IFERROR((N31-H31)/N31,"-") -> -0.0094508214
B32: Hours worked per volunteer | C32: 25.776172 | E32: =E31/E30 -> 25.776172 | H32: =H31/H30 -> 26.693021 | J32: =J31/J30 -> 21.626314 | L32: =L31/L30 -> 21.336077 | N32: =N31/N30 -> 25.952551 | P32: =IFERROR((N32-L32)/N32,"-") -> 0.17788132 | Q32: =IFERROR((N32-H32)/N32,"-") -> -0.02853168
B35: Apprenticeships | P35: 18/19 to 19/20 | Q35: 16/17 to 19/20
B36: Paid internships | C36: 21 | D36: 0.10810811 | E36: =SUM(VLOOKUP($B$4,'2019E'!$A$115:$LD$126,{299},FALSE)) -> 21 | F36: =E36/$E$40 -> 0.077490775 | H36: {=SUM(VLOOKUP($B$4,'2016E'!$A$129:$LD$140,{312},FALSE))} -> 43 | I36: =H36/$H$40 -> 0.1080402 | J36: =SUM(VLOOKUP($B$4,'2017E'!$A$129:$LD$140,{312},FALSE)) -> 41 | K36: =J36/$J$40 -> 0.10732984 | L36: =SUM(VLOOKUP($B$4,'2018E'!$A$129:$LD$140,{312},FALSE)) -> 32 | M36: =L36/$L$40 -> 0.097560976 | N36: =SUM(VLOOKUP($B$4,'2019E'!$A$129:$LD$140,{299},FALSE)) -> 19 | O36: =N36/$N$40 -> 0.071969697 | P36: =IFERROR((N36-L36)/N36,"-") -> -0.68421053 | Q36: =IFERROR((N36-H36)/N36,"-") -> -1.2631579
B37: Formal apprenticeships | C37: 5 | D37: 0.048648649 | E37: =SUM(VLOOKUP($B$4,'2019E'!$A$115:$LD$126,{300},FALSE)) -> 5 | F37: =E37/$E$40 -> 0.018450185 | H37: {=SUM(VLOOKUP($B$4,'2016E'!$A$129:$LD$140,{313},FALSE))} -> 20 | I37: =H37/$H$40 -> 0.050251256 | J37: =SUM(VLOOKUP($B$4,'2017E'!$A$129:$LD$140,{313},FALSE)) -> 17 | K37: =J37/$J$40 -> 0.044502618 | L37: =SUM(VLOOKUP($B$4,'2018E'!$A$129:$LD$140,{313},FALSE)) -> 10 | M37: =L37/$L$40 -> 0.030487805 | N37: =SUM(VLOOKUP($B$4,'2019E'!$A$129:$LD$140,{300},FALSE)) -> 5 | O37: =N37/$N$40 -> 0.018939394 | P37: =IFERROR((N37-L37)/N37,"-") -> -1 | Q37: =IFERROR((N37-H37)/N37,"-") -> -3
B38: Unaccredited apprenticeships | C38: 19 | D38: 0.010810811 | E38: =SUM(VLOOKUP($B$4,'2019E'!$A$115:$LD$126,{301},FALSE)) -> 19 | F38: =E38/$E$40 -> 0.070110701 | H38: {=SUM(VLOOKUP($B$4,'2016E'!$A$129:$LD$140,{314},FALSE))} -> 12 | I38: =H38/$H$40 -> 0.030150754 | J38: =SUM(VLOOKUP($B$4,'2017E'!$A$129:$LD$140,{314},FALSE)) -> 7 | K38: =J38/$J$40 -> 0.018324607 | L38: =SUM(VLOOKUP($B$4,'2018E'!$A$129:$LD$140,{314},FALSE)) -> 4 | M38: =L38/$L$40 -> 0.012195122 | N38: =SUM(VLOOKUP($B$4,'2019E'!$A$129:$LD$140,{301},FALSE)) -> 19 | O38: =N38/$N$40 -> 0.071969697 | P38: =IFERROR((N38-L38)/N38,"-") -> 0.78947368 | Q38: =IFERROR((N38-H38)/N38,"-") -> 0.36842105
B39: Work experience for students at school or in further/higher education | C39: 226 | D39: 0.83243243 | E39: =SUM(VLOOKUP($B$4,'2019E'!$A$115:$LD$126,{302},FALSE)) -> 226 | F39: =E39/$E$40 -> 0.83394834 | H39: {=SUM(VLOOKUP($B$4,'2016E'!$A$129:$LD$140,{315},FALSE))} -> 323 | I39: =H39/$H$40 -> 0.81155779 | J39: =SUM(VLOOKUP($B$4,'2017E'!$A$129:$LD$140,{315},FALSE)) -> 317 | K39: =J39/$J$40 -> 0.82984293 | L39: =SUM(VLOOKUP($B$4,'2018E'!$A$129:$LD$140,{315},FALSE)) -> 282 | M39: =L39/$L$40 -> 0.8597561 | N39: =SUM(VLOOKUP($B$4,'2019E'!$A$129:$LD$140,{302},FALSE)) -> 221 | O39: =N39/$N$40 -> 0.83712121 | P39: =IFERROR((N39-L39)/N39,"-") -> -0.2760181 | Q39: =IFERROR((N39-H39)/N39,"-") -> -0.46153846
B40: Total | C40: 271 | E40: =SUM(E36:E39) -> 271 | H40: =SUM(H36:H39) -> 398 | J40: =SUM(J36:J39) -> 382 | L40: =SUM(L36:L39) -> 328 | N40: =SUM(N36:N39) -> 264 | P40: =IFERROR((N40-L40)/N40,"-") -> -0.24242424 | Q40: =IFERROR((N40-H40)/N40,"-") -> -0.50757576
B43: Ethnicity - All groups* | P43: 18/19 to 19/20 | Q43: 16/17 to 19/20
B44: White | C44: 3596 | D44: 0.99364465 | E44: {=SUM(VLOOKUP($B$4,'2019E'!$A$115:$LD$126,{43,44,72,73,101,102,130,131},FALSE))} -> 3596 | F44: =E44/$E$57 -> 0.99364465 | H44: {=SUM(VLOOKUP($B$4,'2016E'!$A$129:$LD$140,{43,44,72,73,101,102,130,131},FALSE))} -> 3148 | I44: =H44/H57 -> 0.99494311 | J44: {=SUM(VLOOKUP($B$4,'2017E'!$A$129:$LD$140,{43,44,72,73,101,102,130,131},FALSE))} -> 3506 | K44: =J44/J57 -> 0.99179632 | L44: {=SUM(VLOOKUP($B$4,'2018E'!$A$129:$LD$140,{43,44,72,73,101,102,130,131},FALSE))} -> 3845 | M44: =L44/L57 -> 0.99354005 | N44: {=SUM(VLOOKUP($B$4,'2019E'!$A$129:$LD$140,{43,44,72,73,101,102,130,131},FALSE))} -> 3535 | O44: =N44/N57 -> 0.99353569 | P44: =IFERROR((N44-L44)/N44,"-") -> -0.087694484 | Q44: =IFERROR((N44-H44)/N44,"-") -> 0.10947666
B45: Irish Traveller | C45: 0 | D45: 0 | E45: {=SUM(VLOOKUP($B$4,'2019E'!$A$115:$LD$126,{45,46,74,75,103,104,132,133},FALSE))} -> 0 | F45: =E45/$E$57 -> 0 | H45: {=SUM(VLOOKUP($B$4,'2016E'!$A$129:$LD$140,{45,46,74,75,103,104,132,133},FALSE))} -> 0 | I45: =H45/H57 -> 0 | J45: {=SUM(VLOOKUP($B$4,'2017E'!$A$129:$LD$140,{45,46,74,75,103,104,132,133},FALSE))} -> 2 | K45: =J45/J57 -> 0.00056577086 | L45: {=SUM(VLOOKUP($B$4,'2018E'!$A$129:$LD$140,{45,46,74,75,103,104,132,133},FALSE))} -> 0 | M45: =L45/L57 -> 0 | N45: {=SUM(VLOOKUP($B$4,'2019E'!$A$129:$LD$140,{45,46,74,75,103,104,132,133},FALSE))} -> 0 | O45: =N45/N57 -> 0 | P45: =IFERROR((N45-L45)/N45,"-") -> - | Q45: =IFERROR((N45-H45)/N45,"-") -> -
B46: Chinese | C46: 16 | D46: 0.0044211108 | E46: {=SUM(VLOOKUP($B$4,'2019E'!$A$115:$LD$126,{47,48,76,77,105,106,134,135},FALSE))} -> 16 | F46: =E46/$E$57 -> 0.0044211108 | H46: {=SUM(VLOOKUP($B$4,'2016E'!$A$129:$LD$140,{47,48,76,77,105,106,134,135},FALSE))} -> 10 | I46: =H46/H57 -> 0.0031605563 | J46: {=SUM(VLOOKUP($B$4,'2017E'!$A$129:$LD$140,{47,48,76,77,105,106,134,135},FALSE))} -> 20 | K46: =J46/J57 -> 0.0056577086 | L46: {=SUM(VLOOKUP($B$4,'2018E'!$A$129:$LD$140,{47,48,76,77,105,106,134,135},FALSE))} -> 19 | M46: =L46/L57 -> 0.0049095607 | N46: {=SUM(VLOOKUP($B$4,'2019E'!$A$129:$LD$140,{47,48,76,77,105,106,134,135},FALSE))} -> 16 | O46: =N46/N57 -> 0.0044969084 | P46: =IFERROR((N46-L46)/N46,"-") -> -0.1875 | Q46: =IFERROR((N46-H46)/N46,"-") -> 0.375
B47: Indian | C47: 4 | D47: 0.0011052777 | E47: =SUM(VLOOKUP($B$4,'2019E'!$A$115:$LD$126,{49,50,78,79,107,108,136,137},FALSE)) -> 4 | F47: =E47/$E$57 -> 0.0011052777 | H47: =SUM(VLOOKUP($B$4,'2016E'!$A$129:$LD$140,{49,50,78,79,107,108,136,137},FALSE)) -> 4 | I47: =H47/H57 -> 0.0012642225 | J47: =SUM(VLOOKUP($B$4,'2017E'!$A$129:$LD$140,{49,50,78,79,107,108,136,137},FALSE)) -> 4 | K47: =J47/J57 -> 0.0011315417 | L47: =SUM(VLOOKUP($B$4,'2018E'!$A$129:$LD$140,{49,50,78,79,107,108,136,137},FALSE)) -> 3 | M47: =L47/L57 -> 0.0007751938 | N47: =SUM(VLOOKUP($B$4,'2019E'!$A$129:$LD$140,{49,50,78,79,107,108,136,137},FALSE)) -> 4 | O47: =N47/N57 -> 0.0011242271 | P47: =IFERROR((N47-L47)/N47,"-") -> 0.25 | Q47: =IFERROR((N47-H47)/N47,"-") -> 0
B48: Packistani | C48: 1 | D48: 0.00027631943 | E48: =SUM(VLOOKUP($B$4,'2019E'!$A$115:$LD$126,{51,52,80,81,109,110,138,139},FALSE)) -> 1 | F48: =E48/$E$57 -> 0.00027631943 | H48: =SUM(VLOOKUP($B$4,'2016E'!$A$129:$LD$140,{51,52,80,81,109,110,138,139},FALSE)) -> 0 | I48: =H48/H57 -> 0 | J48: =SUM(VLOOKUP($B$4,'2017E'!$A$129:$LD$140,{51,52,80,81,109,110,138,139},FALSE)) -> 0 | K48: =J48/J57 -> 0 | L48: =SUM(VLOOKUP($B$4,'2018E'!$A$129:$LD$140,{51,52,80,81,109,110,138,139},FALSE)) -> 0 | M48: =L48/L57 -> 0 | N48: =SUM(VLOOKUP($B$4,'2019E'!$A$129:$LD$140,{51,52,80,81,109,110,138,139},FALSE)) -> 1 | O48: =N48/N57 -> 0.00028105677 | P48: =IFERROR((N48-L48)/N48,"-") -> 1 | Q48: =IFERROR((N48-H48)/N48,"-") -> 1
B49: Bangladeshi | C49: 0 | D49: 0 | E49: =SUM(VLOOKUP($B$4,'2019E'!$A$115:$LD$126,{53,54,82,83,111,112,140,141},FALSE)) -> 0 | F49: =E49/$E$57 -> 0 | H49: =SUM(VLOOKUP($B$4,'2016E'!$A$129:$LD$140,{53,54,82,83,111,112,140,141},FALSE)) -> 0 | I49: =H49/H57 -> 0 | J49: =SUM(VLOOKUP($B$4,'2017E'!$A$129:$LD$140,{53,54,82,83,111,112,140,141},FALSE)) -> 0 | K49: =J49/J57 -> 0 | L49: =SUM(VLOOKUP($B$4,'2018E'!$A$129:$LD$140,{53,54,82,83,111,112,140,141},FALSE)) -> 0 | M49: =L49/L57 -> 0 | N49: =SUM(VLOOKUP($B$4,'2019E'!$A$129:$LD$140,{53,54,82,83,111,112,140,141},FALSE)) -> 0 | O49: =N49/N57 -> 0 | P49: =IFERROR((N49-L49)/N49,"-") -> - | Q49: =IFERROR((N49-H49)/N49,"-") -> -
B50: Other Asian | C50: 0 | D50: 0 | E50: =SUM(VLOOKUP($B$4,'2019E'!$A$115:$LD$126,{55,56,84,85,113,114,142,143},FALSE)) -> 0 | F50: =E50/$E$57 -> 0 | H50: =SUM(VLOOKUP($B$4,'2016E'!$A$129:$LD$140,{55,56,84,85,113,114,142,143},FALSE)) -> 0 | I50: =H50/H57 -> 0 | J50: =SUM(VLOOKUP($B$4,'2017E'!$A$129:$LD$140,{55,56,84,85,113,114,142,143},FALSE)) -> 1 | K50: =J50/J57 -> 0.00028288543 | L50: =SUM(VLOOKUP($B$4,'2018E'!$A$129:$LD$140,{55,56,84,85,113,114,142,143},FALSE)) -> 1 | M50: =L50/L57 -> 0.00025839793 | N50: =SUM(VLOOKUP($B$4,'2019E'!$A$129:$LD$140,{55,56,84,85,113,114,142,143},FALSE)) -> 0 | O50: =N50/N57 -> 0 | P50: =IFERROR((N50-L50)/N50,"-") -> - | Q50: =IFERROR((N50-H50)/N50,"-") -> -
B51: Black Caribbean | C51: 0 | D51: 0 | E51: =SUM(VLOOKUP($B$4,'2019E'!$A$115:$LD$126,{57,58,86,87,115,116,114,145},FALSE)) -> 0 | F51: =E51/$E$57 -> 0 | H51: =SUM(VLOOKUP($B$4,'2016E'!$A$129:$LD$140,{57,58,86,87,115,116,114,145},FALSE)) -> 0 | I51: =H51/H57 -> 0 | J51: =SUM(VLOOKUP($B$4,'2017E'!$A$129:$LD$140,{57,58,86,87,115,116,114,145},FALSE)) -> 0 | K51: =J51/J57 -> 0 | L51: =SUM(VLOOKUP($B$4,'2018E'!$A$129:$LD$140,{57,58,86,87,115,116,114,145},FALSE)) -> 0 | M51: =L51/L57 -> 0 | N51: =SUM(VLOOKUP($B$4,'2019E'!$A$129:$LD$140,{57,58,86,87,115,116,114,145},FALSE)) -> 0 | O51: =N51/N57 -> 0 | P51: =IFERROR((N51-L51)/N51,"-") -> - | Q51: =IFERROR((N51-H51)/N51,"-") -> -
B52: Black African | C52: 0 | D52: 0 | E52: =SUM(VLOOKUP($B$4,'2019E'!$A$115:$LD$126,{59,60,88,89,117,118,146,147},FALSE)) -> 0 | F52: =E52/$E$57 -> 0 | H52: =SUM(VLOOKUP($B$4,'2016E'!$A$129:$LD$140,{59,60,88,89,117,118,146,147},FALSE)) -> 0 | I52: =H52/H57 -> 0 | J52: =SUM(VLOOKUP($B$4,'2017E'!$A$129:$LD$140,{59,60,88,89,117,118,146,147},FALSE)) -> 0 | K52: =J52/J57 -> 0 | L52: =SUM(VLOOKUP($B$4,'2018E'!$A$129:$LD$140,{59,60,88,89,117,118,146,147},FALSE)) -> 0 | M52: =L52/L57 -> 0 | N52: =SUM(VLOOKUP($B$4,'2019E'!$A$129:$LD$140,{59,60,88,89,117,118,146,147},FALSE)) -> 0 | O52: =N52/N57 -> 0 | P52: =IFERROR((N52-L52)/N52,"-") -> - | Q52: =IFERROR((N52-H52)/N52,"-") -> -
B53: Black Other | C53: 0 | D53: 0 | E53: =SUM(VLOOKUP($B$4,'2019E'!$A$115:$LD$126,{61,62,90,91,119,120,148,149},FALSE)) -> 0 | F53: =E53/$E$57 -> 0 | H53: =SUM(VLOOKUP($B$4,'2016E'!$A$129:$LD$140,{61,62,90,91,119,120,148,149},FALSE)) -> 0 | I53: =H53/H57 -> 0 | J53: =SUM(VLOOKUP($B$4,'2017E'!$A$129:$LD$140,{61,62,90,91,119,120,148,149},FALSE)) -> 0 | K53: =J53/J57 -> 0 | L53: =SUM(VLOOKUP($B$4,'2018E'!$A$129:$LD$140,{61,62,90,91,119,120,148,149},FALSE)) -> 0 | M53: =L53/L57 -> 0 | N53: =SUM(VLOOKUP($B$4,'2019E'!$A$129:$LD$140,{61,62,90,91,119,120,148,149},FALSE)) -> 0 | O53: =N53/N57 -> 0 | P53: =IFERROR((N53-L53)/N53,"-") -> - | Q53: =IFERROR((N53-H53)/N53,"-") -> -
B54: Mixed ethnic group | C54: 0 | D54: 0 | E54: =SUM(VLOOKUP($B$4,'2019E'!$A$115:$LD$126,{63,64,92,93,121,122,150,151},FALSE)) -> 0 | F54: =E54/$E$57 -> 0 | H54: =SUM(VLOOKUP($B$4,'2016E'!$A$129:$LD$140,{63,64,92,93,121,122,150,151},FALSE)) -> 1 | I54: =H54/H57 -> 0.00031605563 | J54: =SUM(VLOOKUP($B$4,'2017E'!$A$129:$LD$140,{63,64,92,93,121,122,150,151},FALSE)) -> 0 | K54: =J54/J57 -> 0 | L54: =SUM(VLOOKUP($B$4,'2018E'!$A$129:$LD$140,{63,64,92,93,121,122,150,151},FALSE)) -> 0 | M54: =L54/L57 -> 0 | N54: =SUM(VLOOKUP($B$4,'2019E'!$A$129:$LD$140,{63,64,92,93,121,122,150,151},FALSE)) -> 0 | O54: =N54/N57 -> 0 | P54: =IFERROR((N54-L54)/N54,"-") -> - | Q54: =IFERROR((N54-H54)/N54,"-") -> -
B55: Other ethnic group | C55: 2 | D55: 0.00055263885 | E55: =SUM(VLOOKUP($B$4,'2019E'!$A$115:$LD$126,{65,66,94,95,123,124,152,153},FALSE)) -> 2 | F55: =E55/$E$57 -> 0.00055263885 | H55: =SUM(VLOOKUP($B$4,'2016E'!$A$129:$LD$140,{65,66,94,95,123,124,152,153},FALSE)) -> 1 | I55: =H55/H57 -> 0.00031605563 | J55: =SUM(VLOOKUP($B$4,'2017E'!$A$129:$LD$140,{65,66,94,95,123,124,152,153},FALSE)) -> 2 | K55: =J55/J57 -> 0.00056577086 | L55: =SUM(VLOOKUP($B$4,'2018E'!$A$129:$LD$140,{65,66,94,95,123,124,152,153},FALSE)) -> 2 | M55: =L55/L57 -> 0.00051679587 | N55: =SUM(VLOOKUP($B$4,'2019E'!$A$129:$LD$140,{65,66,94,95,123,124,152,153},FALSE)) -> 2 | O55: =N55/N57 -> 0.00056211355 | P55: =IFERROR((N55-L55)/N55,"-") -> 0 | Q55: =IFERROR((N55-H55)/N55,"-") -> 0.5
B56: Unspecified or not collected | C56: 13 | E56: =SUM(VLOOKUP($B$4,'2019E'!$A$115:$LD$126,{67,68,96,97,125,126,154,155},FALSE)) -> 13 | H56: =SUM(VLOOKUP($B$4,'2016E'!$A$129:$LD$140,{67,68,96,97,125,126,154,155},FALSE)) -> 12 | J56: =SUM(VLOOKUP($B$4,'2017E'!$A$129:$LD$140,{67,68,96,97,125,126,154,155},FALSE)) -> 22 | L56: =SUM(VLOOKUP($B$4,'2018E'!$A$129:$LD$140,{67,68,96,97,125,126,154,155},FALSE)) -> 16 | N56: =SUM(VLOOKUP($B$4,'2019E'!$A$129:$LD$140,{67,68,96,97,125,126,154,155},FALSE)) -> 13 | P56: =IFERROR((N56-L56)/N56,"-") -> -0.23076923 | Q56: =IFERROR((N56-H56)/N56,"-") -> 0.076923077
B57: Total | C57: 3619 | E57: =SUM(E44:E55) -> 3619 | H57: =SUM(H44:H55) -> 3164 | J57: =SUM(J44:J55) -> 3535 | L57: =SUM(L44:L55) -> 3870 | N57: =SUM(N44:N55) -> 3558
B58: *Board members, artistic staff, managers and 'other' staff
B61: Age - All groups* | P61: 18/19 to 19/20 | Q61: 16/17 to 19/20
B62: 16 to 24 years | C62: 540 | D62: =C62/$C$68 -> 0.12502894 | E62: {=SUM(VLOOKUP($B$4,'2019E'!$A$115:$LD$126,{172,173,187,188,202,203,217,218},FALSE))} -> 540 | F62: =E62/$E$68 -> 0.12502894 | H62: {=SUM(VLOOKUP($B$4,'2016E'!$A$129:$LD$140,{172,173,187,188,202,203,217,218},FALSE))} -> 764 | I62: =H62/$H$68 -> 0.14291059 | J62: {=SUM(VLOOKUP($B$4,'2017E'!$A$129:$LD$140,{172,173,187,188,202,203,217,218},FALSE))} -> 709 | K62: =J62/$J$68 -> 0.14228376 | L62: {=SUM(VLOOKUP($B$4,'2018E'!$A$129:$LD$140,{172,173,187,188,202,203,217,218},FALSE))} -> 812 | M62: =L62/$L$68 -> 0.14760953 | N62: {=SUM(VLOOKUP($B$4,'2019E'!$A$129:$LD$140,{172,173,187,188,202,203,217,218},FALSE))} -> 533 | O62: =N62/$N$68 -> 0.12911822 | P62: =IFERROR((N62-L62)/N62,"-") -> -0.52345216 | Q62: =IFERROR((N62-H62)/N62,"-") -> -0.43339587
B63: 25 to 34 years | C63: 1060 | D63: =C63/$C$68 -> 0.24542718 | E63: {=SUM(VLOOKUP($B$4,'2019E'!$A$115:$LD$126,{174,175,189,190,204,205,219,220},FALSE))} -> 1060 | F63: =E63/$E$68 -> 0.24542718 | H63: {=SUM(VLOOKUP($B$4,'2016E'!$A$129:$LD$140,{174,175,189,190,204,205,219,220},FALSE))} -> 1714 | I63: =H63/$H$68 -> 0.32061354 | J63: {=SUM(VLOOKUP($B$4,'2017E'!$A$129:$LD$140,{174,175,189,190,204,205,219,220},FALSE))} -> 1453 | K63: =J63/$J$68 -> 0.29159141 | L63: {=SUM(VLOOKUP($B$4,'2018E'!$A$129:$LD$140,{174,175,189,190,204,205,219,220},FALSE))} -> 1550 | M63: =L63/$L$68 -> 0.28176695 | N63: {=SUM(VLOOKUP($B$4,'2019E'!$A$129:$LD$140,{174,175,189,190,204,205,219,220},FALSE))} -> 1044 | O63: =N63/$N$68 -> 0.25290698 | P63: =IFERROR((N63-L63)/N63,"-") -> -0.48467433 | Q63: =IFERROR((N63-H63)/N63,"-") -> -0.64176245
B64: 35 to 44 years | C64: 1046 | D64: =C64/$C$68 -> 0.24218569 | E64: {=SUM(VLOOKUP($B$4,'2019E'!$A$115:$LD$126,{176,177,191,192,206,207,221,222},FALSE))} -> 1046 | F64: =E64/$E$68 -> 0.24218569 | H64: {=SUM(VLOOKUP($B$4,'2016E'!$A$129:$LD$140,{176,177,191,192,206,207,221,222},FALSE))} -> 1340 | I64: =H64/$H$68 -> 0.2506547 | J64: {=SUM(VLOOKUP($B$4,'2017E'!$A$129:$LD$140,{176,177,191,192,206,207,221,222},FALSE))} -> 1263 | K64: =J64/$J$68 -> 0.25346177 | L64: {=SUM(VLOOKUP($B$4,'2018E'!$A$129:$LD$140,{176,177,191,192,206,207,221,222},FALSE))} -> 1270 | M64: =L64/$L$68 -> 0.23086712 | N64: {=SUM(VLOOKUP($B$4,'2019E'!$A$129:$LD$140,{176,177,191,192,206,207,221,222},FALSE))} -> 1032 | O64: =N64/$N$68 -> 0.25 | P64: =IFERROR((N64-L64)/N64,"-") -> -0.23062016 | Q64: =IFERROR((N64-H64)/N64,"-") -> -0.29844961
B65: 45 to 54 years | C65: 919 | D65: =C65/$C$68 -> 0.21278074 | E65: {=SUM(VLOOKUP($B$4,'2019E'!$A$115:$LD$126,{178,179,193,194,208,209,223,224},FALSE))} -> 919 | F65: =E65/$E$68 -> 0.21278074 | H65: {=SUM(VLOOKUP($B$4,'2016E'!$A$129:$LD$140,{178,179,193,194,208,209,223,224},FALSE))} -> 893 | I65: =H65/$H$68 -> 0.16704078 | J65: {=SUM(VLOOKUP($B$4,'2017E'!$A$129:$LD$140,{178,179,193,194,208,209,223,224},FALSE))} -> 921 | K65: =J65/$J$68 -> 0.18482842 | L65: {=SUM(VLOOKUP($B$4,'2018E'!$A$129:$LD$140,{178,179,193,194,208,209,223,224},FALSE))} -> 1078 | M65: =L65/$L$68 -> 0.19596437 | N65: {=SUM(VLOOKUP($B$4,'2019E'!$A$129:$LD$140,{178,179,193,194,208,209,223,224},FALSE))} -> 906 | O65: =N65/$N$68 -> 0.21947674 | P65: =IFERROR((N65-L65)/N65,"-") -> -0.18984547 | Q65: =IFERROR((N65-H65)/N65,"-") -> 0.014348786
B66: 55 to 64 years | C66: 547 | D66: =C66/$C$68 -> 0.12664969 | E66: {=SUM(VLOOKUP($B$4,'2019E'!$A$115:$LD$126,{180,181,195,196,210,211,225,226},FALSE))} -> 547 | F66: =E66/$E$68 -> 0.12664969 | H66: {=SUM(VLOOKUP($B$4,'2016E'!$A$129:$LD$140,{180,181,195,196,210,211,225,226},FALSE))} -> 476 | I66: =H66/$H$68 -> 0.089038533 | J66: {=SUM(VLOOKUP($B$4,'2017E'!$A$129:$LD$140,{180,181,195,196,210,211,225,226},FALSE))} -> 473 | K66: =J66/$J$68 -> 0.094922737 | L66: {=SUM(VLOOKUP($B$4,'2018E'!$A$129:$LD$140,{180,181,195,196,210,211,225,226},FALSE))} -> 563 | M66: =L66/$L$68 -> 0.10234503 | N66: {=SUM(VLOOKUP($B$4,'2019E'!$A$129:$LD$140,{180,181,195,196,210,211,225,226},FALSE))} -> 540 | O66: =N66/$N$68 -> 0.13081395 | P66: =IFERROR((N66-L66)/N66,"-") -> -0.042592593 | Q66: =IFERROR((N66-H66)/N66,"-") -> 0.11851852
B67: 65+ years | C67: 207 | D67: =C67/$C$68 -> 0.047927761 | E67: {=SUM(VLOOKUP($B$4,'2019E'!$A$115:$LD$126,{182,183,197,198,212,213,227,228},FALSE))} -> 207 | F67: =E67/$E$68 -> 0.047927761 | H67: {=SUM(VLOOKUP($B$4,'2016E'!$A$129:$LD$140,{182,183,197,198,212,213,227,228},FALSE))} -> 159 | I67: =H67/$H$68 -> 0.029741863 | J67: {=SUM(VLOOKUP($B$4,'2017E'!$A$129:$LD$140,{182,183,197,198,212,213,227,228},FALSE))} -> 164 | K67: =J67/$J$68 -> 0.0329119 | L67: {=SUM(VLOOKUP($B$4,'2018E'!$A$129:$LD$140,{182,183,197,198,212,213,227,228},FALSE))} -> 228 | M67: =L67/$L$68 -> 0.04144701 | N67: =SUM(VLOOKUP($B$4,'2019E'!$A$129:$LD$140,{182,183,197,198,212,213,227,228},FALSE)) -> 73 | O67: =N67/$L$68 -> 0.013270314 | P67: =IFERROR((N67-L67)/N67,"-") -> -2.1232877 | Q67: =IFERROR((N67-H67)/N67,"-") -> -1.1780822
B68: Total | C68: 4319 | E68: =SUM(E62:E67) -> 4319 | H68: =SUM(H62:H67) -> 5346 | J68: =SUM(J62:J67) -> 4983 | L68: =SUM(L62:L67) -> 5501 | N68: =SUM(N62:N67) -> 4128
B69: *Board members, artistic staff, managers and 'other' staff
B72: Gender | C72: Male | D72: % | E72: Female | F72: % | G72: Total
B73: Board Members | C73: =SUM(VLOOKUP($B$4,'2019E'!$A$115:$LD$126,{184},FALSE)) -> 374 | D73: =C73/$G$73 -> 0.48382924 | E73: =SUM(VLOOKUP($B$4,'2019E'!$A$115:$LD$126,{185},FALSE)) -> 399 | F73: =E73/G73 -> 0.51617076 | G73: =SUM(C73+E73) -> 773
B74: Artistic Staff | C74: =SUM(VLOOKUP($B$4,'2019E'!$A$115:$LD$126,{199},FALSE)) -> 1236 | D74: =C74/$G$74 -> 0.4944 | E74: =SUM(VLOOKUP($B$4,'2019E'!$A$115:$LD$126,{200},FALSE)) -> 1264 | F74: =E74/G74 -> 0.5056 | G74: =SUM(C74+E74) -> 2500
B75: Managers | C75: =SUM(VLOOKUP($B$4,'2019E'!$A$115:$LD$126,{214},FALSE)) -> 65 | D75: =C75/$G$75 -> 0.35326087 | E75: =SUM(VLOOKUP($B$4,'2019E'!$A$115:$LD$126,{215},FALSE)) -> 119 | F75: =E75/G75 -> 0.64673913 | G75: =SUM(C75+E75) -> 184
B76: Others | C76: =SUM(VLOOKUP($B$4,'2019E'!$A$115:$LD$126,{229},FALSE)) -> 382 | D76: =C76/$G$76 -> 0.44470314 | E76: =SUM(VLOOKUP($B$4,'2019E'!$A$115:$LD$126,{230},FALSE)) -> 477 | F76: =E76/G76 -> 0.55529686 | G76: =SUM(C76+E76) -> 859
B77: Total | C77: =SUM(C73:C76) -> 2057 | D77: =C77/G77 -> 0.4765987 | E77: =SUM(E73:E76) -> 2259 | F77: =E77/G77 -> 0.5234013 | G77: =SUM(C77+E77) -> 4316

Sheet  2. FINANCE
B1: Arts Council of Northern Ireland - Annual Funding Survey - 2016/17 to 2019/20
B2: 2. Income and expenditure
B4: All Organisations
B5: * Click into above cell for drop-down menu
C7: Full Portfolio: 97 | E7: Current Selection: | F7: =VLOOKUP($B$4,'2019F'!$A$104:$B$115,2,FALSE) -> 97 | H7: Constant Sample: | I7: =VLOOKUP(' 2. FINANCE'!B4,'2019F'!$119:$130,2,FALSE) -> 93
H8: 2016/17 | J8: 2017/18 | L8: 2018/19 | N8: 2019/20 | P8: % Change
B10: Income Type | C10: £000's | E10: £000's | F10: % | H10: £000's | J10: £000's | L10: £000s | N10: £000s | P10: 18/19 to 19/20 | Q10: 16/17 to 19/20
B11: Earned Income | C11: 22812.296 | D11: 0.45273063 | E11: =VLOOKUP($B$4,'2019F'!$A:$BO,60,FALSE)/1000 -> 22812.296 | F11: =E11/$E$17 -> 0.45273063 | H11: =VLOOKUP($B$4,'2016F'!$A$123:$BO$135,60,FALSE)/1000 -> 19816.883 | I11: =H11/$H$17 -> 0.43305394 | J11: =VLOOKUP($B$4,'2017F'!$A$123:$BO$135,60,FALSE)/1000 -> 20172.431 | K11: =J11/$J$17 -> 0.43648206 | L11: =VLOOKUP($B$4,'2018F'!$A$118:$BO$132,60,FALSE)/1000 -> 24576.144 | M11: =L11/$L$17 -> 0.48372827 | N11: =VLOOKUP($B$4,'2019F'!$A$118:$BO$132,60,FALSE)/1000 -> 22511.328 | O11: =N11/$N$17 -> 0.45754341 | P11: =IFERROR((N11-L11)/N11,"-") -> -0.091723388 | Q11: =IFERROR((N11-H11)/N11,"-") -> 0.11969288
B12: Arts Council subsidy | C12: 13857.589 | D12: 0.27501637 | E12: =VLOOKUP($B$4,'2019F'!$A:$BO,40,FALSE)/1000 -> 13857.589 | F12: =E12/$E$17 -> 0.27501637 | H12: =VLOOKUP($B$4,'2016F'!$A$123:$BO$135,40,FALSE)/1000 -> 12485.181 | I12: =H12/$H$17 -> 0.2728359 | J12: =VLOOKUP($B$4,'2017F'!$A$123:$BO$135,40,FALSE)/1000 -> 12907.625 | K12: =J12/$J$17 -> 0.27928944 | L12: =VLOOKUP($B$4,'2018F'!$A$118:$BO$132,40,FALSE)/1000 -> 12665.621 | M12: =L12/$L$17 -> 0.24929538 | N12: =VLOOKUP($B$4,'2019F'!$A$118:$BO$132,40,FALSE)/1000 -> 13202.929 | O12: =N12/$N$17 -> 0.26834991 | P12: =IFERROR((N12-L12)/N12,"-") -> 0.040696069 | Q12: =IFERROR((N12-H12)/N12,"-") -> 0.054362738
B13: Contributed income | C13: 3486.8168 | D13: 0.069199031 | E13: =VLOOKUP($B$4,'2019F'!$A:$BO,64,FALSE)/1000 -> 3486.8168 | F13: =E13/$E$17 -> 0.069199031 | H13: =VLOOKUP($B$4,'2016F'!$A$123:$BO$135,64,FALSE)/1000 -> 3102.4701 | I13: =H13/$H$17 -> 0.067797591 | J13: =VLOOKUP($B$4,'2017F'!$A$123:$BO$135,64,FALSE)/1000 -> 3359.6909 | K13: =J13/$J$17 -> 0.072695491 | L13: =VLOOKUP($B$4,'2018F'!$A$118:$BO$132,64,FALSE)/1000 -> 3013.8268 | M13: =L13/$L$17 -> 0.059320666 | N13: =VLOOKUP($B$4,'2019F'!$A$118:$BO$132,64,FALSE)/1000 -> 3399.1378 | O13: =N13/$N$17 -> 0.069087576 | P13: =IFERROR((N13-L13)/N13,"-") -> 0.11335553 | Q13: =IFERROR((N13-H13)/N13,"-") -> 0.087277359
B14: Local authority subsidy | C14: 3497.5157 | D14: 0.069411359 | E14: =VLOOKUP($B$4,'2019F'!$A:$BO,43,FALSE)/1000 -> 3497.5157 | F14: =E14/$E$17 -> 0.069411359 | H14: =VLOOKUP($B$4,'2016F'!$A$123:$BO$135,43,FALSE)/1000 -> 2781.1917 | I14: =H14/$H$17 -> 0.060776765 | J14: =VLOOKUP($B$4,'2017F'!$A$123:$BO$135,43,FALSE)/1000 -> 3120.9452 | K14: =J14/$J$17 -> 0.067529619 | L14: =VLOOKUP($B$4,'2018F'!$A$118:$BO$132,43,FALSE)/1000 -> 3295.6016 | M14: =L14/$L$17 -> 0.064866794 | N14: =VLOOKUP($B$4,'2019F'!$A$118:$BO$132,43,FALSE)/1000 -> 3377.1547 | O14: =N14/$N$17 -> 0.068640768 | P14: =IFERROR((N14-L14)/N14,"-") -> 0.024148471 | Q14: =IFERROR((N14-H14)/N14,"-") -> 0.17646897
B15: NI Government departments | C15: 3292.4391 | D15: 0.065341429 | E15: =VLOOKUP($B$4,'2019F'!$A:$BO,42,FALSE)/1000 -> 3292.4391 | F15: =E15/$E$17 -> 0.065341429 | H15: =VLOOKUP($B$4,'2016F'!$A$123:$BO$135,42,FALSE)/1000 -> 3792.3047 | I15: =H15/$H$17 -> 0.082872394 | J15: =VLOOKUP($B$4,'2017F'!$A$123:$BO$135,42,FALSE)/1000 -> 3460.5552 | K15: =J15/$J$17 -> 0.074877949 | L15: =VLOOKUP($B$4,'2018F'!$A$118:$BO$132,42,FALSE)/1000 -> 3437.4859 | M15: =L15/$L$17 -> 0.06765948 | N15: =VLOOKUP($B$4,'2019F'!$A$118:$BO$132,42,FALSE)/1000 -> 3278.6711 | O15: =N15/$N$17 -> 0.066639086 | P15: =IFERROR((N15-L15)/N15,"-") -> -0.048438768 | Q15: =IFERROR((N15-H15)/N15,"-") -> -0.15665907
B16: Other public subsidy | C16: 3441.5754 | D16: 0.068301174 | E16: =VLOOKUP($B$4,'2019F'!$A:$BO,48,FALSE)/1000 -> 3441.5754 | F16: =E16/$E$17 -> 0.068301174 | H16: =VLOOKUP($B$4,'2016F'!$A$123:$BO$135,48,FALSE)/1000 -> 3782.7413 | I16: =H16/$H$17 -> 0.082663406 | J16: =VLOOKUP($B$4,'2017F'!$A$123:$BO$135,48,FALSE)/1000 -> 3194.6979 | K16: =J16/$J$17 -> 0.069125447 | L16: =VLOOKUP($B$4,'2018F'!$A$118:$BO$132,48,FALSE)/1000 -> 3817.0007 | M16: =L16/$L$17 -> 0.075129408 | N16: =VLOOKUP($B$4,'2019F'!$A$118:$BO$132,48,FALSE)/1000 -> 3431.2004 | O16: =N16/$N$17 -> 0.069739249 | P16: =IFERROR((N16-L16)/N16,"-") -> -0.11243885 | Q16: =IFERROR((N16-H16)/N16,"-") -> -0.10245418
B17: Total | C17: =SUM(C11:C16) -> 50388.232 | E17: =SUM(E11:E16) -> 50388.232 | H17: =SUM(H11:H16) -> 45760.772 | J17: =SUM(J11:J16) -> 46215.945 | L17: =SUM(L11:L16) -> 50805.68 | N17: =SUM(N11:N16) -> 49200.421 | P17: =IFERROR((N17-L17)/N17,"-") -> -0.032626933 | Q17: =IFERROR((N17-H17)/N17,"-") -> 0.069910978
B20: Expenditure Type | C20: £000's | E20: £000's | F20: % | H20: £000's | J20: £000's | L20: £000s | N20: £000s | P20: 18/19 to 19/20 | Q20: 16/17 to 19/20
B21: Salaries | C21: 15600.204 | D21: 0.29297093 | E21: =VLOOKUP($B$4,'2019F'!$A:$BO,15,FALSE)/1000 -> 15600.204 | F21: =E21/$E$28 -> 0.29787237 | H21: =VLOOKUP($B$4,'2016F'!$A$123:$BO$135,15,FALSE)/1000 -> 13647.207 | I21: =H21/$H$28 -> 0.29692556 | J21: =VLOOKUP($B$4,'2017F'!$A$123:$BO$135,15,FALSE)/1000 -> 14341.632 | K21: =J21/$J$28 -> 0.30355727 | L21: =VLOOKUP($B$4,'2018F'!$118:$130,15,FALSE)/1000 -> 14686.526 | M21: =L21/$L$28 -> 0.28627751 | N21: =VLOOKUP($B$4,'2019F'!$118:$130,15,FALSE)/1000 -> 15138.574 | O21: =N21/$N$28 -> 0.29589358 | P21: =IFERROR((N21-L21)/N21,"-") -> 0.029860702 | Q21: =IFERROR((N21-H21)/N21,"-") -> 0.098514368
B22: Overheads | C22: 5852.392 | D22: 0.10865288 | E22: =VLOOKUP($B$4,'2019F'!$A:$BO,25,FALSE)/1000 -> 5852.392 | F22: =E22/$E$28 -> 0.11174635 | H22: =VLOOKUP($B$4,'2016F'!$A$123:$BO$135,25,FALSE)/1000 -> 4957.6623 | I22: =H22/$H$28 -> 0.10786505 | J22: =VLOOKUP($B$4,'2017F'!$A$123:$BO$135,25,FALSE)/1000 -> 5332.809 | K22: =J22/$J$28 -> 0.11287508 | L22: =VLOOKUP($B$4,'2018F'!$118:$130,25,FALSE)/1000 -> 5609.7042 | M22: =L22/$L$28 -> 0.10934731 | N22: =VLOOKUP($B$4,'2019F'!$118:$130,25,FALSE)/1000 -> 5759.4632 | O22: =N22/$N$28 -> 0.11257257 | P22: =IFERROR((N22-L22)/N22,"-") -> 0.026002262 | Q22: =IFERROR((N22-H22)/N22,"-") -> 0.13921452
B23: Artists' Costs | C23: 17510.53 | D23: 0.35228288 | E23: =VLOOKUP($B$4,'2019F'!$A:$BO,27,FALSE)/1000 -> 17510.53 | F23: =E23/$E$28 -> 0.33434838 | H23: =VLOOKUP($B$4,'2016F'!$A$123:$BO$135,27,FALSE)/1000 -> 15863.693 | I23: =H23/$H$28 -> 0.34515018 | J23: =VLOOKUP($B$4,'2017F'!$A$123:$BO$135,27,FALSE)/1000 -> 16133.37 | K23: =J23/$J$28 -> 0.34148148 | L23: =VLOOKUP($B$4,'2018F'!$118:$130,27,FALSE)/1000 -> 18603.965 | M23: =L23/$L$28 -> 0.36263831 | N23: =VLOOKUP($B$4,'2019F'!$118:$130,27,FALSE)/1000 -> 17414.148 | O23: =N23/$N$28 -> 0.34037119 | P23: =IFERROR((N23-L23)/N23,"-") -> -0.068324745 | Q23: =IFERROR((N23-H23)/N23,"-") -> 0.089034193
B24: Publicity and marketing | C24: 1568.1851 | D24: 0.029883776 | E24: =VLOOKUP($B$4,'2019F'!$A:$BO,29,FALSE)/1000 -> 1568.1851 | F24: =E24/$E$28 -> 0.029943134 | H24: =VLOOKUP($B$4,'2016F'!$A$123:$BO$135,29,FALSE)/1000 -> 1624.1864 | I24: =H24/$H$28 -> 0.035337814 | J24: =VLOOKUP($B$4,'2017F'!$A$123:$BO$135,29,FALSE)/1000 -> 1687.7708 | K24: =J24/$J$28 -> 0.035723624 | L24: =VLOOKUP($B$4,'2018F'!$118:$130,29,FALSE)/1000 -> 1541.0875 | M24: =L24/$L$28 -> 0.030039691 | N24: =VLOOKUP($B$4,'2019F'!$118:$130,29,FALSE)/1000 -> 1534.3761 | O24: =N24/$N$28 -> 0.029990409 | P24: =IFERROR((N24-L24)/N24,"-") -> -0.0043740169 | Q24: =IFERROR((N24-H24)/N24,"-") -> -0.058532134
B25: Equipment and materials | C25: 1651.1742 | D25: 0.038037029 | E25: =VLOOKUP($B$4,'2019F'!$A:$BO,35,FALSE)/1000 -> 1651.1742 | F25: =E25/$E$28 -> 0.031527738 | H25: =VLOOKUP($B$4,'2016F'!$A$123:$BO$135,35,FALSE)/1000 -> 1811.3717 | I25: =H25/$H$28 -> 0.039410449 | J25: =VLOOKUP($B$4,'2017F'!$A$123:$BO$135,35,FALSE)/1000 -> 1751.5734 | K25: =J25/$J$28 -> 0.037074081 | L25: =VLOOKUP($B$4,'2018F'!$118:$130,35,FALSE)/1000 -> 1923.5153 | M25: =L25/$L$28 -> 0.037494176 | N25: =VLOOKUP($B$4,'2019F'!$118:$130,35,FALSE)/1000 -> 1645.9994 | O25: =N25/$N$28 -> 0.032172162 | P25: =IFERROR((N25-L25)/N25,"-") -> -0.16860022 | Q25: =IFERROR((N25-H25)/N25,"-") -> -0.10046923
B26: Venue Costs | C26: 594.66666 | D26: 0.013079187 | E26: =VLOOKUP($B$4,'2019F'!$A:$BO,32,FALSE)/1000 -> 594.66666 | F26: =E26/$E$28 -> 0.011354644 | H26: =VLOOKUP($B$4,'2016F'!$A$123:$BO$135,32,FALSE)/1000 -> 544.19749 | I26: =H26/$H$28 -> 0.011840235 | J26: =VLOOKUP($B$4,'2017F'!$A$123:$BO$135,32,FALSE)/1000 -> 529.69394 | K26: =J26/$J$28 -> 0.011211586 | L26: =VLOOKUP($B$4,'2018F'!$118:$130,32,FALSE)/1000 -> 634.42201 | M26: =L26/$L$28 -> 0.012366489 | N26: =VLOOKUP($B$4,'2019F'!$118:$130,32,FALSE)/1000 -> 546.2267 | O26: =N26/$N$28 -> 0.010676367 | P26: =IFERROR((N26-L26)/N26,"-") -> -0.16146283 | Q26: =IFERROR((N26-H26)/N26,"-") -> 0.0037149594
B27: Other Costs (Core and Programme) | C27: 9594.9575 | D27: 0.16509332 | E27: =VLOOKUP($B$4,'2019F'!$A:$BO,67,FALSE)/1000 -> 9594.9575 | F27: =E27/$E$28 -> 0.18320739 | H27: =VLOOKUP($B$4,'2016F'!$A$123:$BO$135,67,FALSE)/1000 -> 7513.3935 | I27: =H27/$H$28 -> 0.16347071 | J27: =VLOOKUP($B$4,'2017F'!$A$123:$BO$135,67,FALSE)/1000 -> 7468.3777 | K27: =J27/$J$28 -> 0.15807687 | L27: =VLOOKUP($B$4,'2018F'!$118:$130,67,FALSE)/1000 -> 8302.4894 | M27: =L27/$L$28 -> 0.16183651 | N27: =VLOOKUP($B$4,'2019F'!$118:$130,67,FALSE)/1000 -> 9123.4392 | O27: =N27/$N$28 -> 0.17832373 | P27: =IFERROR((N27-L27)/N27,"-") -> 0.089982494 | Q27: =IFERROR((N27-H27)/N27,"-") -> 0.17647355
B28: Total | C28: 52372.11 | E28: =SUM(E21:E27) -> 52372.11 | H28: =SUM(H21:H27) -> 45961.712 | J28: =SUM(J21:J27) -> 47245.227 | L28: =SUM(L21:L27) -> 51301.709 | N28: =SUM(N21:N27) -> 51162.227 | P28: =IFERROR((N28-L28)/N28,"-") -> -0.0027262781 | Q28: =IFERROR((N28-H28)/N28,"-") -> 0.10164755
N30: =L28-N28 -> 139.48246

Sheet 2018A
A119: 1 | B119: 2 | C119: 3 | D119: 4 | E119: 5 | F119: 6 | G119: 7 | H119: 8 | I119: 9 | J119: 10 | K119: 11 | L119: 12 | M119: 13 | N119: 14 | O119: 15 | P119: 16 | Q119: 17 | R119: 18 | S119: 19 | T119: 20 | U119: 21 | V119: 22 | W119: 23 | X119: 24 | Y119: 25 | Z119: 26 | AA119: 27 | AB119: 28 | AC119: 29 | AD119: 30 | AE119: 31 | AF119: 32 | AG119: 33 | AH119: 34 | AI119: 35 | AJ119: 36 | AK119: 37 | AL119: 38 | AM119: 39 | AN119: 40 | AO119: 41 | AP119: 42 | AQ119: 43 | AR119: 44 | AS119: 45 | AT119: 46 | AU119: 47 | AV119: 48 | AW119: 49 | AX119: 50 | AY119: 51 | AZ119: 52 | BA119: 53 | BB119: 54 | BC119: 55 | BD119: 56 | BE119: 57 | BF119: 58 | BG119: 59 | BH119: 60 | BI119: 61 | BJ119: 62 | BK119: 63 | BL119: 64 | BM119: 65 | BN119: 66 | BO119: 67 | BP119: 68 | BQ119: 69 | BR119: 70 | BS119: 71 | BT119: 72 | BU119: 73 | BV119: 74 | BW119: 75 | BX119: 76 | BY119: 77 | BZ119: 78 | CA119: 79 | CB119: 80 | CC119: 81 | CD119: 82 | CE119: 83 | CF119: 84 | CG119: 85 | CH119: 86 | CI119: 87 | CJ119: 88 | CK119: 89 | CL119: 90 | CM119: 91 | CN119: 92 | CO119: 93 | CP119: 94 | CQ119: 95 | CR119: 96 | CS119: 97 | CT119: 98 | CU119: 99 | CV119: 100 | CW119: 101 | CX119: 102 | CY119: 103 | CZ119: 104 | DA119: 105 | DB119: 106 | DC119: 107 | DD119: 108 | DE119: 109 | DF119: 110 | DG119: 111 | DH119: 112 | DI119: 113 | DJ119: 114 | DK119: 115 | DL119: 116 | DM119: 117 | DN119: 118 | DO119: 119 | DP119: 120 | DQ119: 121 | DR119: 122 | DS119: 123 | DT119: 124 | DU119: 125 | DV119: 126 | DW119: 127 | DX119: 128 | DY119: 129 | DZ119: 130 | EA119: 131 | EB119: 132 | EC119: 133 | ED119: 134 | EE119: 135 | EF119: 136 | EG119: 137 | EH119: 138 | EI119: 139 | EJ119: 140 | EK119: 141 | EL119: 142 | EM119: 143 | EN119: 144 | EO119: 145 | EP119: 146 | EQ119: 147 | ER119: 148 | ES119: 149 | ET119: 150 | EU119: 151 | EV119: 152 | EW119: 153 | EX119: 154 | EY119: 155 | EZ119: 156 | FA119: 157 | FB119: 158 | FC119: 159 | FD119: 160 | FE119: 161 | FF119: 162 | FG119: 163 | FH119: 164 | FI119: 165 | FJ119: 166 | FK119: 167 | FL119: 168 | FM119: 169 | FN119: 170 | FO119: 171 | FP119: 172 | FQ119: 173 | FR119: 174 | FS119: 175 | FT119: 176 | FU119: 177 | FV119: 178 | FW119: 179
A120: All Organisations | B120: 102 | O120: 8904 | P120: 58905 | Q120: 615 | R120: 1078 | S120: 95622 | T120: 825456 | U120: 1793131 | V120: 498998 | W120: 732413 | X120: 154558 | Y120: 1461861 | Z120: 168742 | AA120: 486785 | AB120: 34878885 | AC120: 58778195 | AD120: 366 | AE120: 528 | AF120: 585 | AG120: 94147 | AH120: 2546500 | AI120: 25635000 | AJ120: 7007692 | AK120: 25742840 | AL120: 19660 | AM120: 764 | AN120: 25299702 | AO120: 7401591 | AP120: 982 | AQ120: 387 | AR120: 7 | AS120: 422 | AT120: 2976 | AU120: 585 | AV120: 14182 | AW120: 1382 | AX120: 6790 | AY120: 126 | AZ120: 0 | BA120: 28 | BB120: 2639 | BC120: 1306 | BD120: 20913 | BE120: 8298 | BF120: 55 | BG120: 15 | BH120: 0 | BI120: 18 | BJ120: 581 | BK120: 40 | BL120: 711 | BM120: 142 | BN120: 15 | BO120: 0 | BP120: 0 | BQ120: 2 | BR120: 2 | BS120: 0 | BT120: 3 | BU120: 22 | BV120: 12 | BW120: 17 | BX120: 0 | BY120: 16 | BZ120: 30 | CA120: 18 | CB120: 442 | CC120: 288 | CD120: 1255527 | CE120: 617921.76 | CF120: 91354 | CG120: 203299.24 | CH120: 16040938 | CI120: 19.533034 | CJ120: 0.23344828 | CK120: 0.15483333 | CL120: 0.45057971 | CM120: 0.12939 | CN120: 0.20920635 | CO120: 0.46920482 | CP120: 0.12378261 | CQ120: 61 | CR120: 15 | CS120: 34 | CT120: 18 | CU120: 57 | CV120: 16 | CW120: 14 | CX120: 7 | CY120: 26 | CZ120: 11 | DA120: 2 | DB120: 16 | DC120: 45 | DD120: 11 | DE120: 11 | DF120: 26 | DG120: 9 | DH120: 11 | DI120: 3 | DJ120: 12 | DK120: 46 | DL120: 6 | DM120: 19 | DN120: 6 | DO120: 43 | DP120: 6 | DQ120: 12 | DR120: 12 | DS120: 17 | DT120: 12 | DU120: 20 | DV120: 7 | DW120: 8 | DX120: 3 | DY120: 2597 | DZ120: 589 | EA120: 371 | EB120: 532 | EC120: 12 | ED120: 85 | EE120: 24 | EF120: 73 | EG120: 7 | EH120: 90 | EI120: 7 | EJ120: 90 | EK120: 22 | EL120: 75 | EM120: 21 | EN120: 76 | EO120: 9 | EP120: 88 | EQ120: 23 | ER120: 74 | ES120: 14 | ET120: 83 | EU120: 13 | EV120: 84 | EW120: 4 | EX120: 92 | EY120: 115 | EZ120: 6615 | FA120: 11741 | FB120: 138 | FC120: 2343 | FD120: 3996 | FE120: 8484 | FF120: 7911 | FG120: 1247 | FH120: 443 | FI120: 7199 | FJ120: 15 | FK120: 9288 | FL120: 17350 | FM120: 36 | FN120: 769 | FO120: 1050 | FP120: 5 | FQ120: 1632 | FR120: 0 | FS120: 0 | FT120: 0 | FU120: 0 | FV120: 3 | FW120: 2
A121: Drama | B121: 15 | O121: 1984 | P121: 1268 | Q121: 2 | R121: 17 | S121: 9682 | T121: 206714 | U121: 64315 | V121: 41567 | W121: 1302 | X121: 0 | Y121: 400 | Z121: 1031 | AA121: 3100 | AB121: 13680 | AC121: 15032702 | AD121: 8 | AE121: 24 | AF121: 0 | AG121: 9650 | AH121: 0 | AI121: 2356000 | AJ121: 0 | AK121: 10999000 | AL121: 0 | AM121: 0 | AN121: 13680 | AO121: 1677702 | AP121: 338 | AQ121: 310 | AR121: 0 | AS121: 312 | AT121: 744 | AU121: 0 | AV121: 1183 | AW121: 450 | AX121: 0 | AY121: 0 | AZ121: 0 | BA121: 0 | BB121: 57 | BC121: 0 | BD121: 424 | BE121: 0 | BF121: 0 | BG121: 0 | BH121: 0 | BI121: 0 | BJ121: 0 | BK121: 0 | BL121: 0 | BM121: 0 | BN121: 0 | BO121: 0 | BP121: 0 | BQ121: 0 | BR121: 0 | BS121: 0 | BT121: 0 | BU121: 0 | BV121: 0 | BW121: 2 | BX121: 0 | BY121: 0 | BZ121: 0 | CA121: 0 | CB121: 9 | CC121: 0 | CD121: 189410 | CE121: 71038 | CF121: 12033 | CG121: 31159 | CH121: 1468776.8 | CI121: 14.372015 | CJ121: 0.193 | CK121: 0.12857143 | CL121: 0.51076923 | CM121: 0.085555556 | CN121: 0.145 | CO121: 0.508 | CP121: 0.091666667 | CQ121: 8 | CR121: 3 | CS121: 4 | CT121: 2 | CU121: 9 | CV121: 3 | CW121: 2 | CX121: 0 | CY121: 6 | CZ121: 2 | DA121: 0 | DB121: 2 | DC121: 8 | DD121: 4 | DE121: 2 | DF121: 1 | DG121: 3 | DH121: 0 | DI121: 0 | DJ121: 2 | DK121: 5 | DL121: 1 | DM121: 2 | DN121: 3 | DO121: 5 | DP121: 1 | DQ121: 0 | DR121: 0 | DS121: 0 | DT121: 3 | DU121: 0 | DV121: 0 | DW121: 0 | DX121: 0 | DY121: 92 | DZ121: 252 | EA121: 49 | EB121: 0 | EC121: 1 | ED121: 14 | EE121: 2 | EF121: 13 | EG121: 0 | EH121: 15 | EI121: 0 | EJ121: 15 | EK121: 1 | EL121: 14 | EM121: 1 | EN121: 14 | EO121: 1 | EP121: 14 | EQ121: 0 | ER121: 15 | ES121: 1 | ET121: 14 | EU121: 1 | EV121: 14 | EW121: 1 | EX121: 14 | EY121: 30 | EZ121: 13 | FA121: 0 | FB121: 0 | FC121: 7 | FD121: 1935 | FE121: 9 | FF121: 0 | FG121: 9 | FH121: 9 | FI121: 72 | FJ121: 0 | FK121: 0 | FL121: 0 | FM121: 0 | FN121: 0 | FO121: 0 | FP121: 0 | FQ121: 0 | FR121: 0 | FS121: 0 | FT121: 0 | FU121: 0 | FV121: 0 | FW121: 0
A122: Traditional Arts | B122: 12 | O122: 1100 | P122: 10826 | Q122: 5 | R122: 65 | S122: 630 | T122: 7332 | U122: 51475 | V122: 2996 | W122: 110691 | X122: 800 | Y122: 19300 | Z122: 12453 | AA122: 146024 | AB122: 555643 | AC122: 62580 | AD122: 8 | AE122: 10 | AF122: 1 | AG122: 611 | AH122: 0 | AI122: 1000 | AJ122: 0 | AK122: 60580 | AL122: 0 | AM122: 0 | AN122: 555643 | AO122: 1000 | AP122: 0 | AQ122: 0 | AR122: 0 | AS122: 0 | AT122: 39 | AU122: 0 | AV122: 762 | AW122: 46 | AX122: 0 | AY122: 0 | AZ122: 0 | BA122: 0 | BB122: 80 | BC122: 0 | BD122: 3293 | BE122: 0 | BF122: 0 | BG122: 0 | BH122: 0 | BI122: 0 | BJ122: 0 | BK122: 0 | BL122: 2 | BM122: 0 | BN122: 0 | BO122: 0 | BP122: 0 | BQ122: 0 | BR122: 2 | BS122: 0 | BT122: 2 | BU122: 0 | BV122: 0 | BW122: 0 | BX122: 0 | BY122: 0 | BZ122: 3 | CA122: 0 | CB122: 11 | CC122: 8 | CD122: 24722 | CE122: 15247 | CF122: 723 | CG122: 559 | CH122: 363686.5 | CI122: 23.009395 | CJ122: 0.14 | CK122: 0.21333333 | CL122: 0.5375 | CM122: 0.05 | CN122: 0.33625 | CO122: 0.5475 | CP122: #DIV/0! | CQ122: 5 | CR122: 0 | CS122: 2 | CT122: 2 | CU122: 8 | CV122: 1 | CW122: 3 | CX122: 0 | CY122: 2 | CZ122: 2 | DA122: 0 | DB122: 3 | DC122: 2 | DD122: 0 | DE122: 0 | DF122: 3 | DG122: 0 | DH122: 1 | DI122: 1 | DJ122: 0 | DK122: 8 | DL122: 0 | DM122: 5 | DN122: 0 | DO122: 8 | DP122: 0 | DQ122: 2 | DR122: 1 | DS122: 3 | DT122: 0 | DU122: 0 | DV122: 0 | DW122: 0 | DX122: 0 | DY122: 70 | DZ122: 0 | EA122: 40 | EB122: 0 | EC122: 2 | ED122: 9 | EE122: 1 | EF122: 10 | EG122: 0 | EH122: 11 | EI122: 1 | EJ122: 10 | EK122: 1 | EL122: 10 | EM122: 1 | EN122: 10 | EO122: 1 | EP122: 10 | EQ122: 1 | ER122: 10 | ES122: 0 | ET122: 11 | EU122: 0 | EV122: 11 | EW122: 0 | EX122: 11 | EY122: 4 | EZ122: 2892 | FA122: 0 | FB122: 34 | FC122: 15 | FD122: 67 | FE122: 164 | FF122: 4 | FG122: 0 | FH122: 0 | FI122: 0 | FJ122: 0 | FK122: 0 | FL122: 0 | FM122: 0 | FN122: 0 | FO122: 0 | FP122: 0 | FQ122: 0 | FR122: 0 | FS122: 0 | FT122: 0 | FU122: 0 | FV122: 0 | FW122: 0
A123: Combined | B123: 30 | O123: 2647 | P123: 30373 | Q123: 289 | R123: 637 | S123: 5185 | T123: 498273 | U123: 198880 | V123: 237324 | W123: 160180 | X123: 77941 | Y123: 1213208 | Z123: 115279 | AA123: 124085 | AB123: 28729911 | AC123: 4496901 | AD123: 331 | AE123: 352 | AF123: 69 | AG123: 4438 | AH123: 2296400 | AI123: 2070000 | AJ123: 6852692 | AK123: 1863200 | AL123: 4715 | AM123: 744 | AN123: 19576273 | AO123: 564957 | AP123: 20 | AQ123: 77 | AR123: 7 | AS123: 87 | AT123: 2078 | AU123: 556 | AV123: 10433 | AW123: 133 | AX123: 0 | AY123: 126 | AZ123: 0 | BA123: 27 | BB123: 1886 | BC123: 481 | BD123: 7399 | BE123: 564 | BF123: 0 | BG123: 15 | BH123: 0 | BI123: 15 | BJ123: 36 | BK123: 21 | BL123: 116 | BM123: 22 | BN123: 13 | BO123: 0 | BP123: 0 | BQ123: 0 | BR123: 0 | BS123: 0 | BT123: 1 | BU123: 0 | BV123: 5 | BW123: 15 | BX123: 0 | BY123: 16 | BZ123: 18 | CA123: 18 | CB123: 223 | CC123: 5 | CD123: 937167 | CE123: 468918 | CF123: 69022 | CG123: 157508 | CH123: 13356620 | CI123: 21.321944 | CJ123: 0.265 | CK123: 0.14341176 | CL123: 0.50636364 | CM123: 0.10889231 | CN123: 0.18052632 | CO123: 0.41216 | CP123: 0.2 | CQ123: 20 | CR123: 4 | CS123: 12 | CT123: 9 | CU123: 13 | CV123: 4 | CW123: 6 | CX123: 3 | CY123: 8 | CZ123: 2 | DA123: 1 | DB123: 4 | DC123: 14 | DD123: 4 | DE123: 3 | DF123: 10 | DG123: 3 | DH123: 5 | DI123: 0 | DJ123: 6 | DK123: 15 | DL123: 2 | DM123: 9 | DN123: 0 | DO123: 14 | DP123: 2 | DQ123: 8 | DR123: 9 | DS123: 9 | DT123: 8 | DU123: 9 | DV123: 6 | DW123: 6 | DX123: 3 | DY123: 55 | DZ123: 308 | EA123: 177 | EB123: 532 | EC123: 5 | ED123: 23 | EE123: 10 | EF123: 18 | EG123: 4 | EH123: 24 | EI123: 2 | EJ123: 26 | EK123: 9 | EL123: 19 | EM123: 8 | EN123: 20 | EO123: 3 | EP123: 25 | EQ123: 7 | ER123: 21 | ES123: 4 | ET123: 24 | EU123: 4 | EV123: 24 | EW123: 1 | EX123: 27 | EY123: 53 | EZ123: 834 | FA123: 11713 | FB123: 36 | FC123: 1070 | FD123: 594 | FE123: 3304 | FF123: 4614 | FG123: 1166 | FH123: 104 | FI123: 0 | FJ123: 2 | FK123: 0 | FL123: 800 | FM123: 6 | FN123: 0 | FO123: 6 | FP123: 0 | FQ123: 0 | FR123: 0 | FS123: 0 | FT123: 0 | FU123: 0 | FV123: 1 | FW123: 0
A124: Visual Arts | B124: 19 | O124: 91 | P124: 7798 | Q124: 230 | R124: 17 | S124: 156 | T124: 4920 | U124: 1643 | V124: 121438 | W124: 432335 | X124: 72438 | Y124: 182912 | Z124: 19258 | AA124: 48100 | AB124: 884806 | AC124: 6002580 | AD124: 2 | AE124: 17 | AF124: 2 | AG124: 134 | AH124: 0 | AI124: 1600000 | AJ124: 120000 | AK124: 4338060 | AL124: 15 | AM124: 20 | AN124: 759291 | AO124: 64500 | AP124: 34 | AQ124: 0 | AR124: 0 | AS124: 0 | AT124: 0 | AU124: 6 | AV124: 41 | AW124: 40 | AX124: 6790 | AY124: 0 | AZ124: 0 | BA124: 0 | BB124: 215 | BC124: 31 | BD124: 7027 | BE124: 6820 | BF124: 55 | BG124: 0 | BH124: 0 | BI124: 3 | BJ124: 35 | BK124: 19 | BL124: 80 | BM124: 58 | BN124: 2 | BO124: 0 | BP124: 0 | BQ124: 2 | BR124: 0 | BS124: 0 | BT124: 0 | BU124: 0 | BV124: 7 | BW124: 0 | BX124: 0 | BY124: 0 | BZ124: 0 | CA124: 0 | CB124: 8 | CC124: 7 | CD124: 819 | CE124: 652 | CF124: 16 | CG124: 606 | CH124: 3159 | CI124: 2.5111288 | CJ124: 0.20625 | CK124: 0.10714286 | CL124: 0.31181818 | CM124: 0.19222222 | CN124: 0.27666667 | CO124: 0.33384615 | CP124: 0.07 | CQ124: 11 | CR124: 5 | CS124: 6 | CT124: 3 | CU124: 8 | CV124: 4 | CW124: 1 | CX124: 1 | CY124: 3 | CZ124: 3 | DA124: 0 | DB124: 3 | DC124: 8 | DD124: 1 | DE124: 4 | DF124: 3 | DG124: 1 | DH124: 4 | DI124: 0 | DJ124: 2 | DK124: 3 | DL124: 1 | DM124: 2 | DN124: 1 | DO124: 3 | DP124: 1 | DQ124: 1 | DR124: 0 | DS124: 1 | DT124: 1 | DU124: 10 | DV124: 0 | DW124: 1 | DX124: 0 | DY124: 2084 | DZ124: 29 | EA124: 76 | EB124: 0 | EC124: 1 | ED124: 16 | EE124: 7 | EF124: 10 | EG124: 3 | EH124: 14 | EI124: 3 | EJ124: 14 | EK124: 8 | EL124: 9 | EM124: 5 | EN124: 12 | EO124: 3 | EP124: 14 | EQ124: 10 | ER124: 7 | ES124: 6 | ET124: 11 | EU124: 5 | EV124: 12 | EW124: 1 | EX124: 16 | EY124: 4 | EZ124: 162 | FA124: 28 | FB124: 8 | FC124: 130 | FD124: 600 | FE124: 5002 | FF124: 118 | FG124: 6 | FH124: 118 | FI124: 0 | FJ124: 4 | FK124: 2288 | FL124: 6000 | FM124: 0 | FN124: 0 | FO124: 0 | FP124: 4 | FQ124: 1148 | FR124: 0 | FS124: 0 | FT124: 0 | FU124: 0 | FV124: 1 | FW124: 1
A125: Music | B125: 13 | O125: 1455 | P125: 1996 | Q125: 11 | R125: 52 | S125: 79505 | T125: 73820 | U125: 116610 | V125: 20552 | W125: 17628 | X125: 2196 | Y125: 12400 | Z125: 6032 | AA125: 70280 | AB125: 2764800 | AC125: 31739000 | AD125: 12 | AE125: 118 | AF125: 510 | AG125: 78865 | AH125: 250000 | AI125: 19008000 | AJ125: 0 | AK125: 8381000 | AL125: 14800 | AM125: 0 | AN125: 2500000 | AO125: 4350000 | AP125: 590 | AQ125: 0 | AR125: 0 | AS125: 19 | AT125: 94 | AU125: 23 | AV125: 1397 | AW125: 181 | AX125: 0 | AY125: 0 | AZ125: 0 | BA125: 0 | BB125: 0 | BC125: 794 | BD125: 1583 | BE125: 170 | BF125: 0 | BG125: 0 | BH125: 0 | BI125: 0 | BJ125: 510 | BK125: 0 | BL125: 513 | BM125: 1 | BN125: 0 | BO125: 0 | BP125: 0 | BQ125: 0 | BR125: 0 | BS125: 0 | BT125: 0 | BU125: 22 | BV125: 0 | BW125: 0 | BX125: 0 | BY125: 0 | BZ125: 7 | CA125: 0 | CB125: 12 | CC125: 33 | CD125: 93435 | CE125: 56291.76 | CF125: 9376 | CG125: 12575.24 | CH125: 819023.65 | CI125: 11.892832 | CJ125: 0.27 | CK125: 0.2165 | CL125: 0.36777778 | CM125: 0.11666667 | CN125: 0.19 | CO125: 0.51333333 | CP125: 0.059 | CQ125: 9 | CR125: 1 | CS125: 4 | CT125: 2 | CU125: 11 | CV125: 1 | CW125: 0 | CX125: 1 | CY125: 3 | CZ125: 1 | DA125: 0 | DB125: 2 | DC125: 8 | DD125: 1 | DE125: 1 | DF125: 6 | DG125: 0 | DH125: 0 | DI125: 1 | DJ125: 1 | DK125: 6 | DL125: 1 | DM125: 1 | DN125: 1 | DO125: 6 | DP125: 1 | DQ125: 0 | DR125: 0 | DS125: 4 | DT125: 0 | DU125: 1 | DV125: 0 | DW125: 0 | DX125: 0 | DY125: 220 | DZ125: 0 | EA125: 0 | EB125: 0 | EC125: 1 | ED125: 12 | EE125: 2 | EF125: 11 | EG125: 0 | EH125: 13 | EI125: 1 | EJ125: 12 | EK125: 1 | EL125: 12 | EM125: 3 | EN125: 10 | EO125: 0 | EP125: 13 | EQ125: 2 | ER125: 11 | ES125: 2 | ET125: 11 | EU125: 2 | EV125: 11 | EW125: 0 | EX125: 13 | EY125: 11 | EZ125: 510 | FA125: 0 | FB125: 60 | FC125: 1000 | FD125: 563 | FE125: 0 | FF125: 2600 | FG125: 1 | FH125: 202 | FI125: 0 | FJ125: 0 | FK125: 0 | FL125: 0 | FM125: 0 | FN125: 0 | FO125: 0 | FP125: 0 | FQ125: 0 | FR125: 0 | FS125: 0 | FT125: 0 | FU125: 0 | FV125: 0 | FW125: 0
A126: Dance | B126: 5 | O126: 170 | P126: 1752 | Q126: 61 | R126: 78 | S126: 418 | T126: 11266 | U126: 78250 | V126: 18329 | W126: 2200 | X126: 0 | Y126: 700 | Z126: 2514 | AA126: 0 | AB126: 337457 | AC126: 959932 | AD126: 1 | AE126: 6 | AF126: 2 | AG126: 409 | AH126: 100 | AI126: 200000 | AJ126: 0 | AK126: 101000 | AL126: 80 | AM126: 0 | AN126: 337277 | AO126: 658932 | AP126: 0 | AQ126: 0 | AR126: 0 | AS126: 4 | AT126: 0 | AU126: 0 | AV126: 35 | AW126: 115 | AX126: 0 | AY126: 0 | AZ126: 0 | BA126: 1 | BB126: 0 | BC126: 0 | BD126: 182 | BE126: 12 | BF126: 0 | BG126: 0 | BH126: 0 | BI126: 0 | BJ126: 0 | BK126: 0 | BL126: 0 | BM126: 61 | BN126: 0 | BO126: 0 | BP126: 0 | BQ126: 0 | BR126: 0 | BS126: 0 | BT126: 0 | BU126: 0 | BV126: 0 | BW126: 0 | BX126: 0 | BY126: 0 | BZ126: 0 | CA126: 0 | CB126: 25 | CC126: 40 | CD126: 3041 | CE126: 617 | CF126: 154 | CG126: 772 | CH126: 7517.17 | CI126: 5.4119294 | CJ126: 0.066666667 | CK126: 0.15166667 | CL126: 0.3675 | CM126: #DIV/0! | CN126: 0.08 | CO126: 0.7175 | CP126: #DIV/0! | CQ126: 3 | CR126: 0 | CS126: 3 | CT126: 0 | CU126: 5 | CV126: 2 | CW126: 2 | CX126: 0 | CY126: 2 | CZ126: 0 | DA126: 0 | DB126: 1 | DC126: 2 | DD126: 0 | DE126: 1 | DF126: 1 | DG126: 0 | DH126: 0 | DI126: 1 | DJ126: 1 | DK126: 3 | DL126: 0 | DM126: 0 | DN126: 0 | DO126: 3 | DP126: 0 | DQ126: 1 | DR126: 0 | DS126: 0 | DT126: 0 | DU126: 0 | DV126: 0 | DW126: 0 | DX126: 0 | DY126: 76 | DZ126: 0 | EA126: 29 | EB126: 0 | EC126: 1 | ED126: 4 | EE126: 1 | EF126: 4 | EG126: 0 | EH126: 5 | EI126: 0 | EJ126: 5 | EK126: 0 | EL126: 5 | EM126: 1 | EN126: 4 | EO126: 0 | EP126: 5 | EQ126: 1 | ER126: 4 | ES126: 0 | ET126: 5 | EU126: 1 | EV126: 4 | EW126: 1 | EX126: 4 | EY126: 7 | EZ126: 2184 | FA126: 0 | FB126: 0 | FC126: 0 | FD126: 42 | FE126: 0 | FF126: 500 | FG126: 0 | FH126: 10 | FI126: 7127 | FJ126: 0 | FK126: 0 | FL126: 0 | FM126: 0 | FN126: 0 | FO126: 0 | FP126: 0 | FQ126: 0 | FR126: 0 | FS126: 0 | FT126: 0 | FU126: 0 | FV126: 0 | FW126: 0
A127: Literature | B127: 4 | O127: 284 | P127: 2265 | Q127: 11 | R127: 6 | S127: 5 | T127: 20776 | U127: 130000 | V127: 51530 | W127: 402 | X127: 1183 | Y127: 19001 | Z127: 12175 | AA127: 0 | AB127: 1556167 | AC127: 484500 | AD127: 1 | AE127: 1 | AF127: 0 | AG127: 3 | AH127: 0 | AI127: 400000 | AJ127: 35000 | AK127: 0 | AL127: 0 | AM127: 0 | AN127: 1521167 | AO127: 84500 | AP127: 0 | AQ127: 0 | AR127: 0 | AS127: 0 | AT127: 21 | AU127: 0 | AV127: 0 | AW127: 0 | AX127: 0 | AY127: 0 | AZ127: 0 | BA127: 0 | BB127: 401 | BC127: 0 | BD127: 2 | BE127: 2 | BF127: 0 | BG127: 0 | BH127: 0 | BI127: 0 | BJ127: 0 | BK127: 0 | BL127: 0 | BM127: 0 | BN127: 0 | BO127: 0 | BP127: 0 | BQ127: 0 | BR127: 0 | BS127: 0 | BT127: 0 | BU127: 0 | BV127: 0 | BW127: 0 | BX127: 0 | BY127: 0 | BZ127: 2 | CA127: 0 | CB127: 0 | CC127: 0 | CD127: 5703 | CE127: 4303 | CF127: 0 | CG127: 65 | CH127: 15900 | CI127: 3.6401099 | CJ127: 0.325 | CK127: 0.075 | CL127: 0.41666667 | CM127: 0.105 | CN127: 0.25 | CO127: 0.415 | CP127: 0.13 | CQ127: 2 | CR127: 1 | CS127: 1 | CT127: 0 | CU127: 1 | CV127: 0 | CW127: 0 | CX127: 1 | CY127: 2 | CZ127: 1 | DA127: 1 | DB127: 0 | DC127: 0 | DD127: 1 | DE127: 0 | DF127: 2 | DG127: 1 | DH127: 1 | DI127: 0 | DJ127: 0 | DK127: 2 | DL127: 1 | DM127: 0 | DN127: 1 | DO127: 2 | DP127: 1 | DQ127: 0 | DR127: 2 | DS127: 0 | DT127: 0 | DU127: 0 | DV127: 0 | DW127: 0 | DX127: 0 | DY127: 0 | DZ127: 0 | EA127: 0 | EB127: 0 | EC127: 1 | ED127: 3 | EE127: 1 | EF127: 3 | EG127: 0 | EH127: 4 | EI127: 0 | EJ127: 4 | EK127: 1 | EL127: 3 | EM127: 1 | EN127: 3 | EO127: 1 | EP127: 3 | EQ127: 1 | ER127: 3 | ES127: 1 | ET127: 3 | EU127: 0 | EV127: 4 | EW127: 0 | EX127: 3 | EY127: 6 | EZ127: 20 | FA127: 0 | FB127: 0 | FC127: 120 | FD127: 140 | FE127: 5 | FF127: 60 | FG127: 65 | FH127: 0 | FI127: 0 | FJ127: 9 | FK127: 7000 | FL127: 10550 | FM127: 30 | FN127: 769 | FO127: 1044 | FP127: 1 | FQ127: 484 | FR127: 0 | FS127: 0 | FT127: 0 | FU127: 0 | FV127: 1 | FW127: 1
A128: Circus/Street Theatre/Carnival | B128: 4 | O128: 1173 | P128: 2627 | Q128: 6 | R128: 206 | S128: 41 | T128: 2355 | U128: 1151958 | V128: 5262 | W128: 7675 | X128: 0 | Y128: 13940 | Z128: 0 | AA128: 95196 | AB128: 36421 | AC128: 0 | AD128: 3 | AE128: 0 | AF128: 1 | AG128: 37 | AH128: 0 | AI128: 0 | AJ128: 0 | AK128: 0 | AL128: 50 | AM128: 0 | AN128: 36371 | AO128: 0 | AP128: 0 | AQ128: 0 | AR128: 0 | AS128: 0 | AT128: 0 | AU128: 0 | AV128: 331 | AW128: 417 | AX128: 0 | AY128: 0 | AZ128: 0 | BA128: 0 | BB128: 0 | BC128: 0 | BD128: 1003 | BE128: 730 | BF128: 0 | BG128: 0 | BH128: 0 | BI128: 0 | BJ128: 0 | BK128: 0 | BL128: 0 | BM128: 0 | BN128: 0 | BO128: 0 | BP128: 0 | BQ128: 0 | BR128: 0 | BS128: 0 | BT128: 0 | BU128: 0 | BV128: 0 | BW128: 0 | BX128: 0 | BY128: 0 | BZ128: 0 | CA128: 0 | CB128: 154 | CC128: 195 | CD128: 1230 | CE128: 855 | CF128: 30 | CG128: 55 | CH128: 6255 | CI128: 6.8736264 | CJ128: 0.3425 | CK128: 0.26666667 | CL128: 0.56666667 | CM128: 0.21666667 | CN128: 0.1775 | CO128: 0.61 | CP128: 0.125 | CQ128: 3 | CR128: 1 | CS128: 2 | CT128: 0 | CU128: 2 | CV128: 1 | CW128: 0 | CX128: 1 | CY128: 0 | CZ128: 0 | DA128: 0 | DB128: 1 | DC128: 3 | DD128: 0 | DE128: 0 | DF128: 0 | DG128: 1 | DH128: 0 | DI128: 0 | DJ128: 0 | DK128: 4 | DL128: 0 | DM128: 0 | DN128: 0 | DO128: 2 | DP128: 0 | DQ128: 0 | DR128: 0 | DS128: 0 | DT128: 0 | DU128: 0 | DV128: 1 | DW128: 1 | DX128: 0 | DY128: 0 | DZ128: 0 | EA128: 0 | EB128: 0 | EC128: 0 | ED128: 4 | EE128: 0 | EF128: 4 | EG128: 0 | EH128: 4 | EI128: 0 | EJ128: 4 | EK128: 1 | EL128: 3 | EM128: 1 | EN128: 3 | EO128: 0 | EP128: 4 | EQ128: 1 | ER128: 3 | ES128: 0 | ET128: 4 | EU128: 0 | EV128: 4 | EW128: 0 | EX128: 4 | EY128: 0 | EZ128: 0 | FA128: 0 | FB128: 0 | FC128: 1 | FD128: 55 | FE128: 0 | FF128: 15 | FG128: 0 | FH128: 0 | FI128: 0 | FJ128: 0 | FK128: 0 | FL128: 0 | FM128: 0 | FN128: 0 | FO128: 0 | FP128: 0 | FQ128: 0 | FR128: 0 | FS128: 0 | FT128: 0 | FU128: 0 | FV128: 0 | FW128: 0
A129: Small | B129: 45 | O129: 2426 | P129: 21419 | Q129: 158 | R129: 59 | S129: 5030 | T129: 67380 | U129: 421680 | V129: 71998 | W129: 49835 | X129: 13035 | Y129: 148347 | Z129: 3333 | AA129: 22920 | AB129: 36934 | AC129: 7616551 | AD129: 10 | AE129: 55 | AF129: 4 | AG129: 4961 | AH129: 0 | AI129: 2409000 | AJ129: 0 | AK129: 3766040 | AL129: 95 | AM129: 20 | AN129: 36839 | AO129: 1441491 | AP129: 607 | AQ129: 2 | AR129: 0 | AS129: 24 | AT129: 151 | AU129: 23 | AV129: 1753 | AW129: 179 | AX129: 0 | AY129: 0 | AZ129: 0 | BA129: 1 | BB129: 57 | BC129: 1260 | BD129: 5640 | BE129: 1242 | BF129: 0 | BG129: 0 | BH129: 0 | BI129: 3 | BJ129: 8 | BK129: 8 | BL129: 17 | BM129: 5 | BN129: 0 | BO129: 0 | BP129: 0 | BQ129: 0 | BR129: 0 | BS129: 0 | BT129: 0 | BU129: 22 | BV129: 0 | BW129: 0 | BX129: 0 | BY129: 0 | BZ129: 0 | CA129: 0 | CB129: 3 | CC129: 33 | CD129: 24524 | CE129: 16018 | CF129: 1859 | CG129: 2242 | CH129: 88798.58 | CI129: 4.863011 | CJ129: 0.29333333 | CK129: 0.2159375 | CL129: 0.39538462 | CM129: 0.11833333 | CN129: 0.20045455 | CO129: 0.48939394 | CP129: 0.22142857 | CQ129: 25 | CR129: 5 | CS129: 11 | CT129: 8 | CU129: 26 | CV129: 7 | CW129: 6 | CX129: 0 | CY129: 9 | CZ129: 4 | DA129: 0 | DB129: 10 | DC129: 19 | DD129: 4 | DE129: 7 | DF129: 12 | DG129: 4 | DH129: 2 | DI129: 2 | DJ129: 4 | DK129: 21 | DL129: 3 | DM129: 5 | DN129: 5 | DO129: 20 | DP129: 3 | DQ129: 3 | DR129: 4 | DS129: 5 | DT129: 5 | DU129: 9 | DV129: 1 | DW129: 1 | DX129: 0 | DY129: 553 | DZ129: 263 | EA129: 150 | EB129: 0 | EC129: 5 | ED129: 40 | EE129: 8 | EF129: 37 | EG129: 1 | EH129: 44 | EI129: 1 | EJ129: 44 | EK129: 9 | EL129: 36 | EM129: 6 | EN129: 39 | EO129: 3 | EP129: 42 | EQ129: 8 | ER129: 37 | ES129: 6 | ET129: 39 | EU129: 6 | EV129: 39 | EW129: 2 | EX129: 43 | EY129: 65 | EZ129: 2337 | FA129: 25 | FB129: 1 | FC129: 703 | FD129: 2106 | FE129: 3373 | FF129: 585 | FG129: 58 | FH129: 43 | FI129: 7199 | FJ129: 8 | FK129: 5288 | FL129: 10750 | FM129: 21 | FN129: 750 | FO129: 1000 | FP129: 4 | FQ129: 1148 | FR129: 0 | FS129: 0 | FT129: 0 | FU129: 0 | FV129: 2 | FW129: 1
A130: Medium | B130: 47 | O130: 4622 | P130: 27731 | Q130: 357 | R130: 655 | S130: 11968 | T130: 249312 | U130: 1274351 | V130: 297162 | W130: 552648 | X130: 88335 | Y130: 187014 | Z130: 104931 | AA130: 367439 | AB130: 3973409 | AC130: 16723064 | AD130: 325 | AE130: 95 | AF130: 61 | AG130: 11486 | AH130: 250100 | AI130: 2870000 | AJ130: 155100 | AK130: 9124220 | AL130: 4176 | AM130: 744 | AN130: 3558533 | AO130: 4730100 | AP130: 356 | AQ130: 374 | AR130: 5 | AS130: 376 | AT130: 1331 | AU130: 166 | AV130: 10629 | AW130: 1181 | AX130: 6790 | AY130: 26 | AZ130: 0 | BA130: 27 | BB130: 2493 | BC130: 42 | BD130: 13583 | BE130: 7056 | BF130: 55 | BG130: 15 | BH130: 0 | BI130: 15 | BJ130: 63 | BK130: 32 | BL130: 169 | BM130: 137 | BN130: 15 | BO130: 0 | BP130: 0 | BQ130: 2 | BR130: 0 | BS130: 0 | BT130: 1 | BU130: 0 | BV130: 12 | BW130: 17 | BX130: 0 | BY130: 16 | BZ130: 22 | CA130: 18 | CB130: 306 | CC130: 254 | CD130: 235674 | CE130: 107372.76 | CF130: 32934 | CG130: 31265.24 | CH130: 1425515.2 | CI130: 10.282283 | CJ130: 0.22866667 | CK130: 0.14272 | CL130: 0.50228571 | CM130: 0.13850435 | CN130: 0.22 | CO130: 0.4796 | CP130: 0.086666667 | CQ130: 29 | CR130: 10 | CS130: 19 | CT130: 8 | CU130: 25 | CV130: 9 | CW130: 7 | CX130: 7 | CY130: 16 | CZ130: 6 | DA130: 2 | DB130: 6 | DC130: 21 | DD130: 6 | DE130: 4 | DF130: 11 | DG130: 4 | DH130: 8 | DI130: 0 | DJ130: 6 | DK130: 20 | DL130: 3 | DM130: 13 | DN130: 1 | DO130: 18 | DP130: 3 | DQ130: 8 | DR130: 7 | DS130: 10 | DT130: 6 | DU130: 9 | DV130: 5 | DW130: 6 | DX130: 3 | DY130: 2044 | DZ130: 326 | EA130: 221 | EB130: 532 | EC130: 7 | ED130: 36 | EE130: 14 | EF130: 29 | EG130: 6 | EH130: 37 | EI130: 5 | EJ130: 38 | EK130: 11 | EL130: 32 | EM130: 14 | EN130: 29 | EO130: 6 | EP130: 37 | EQ130: 13 | ER130: 30 | ES130: 7 | ET130: 36 | EU130: 5 | EV130: 38 | EW130: 2 | EX130: 40 | EY130: 50 | EZ130: 3748 | FA130: 11716 | FB130: 77 | FC130: 279 | FD130: 1390 | FE130: 5111 | FF130: 2434 | FG130: 1187 | FH130: 165 | FI130: 0 | FJ130: 7 | FK130: 4000 | FL130: 6600 | FM130: 15 | FN130: 19 | FO130: 50 | FP130: 1 | FQ130: 484 | FR130: 0 | FS130: 0 | FT130: 0 | FU130: 0 | FV130: 1 | FW130: 1
A131: Large | B131: 10 | O131: 1856 | P131: 9755 | Q131: 100 | R131: 364 | S131: 78624 | T131: 508764 | U131: 97100 | V131: 129838 | W131: 129930 | X131: 53188 | Y131: 1126500 | Z131: 60478 | AA131: 96426 | AB131: 30868542 | AC131: 34438580 | AD131: 31 | AE131: 378 | AF131: 520 | AG131: 77700 | AH131: 2296400 | AI131: 20356000 | AJ131: 6852592 | AK131: 12852580 | AL131: 15389 | AM131: 0 | AN131: 21704330 | AO131: 1230000 | AP131: 19 | AQ131: 11 | AR131: 2 | AS131: 22 | AT131: 1494 | AU131: 396 | AV131: 1800 | AW131: 22 | AX131: 0 | AY131: 100 | AZ131: 0 | BA131: 0 | BB131: 89 | BC131: 4 | BD131: 1690 | BE131: 0 | BF131: 0 | BG131: 0 | BH131: 0 | BI131: 0 | BJ131: 510 | BK131: 0 | BL131: 525 | BM131: 0 | BN131: 0 | BO131: 0 | BP131: 0 | BQ131: 0 | BR131: 2 | BS131: 0 | BT131: 2 | BU131: 0 | BV131: 0 | BW131: 0 | BX131: 0 | BY131: 0 | BZ131: 8 | CA131: 0 | CB131: 133 | CC131: 1 | CD131: 995329 | CE131: 494531 | CF131: 56561 | CG131: 169792 | CH131: 14526624 | CI131: 21.866809 | CJ131: 0.14 | CK131: 0.058428571 | CL131: 0.40375 | CM131: 0.114 | CN131: 0.18428571 | CO131: 0.361 | CP131: 0.06425 | CQ131: 7 | CR131: 0 | CS131: 4 | CT131: 2 | CU131: 6 | CV131: 0 | CW131: 1 | CX131: 0 | CY131: 1 | CZ131: 1 | DA131: 0 | DB131: 0 | DC131: 5 | DD131: 1 | DE131: 0 | DF131: 3 | DG131: 1 | DH131: 1 | DI131: 1 | DJ131: 2 | DK131: 5 | DL131: 0 | DM131: 1 | DN131: 0 | DO131: 5 | DP131: 0 | DQ131: 1 | DR131: 1 | DS131: 2 | DT131: 1 | DU131: 2 | DV131: 1 | DW131: 1 | DX131: 0 | DY131: 0 | DZ131: 0 | EA131: 0 | EB131: 0 | EC131: 0 | ED131: 9 | EE131: 2 | EF131: 7 | EG131: 0 | EH131: 9 | EI131: 1 | EJ131: 8 | EK131: 2 | EL131: 7 | EM131: 1 | EN131: 8 | EO131: 0 | EP131: 9 | EQ131: 2 | ER131: 7 | ES131: 1 | ET131: 8 | EU131: 2 | EV131: 7 | EW131: 0 | EX131: 9 | EY131: 0 | EZ131: 530 | FA131: 0 | FB131: 60 | FC131: 1361 | FD131: 500 | FE131: 0 | FF131: 4892 | FG131: 2 | FH131: 235 | FI131: 0 | FJ131: 0 | FK131: 0 | FL131: 0 | FM131: 0 | FN131: 0 | FO131: 0 | FP131: 0 | FQ131: 0 | FR131: 0 | FS131: 0 | FT131: 0 | FU131: 0 | FV131: 0 | FW131: 0
A134: Constant sample
A135: All organisations | B135: 93 | O135: 8608 | P135: 58087 | Q135: 588 | R135: 1064 | S135: 94888 | T135: 810292 | U135: 1785075 | V135: 481693 | W135: 298630 | X135: 154408 | Y135: 1459458 | Z135: 156552 | AA135: 473180 | AB135: 34868385 | AC135: 58553838 | AD135: 366 | AE135: 516 | AF135: 585 | AG135: 93426 | AH135: 2546500 | AI135: 25635000 | AJ135: 7007692 | AK135: 25740840 | AL135: 19660 | AM135: 764 | AN135: 25294702 | AO135: 7179234 | AP135: 966 | AQ135: 381 | AR135: 7 | AS135: 422 | AT135: 2976 | AU135: 585 | AV135: 13930 | AW135: 1314 | AX135: 6790 | AY135: 126 | AZ135: 0 | BA135: 28 | BB135: 2639 | BC135: 1306 | BD135: 20807 | BE135: 7818 | BF135: 55 | BG135: 15 | BH135: 0 | BI135: 18 | BJ135: 581 | BK135: 40 | BL135: 708 | BM135: 141 | BN135: 15 | BO135: 0 | BP135: 0 | BQ135: 2 | BR135: 2 | BS135: 0 | BT135: 3 | BU135: 22 | BV135: 12 | BW135: 15 | BX135: 400 | BY135: 16 | BZ135: 30 | CA135: 18 | CB135: 438 | CC135: 288 | CD135: 1239604 | CE135: 611767.76 | CF135: 89422 | CG135: 200172.24 | CH135: 15978631 | CI135: 19.679571 | CJ135: 0.2344898 | CK135: 0.16469767 | CL135: 0.44083333 | CM135: 0.13471515 | CN135: 0.21910714 | CO135: 0.47238356 | CP135: 0.096294118 | CQ135: 56 | CR135: 15 | CS135: 32 | CT135: 15 | CU135: 52 | CV135: 14 | CW135: 12 | CX135: 7 | CY135: 24 | CZ135: 11 | DA135: 2 | DB135: 14 | DC135: 40 | DD135: 10 | DE135: 11 | DF135: 24 | DG135: 9 | DH135: 10 | DI135: 3 | DJ135: 12 | DK135: 42 | DL135: 6 | DM135: 18 | DN135: 5 | DO135: 40 | DP135: 6 | DQ135: 11 | DR135: 11 | DS135: 16 | DT135: 10 | DU135: 17 | DV135: 6 | DW135: 7 | DX135: 3 | DY135: 2484 | DZ135: 337 | EA135: 302 | EB135: 532 | EC135: 11 | ED135: 79 | EE135: 22 | EF135: 68 | EG135: 7 | EH135: 83 | EI135: 6 | EJ135: 84 | EK135: 19 | EL135: 71 | EM135: 19 | EN135: 71 | EO135: 7 | EP135: 83 | EQ135: 21 | ER135: 69 | ES135: 14 | ET135: 76 | EU135: 12 | EV135: 78 | EW135: 3 | EX135: 86 | EY135: 85 | EZ135: 6599 | FA135: 11741 | FB135: 137 | FC135: 1758 | FD135: 2057 | FE135: 5275 | FF135: 7846 | FG135: 1247 | FH135: 433 | FI135: 7127 | FJ135: 15 | FK135: 9288 | FL135: 17350 | FM135: 36 | FN135: 769 | FO135: 1050 | FP135: 5 | FQ135: 1632 | FR135: 0 | FS135: 0 | FT135: 0 | FU135: 0 | FV135: 3 | FW135: 2
A136: Drama | B136: 12 | O136: 1715 | P136: 1024 | Q136: 2 | R136: 11 | S136: 8965 | T136: 192124 | U136: 56915 | V136: 25554 | W136: 1302 | X136: 0 | Y136: 400 | Z136: 386 | AA136: 2800 | AB136: 8680 | AC136: 14827702 | AD136: 8 | AE136: 12 | AF136: 0 | AG136: 8945 | AH136: 0 | AI136: 2356000 | AJ136: 0 | AK136: 10997000 | AL136: 0 | AM136: 0 | AN136: 8680 | AO136: 1474702 | AP136: 322 | AQ136: 304 | AR136: 0 | AS136: 312 | AT136: 744 | AU136: 0 | AV136: 935 | AW136: 444 | AX136: 0 | AY136: 0 | AZ136: 0 | BA136: 0 | BB136: 57 | BC136: 0 | BD136: 424 | BE136: 0 | BF136: 0 | BG136: 0 | BH136: 0 | BI136: 0 | BJ136: 0 | BK136: 0 | BL136: 0 | BM136: 0 | BN136: 0 | BO136: 0 | BP136: 0 | BQ136: 0 | BR136: 0 | BS136: 0 | BT136: 0 | BU136: 0 | BV136: 0 | BW136: 0 | BX136: 0 | BY136: 0 | BZ136: 0 | CA136: 0 | CB136: 9 | CC136: 0 | CD136: 185410 | CE136: 68538 | CF136: 11933 | CG136: 29159 | CH136: 1453800.8 | CI136: 14.880711 | CJ136: 0.17 | CK136: 0.13 | CL136: 0.531 | CM136: 0.091666667 | CN136: 0.15714286 | CO136: 0.49416667 | CP136: 0.091666667 | CQ136: 7 | CR136: 3 | CS136: 3 | CT136: 1 | CU136: 6 | CV136: 2 | CW136: 2 | CX136: 0 | CY136: 6 | CZ136: 2 | DA136: 0 | DB136: 2 | DC136: 5 | DD136: 3 | DE136: 2 | DF136: 1 | DG136: 3 | DH136: 0 | DI136: 0 | DJ136: 2 | DK136: 4 | DL136: 1 | DM136: 2 | DN136: 2 | DO136: 4 | DP136: 1 | DQ136: 0 | DR136: 0 | DS136: 0 | DT136: 2 | DU136: 0 | DV136: 0 | DW136: 0 | DX136: 0 | DY136: 0 | DZ136: 0 | EA136: 0 | EB136: 0 | EC136: 0 | ED136: 12 | EE136: 1 | EF136: 11 | EG136: 0 | EH136: 12 | EI136: 0 | EJ136: 12 | EK136: 1 | EL136: 11 | EM136: 0 | EN136: 12 | EO136: 0 | EP136: 12 | EQ136: 0 | ER136: 12 | ES136: 1 | ET136: 11 | EU136: 1 | EV136: 11 | EW136: 0 | EX136: 12 | EY136: 0 | EZ136: 5 | FA136: 0 | FB136: 0 | FC136: 7 | FD136: 0 | FE136: 0 | FF136: 0 | FG136: 9 | FH136: 9 | FI136: 0 | FJ136: 0 | FK136: 0 | FL136: 0 | FM136: 0 | FN136: 0 | FO136: 0 | FP136: 0 | FQ136: 0 | FR136: 0 | FS136: 0 | FT136: 0 | FU136: 0 | FV136: 0 | FW136: 0
A137: Traditional Arts | B137: 12 | O137: 1100 | P137: 10826 | Q137: 5 | R137: 65 | S137: 630 | T137: 7332 | U137: 51475 | V137: 2996 | W137: 110691 | X137: 800 | Y137: 19300 | Z137: 12453 | AA137: 146024 | AB137: 555643 | AC137: 62580 | AD137: 8 | AE137: 10 | AF137: 1 | AG137: 611 | AH137: 0 | AI137: 1000 | AJ137: 0 | AK137: 60580 | AL137: 0 | AM137: 0 | AN137: 555643 | AO137: 1000 | AP137: 0 | AQ137: 0 | AR137: 0 | AS137: 0 | AT137: 39 | AU137: 0 | AV137: 762 | AW137: 46 | AX137: 0 | AY137: 0 | AZ137: 0 | BA137: 0 | BB137: 80 | BC137: 0 | BD137: 3293 | BE137: 0 | BF137: 0 | BG137: 0 | BH137: 0 | BI137: 0 | BJ137: 0 | BK137: 0 | BL137: 2 | BM137: 0 | BN137: 0 | BO137: 0 | BP137: 0 | BQ137: 0 | BR137: 2 | BS137: 0 | BT137: 2 | BU137: 0 | BV137: 0 | BW137: 0 | BX137: 0 | BY137: 0 | BZ137: 3 | CA137: 0 | CB137: 11 | CC137: 8 | CD137: 24722 | CE137: 15247 | CF137: 723 | CG137: 559 | CH137: 363686.5 | CI137: 23.009395 | CJ137: 0.14 | CK137: 0.21333333 | CL137: 0.5375 | CM137: 0.05 | CN137: 0.33625 | CO137: 0.5475 | CP137: #DIV/0! | CQ137: 5 | CR137: 0 | CS137: 2 | CT137: 2 | CU137: 8 | CV137: 1 | CW137: 3 | CX137: 0 | CY137: 2 | CZ137: 2 | DA137: 0 | DB137: 3 | DC137: 2 | DD137: 0 | DE137: 0 | DF137: 3 | DG137: 0 | DH137: 1 | DI137: 1 | DJ137: 0 | DK137: 8 | DL137: 0 | DM137: 5 | DN137: 0 | DO137: 8 | DP137: 0 | DQ137: 2 | DR137: 1 | DS137: 3 | DT137: 0 | DU137: 0 | DV137: 0 | DW137: 0 | DX137: 0 | DY137: 70 | DZ137: 0 | EA137: 40 | EB137: 0 | EC137: 2 | ED137: 9 | EE137: 1 | EF137: 10 | EG137: 0 | EH137: 11 | EI137: 1 | EJ137: 10 | EK137: 1 | EL137: 10 | EM137: 1 | EN137: 10 | EO137: 1 | EP137: 10 | EQ137: 1 | ER137: 10 | ES137: 0 | ET137: 11 | EU137: 0 | EV137: 11 | EW137: 0 | EX137: 11 | EY137: 4 | EZ137: 2892 | FA137: 0 | FB137: 34 | FC137: 15 | FD137: 67 | FE137: 164 | FF137: 4 | FG137: 0 | FH137: 0 | FI137: 0 | FJ137: 0 | FK137: 0 | FL137: 0 | FM137: 0 | FN137: 0 | FO137: 0 | FP137: 0 | FQ137: 0 | FR137: 0 | FS137: 0 | FT137: 0 | FU137: 0 | FV137: 0 | FW137: 0
A138: Combined | B138: 27 | O138: 2638 | P138: 29897 | Q138: 272 | R138: 633 | S138: 5169 | T138: 498249 | U138: 198224 | V138: 236794 | W138: 156377 | X138: 77941 | Y138: 1211795 | Z138: 105592 | AA138: 113380 | AB138: 28729911 | AC138: 4477544 | AD138: 331 | AE138: 352 | AF138: 69 | AG138: 4422 | AH138: 2296400 | AI138: 2070000 | AJ138: 6852692 | AK138: 1863200 | AL138: 4715 | AM138: 744 | AN138: 19576273 | AO138: 545600 | AP138: 20 | AQ138: 77 | AR138: 7 | AS138: 87 | AT138: 2078 | AU138: 556 | AV138: 10429 | AW138: 71 | AX138: 0 | AY138: 126 | AZ138: 0 | BA138: 27 | BB138: 1886 | BC138: 481 | BD138: 7293 | BE138: 84 | BF138: 0 | BG138: 15 | BH138: 0 | BI138: 15 | BJ138: 36 | BK138: 21 | BL138: 115 | BM138: 21 | BN138: 13 | BO138: 0 | BP138: 0 | BQ138: 0 | BR138: 0 | BS138: 0 | BT138: 1 | BU138: 0 | BV138: 5 | BW138: 15 | BX138: 0 | BY138: 16 | BZ138: 18 | CA138: 18 | CB138: 220 | CC138: 5 | CD138: 925244 | CE138: 465264 | CF138: 67190 | CG138: 156381 | CH138: 13309289 | CI138: 21.40979 | CJ138: 0.235 | CK138: 0.14285714 | CL138: 0.52947368 | CM138: 0.11583333 | CN138: 0.17764706 | CO138: 0.42869565 | CP138: 0.2 | CQ138: 17 | CR138: 4 | CS138: 11 | CT138: 7 | CU138: 12 | CV138: 3 | CW138: 4 | CX138: 3 | CY138: 6 | CZ138: 2 | DA138: 1 | DB138: 2 | DC138: 12 | DD138: 4 | DE138: 3 | DF138: 8 | DG138: 3 | DH138: 4 | DI138: 0 | DJ138: 6 | DK138: 12 | DL138: 2 | DM138: 8 | DN138: 0 | DO138: 12 | DP138: 2 | DQ138: 7 | DR138: 8 | DS138: 8 | DT138: 7 | DU138: 7 | DV138: 5 | DW138: 5 | DX138: 3 | DY138: 55 | DZ138: 308 | EA138: 177 | EB138: 532 | EC138: 5 | ED138: 20 | EE138: 9 | EF138: 16 | EG138: 4 | EH138: 21 | EI138: 1 | EJ138: 24 | EK138: 7 | EL138: 18 | EM138: 7 | EN138: 18 | EO138: 2 | EP138: 23 | EQ138: 6 | ER138: 19 | ES138: 4 | ET138: 21 | EU138: 3 | EV138: 22 | EW138: 1 | EX138: 24 | EY138: 53 | EZ138: 826 | FA138: 11713 | FB138: 35 | FC138: 489 | FD138: 590 | FE138: 104 | FF138: 4602 | FG138: 1166 | FH138: 99 | FI138: 0 | FJ138: 2 | FK138: 0 | FL138: 800 | FM138: 6 | FN138: 0 | FO138: 6 | FP138: 0 | FQ138: 0 | FR138: 0 | FS138: 0 | FT138: 0 | FU138: 0 | FV138: 1 | FW138: 0
A139: Visual Arts | B139: 16 | O139: 73 | P139: 7700 | Q139: 220 | R139: 13 | S139: 155 | T139: 4370 | U139: 1643 | V139: 120676 | W139: 2355 | X139: 72288 | Y139: 181922 | Z139: 17400 | AA139: 45500 | AB139: 879306 | AC139: 6002580 | AD139: 2 | AE139: 17 | AF139: 2 | AG139: 134 | AH139: 0 | AI139: 1600000 | AJ139: 120000 | AK139: 4338060 | AL139: 15 | AM139: 20 | AN139: 759291 | AO139: 64500 | AP139: 34 | AQ139: 0 | AR139: 0 | AS139: 0 | AT139: 0 | AU139: 6 | AV139: 41 | AW139: 40 | AX139: 6790 | AY139: 0 | AZ139: 0 | BA139: 0 | BB139: 215 | BC139: 31 | BD139: 7027 | BE139: 6820 | BF139: 55 | BG139: 0 | BH139: 0 | BI139: 3 | BJ139: 35 | BK139: 19 | BL139: 78 | BM139: 58 | BN139: 2 | BO139: 0 | BP139: 0 | BQ139: 2 | BR139: 0 | BS139: 0 | BT139: 0 | BU139: 0 | BV139: 7 | BW139: 0 | BX139: 0 | BY139: 0 | BZ139: 0 | CA139: 0 | CB139: 7 | CC139: 7 | CD139: 819 | CE139: 652 | CF139: 16 | CG139: 606 | CH139: 3159 | CI139: 2.5111288 | CJ139: 0.20714286 | CK139: 0.10714286 | CL139: 0.283 | CM139: 0.19222222 | CN139: 0.27666667 | CO139: 0.33666667 | CP139: 0.07 | CQ139: 10 | CR139: 5 | CS139: 6 | CT139: 3 | CU139: 7 | CV139: 4 | CW139: 1 | CX139: 1 | CY139: 3 | CZ139: 3 | DA139: 0 | DB139: 3 | DC139: 8 | DD139: 1 | DE139: 4 | DF139: 3 | DG139: 1 | DH139: 4 | DI139: 0 | DJ139: 2 | DK139: 3 | DL139: 1 | DM139: 2 | DN139: 1 | DO139: 3 | DP139: 1 | DQ139: 1 | DR139: 0 | DS139: 1 | DT139: 1 | DU139: 9 | DV139: 0 | DW139: 1 | DX139: 0 | DY139: 2063 | DZ139: 29 | EA139: 56 | EB139: 0 | EC139: 1 | ED139: 15 | EE139: 7 | EF139: 9 | EG139: 3 | EH139: 13 | EI139: 3 | EJ139: 13 | EK139: 7 | EL139: 9 | EM139: 5 | EN139: 11 | EO139: 3 | EP139: 13 | EQ139: 9 | ER139: 7 | ES139: 6 | ET139: 10 | EU139: 5 | EV139: 11 | EW139: 1 | EX139: 15 | EY139: 4 | EZ139: 162 | FA139: 28 | FB139: 8 | FC139: 126 | FD139: 600 | FE139: 5002 | FF139: 65 | FG139: 6 | FH139: 113 | FI139: 0 | FJ139: 4 | FK139: 2288 | FL139: 6000 | FM139: 0 | FN139: 0 | FO139: 0 | FP139: 4 | FQ139: 1148 | FR139: 0 | FS139: 0 | FT139: 0 | FU139: 0 | FV139: 1 | FW139: 1
A140: Music | B140: 13 | O140: 1455 | P140: 1996 | Q140: 11 | R140: 52 | S140: 79505 | T140: 73820 | U140: 116610 | V140: 20552 | W140: 17628 | X140: 2196 | Y140: 12400 | Z140: 6032 | AA140: 70280 | AB140: 2764800 | AC140: 31739000 | AD140: 12 | AE140: 118 | AF140: 510 | AG140: 78865 | AH140: 250000 | AI140: 19008000 | AJ140: 0 | AK140: 8381000 | AL140: 14800 | AM140: 0 | AN140: 2500000 | AO140: 4350000 | AP140: 590 | AQ140: 0 | AR140: 0 | AS140: 19 | AT140: 94 | AU140: 23 | AV140: 1397 | AW140: 181 | AX140: 0 | AY140: 0 | AZ140: 0 | BA140: 0 | BB140: 0 | BC140: 794 | BD140: 1583 | BE140: 170 | BF140: 0 | BG140: 0 | BH140: 0 | BI140: 0 | BJ140: 510 | BK140: 0 | BL140: 513 | BM140: 1 | BN140: 0 | BO140: 0 | BP140: 0 | BQ140: 0 | BR140: 0 | BS140: 0 | BT140: 0 | BU140: 22 | BV140: 0 | BW140: 0 | BX140: 0 | BY140: 0 | BZ140: 7 | CA140: 0 | CB140: 12 | CC140: 33 | CD140: 93435 | CE140: 56291.76 | CF140: 9376 | CG140: 12575.24 | CH140: 819023.65 | CI140: 11.892832 | CJ140: 0.27 | CK140: 0.2165 | CL140: 0.36777778 | CM140: 0.11666667 | CN140: 0.19 | CO140: 0.51333333 | CP140: 0.059 | CQ140: 9 | CR140: 1 | CS140: 4 | CT140: 2 | CU140: 11 | CV140: 1 | CW140: 0 | CX140: 1 | CY140: 3 | CZ140: 1 | DA140: 0 | DB140: 2 | DC140: 8 | DD140: 1 | DE140: 1 | DF140: 6 | DG140: 0 | DH140: 0 | DI140: 1 | DJ140: 1 | DK140: 6 | DL140: 1 | DM140: 1 | DN140: 1 | DO140: 6 | DP140: 1 | DQ140: 0 | DR140: 0 | DS140: 4 | DT140: 0 | DU140: 1 | DV140: 0 | DW140: 0 | DX140: 0 | DY140: 220 | DZ140: 0 | EA140: 0 | EB140: 0 | EC140: 1 | ED140: 12 | EE140: 2 | EF140: 11 | EG140: 0 | EH140: 13 | EI140: 1 | EJ140: 12 | EK140: 1 | EL140: 12 | EM140: 3 | EN140: 10 | EO140: 0 | EP140: 13 | EQ140: 2 | ER140: 11 | ES140: 2 | ET140: 11 | EU140: 2 | EV140: 11 | EW140: 0 | EX140: 13 | EY140: 11 | EZ140: 510 | FA140: 0 | FB140: 60 | FC140: 1000 | FD140: 563 | FE140: 0 | FF140: 2600 | FG140: 1 | FH140: 202 | FI140: 0 | FJ140: 0 | FK140: 0 | FL140: 0 | FM140: 0 | FN140: 0 | FO140: 0 | FP140: 0 | FQ140: 0 | FR140: 0 | FS140: 0 | FT140: 0 | FU140: 0 | FV140: 0 | FW140: 0
A141: Dance | B141: 5 | O141: 170 | P141: 1752 | Q141: 61 | R141: 78 | S141: 418 | T141: 11266 | U141: 78250 | V141: 18329 | W141: 2200 | X141: 0 | Y141: 700 | Z141: 2514 | AA141: 0 | AB141: 337457 | AC141: 959932 | AD141: 1 | AE141: 6 | AF141: 2 | AG141: 409 | AH141: 100 | AI141: 200000 | AJ141: 0 | AK141: 101000 | AL141: 80 | AM141: 0 | AN141: 337277 | AO141: 658932 | AP141: 0 | AQ141: 0 | AR141: 0 | AS141: 4 | AT141: 0 | AU141: 0 | AV141: 35 | AW141: 115 | AX141: 0 | AY141: 0 | AZ141: 0 | BA141: 1 | BB141: 0 | BC141: 0 | BD141: 182 | BE141: 12 | BF141: 0 | BG141: 0 | BH141: 0 | BI141: 0 | BJ141: 0 | BK141: 0 | BL141: 0 | BM141: 61 | BN141: 0 | BO141: 0 | BP141: 0 | BQ141: 0 | BR141: 0 | BS141: 0 | BT141: 0 | BU141: 0 | BV141: 0 | BW141: 0 | BX141: 0 | BY141: 0 | BZ141: 0 | CA141: 0 | CB141: 25 | CC141: 40 | CD141: 3041 | CE141: 617 | CF141: 154 | CG141: 772 | CH141: 7517.17 | CI141: 5.4119294 | CJ141: 0.066666667 | CK141: 0.15166667 | CL141: 0.3675 | CM141: #DIV/0! | CN141: 0.08 | CO141: 0.7175 | CP141: #DIV/0! | CQ141: 3 | CR141: 0 | CS141: 3 | CT141: 0 | CU141: 5 | CV141: 2 | CW141: 2 | CX141: 0 | CY141: 2 | CZ141: 0 | DA141: 0 | DB141: 1 | DC141: 2 | DD141: 0 | DE141: 1 | DF141: 1 | DG141: 0 | DH141: 0 | DI141: 1 | DJ141: 1 | DK141: 3 | DL141: 0 | DM141: 0 | DN141: 0 | DO141: 3 | DP141: 0 | DQ141: 1 | DR141: 0 | DS141: 0 | DT141: 0 | DU141: 0 | DV141: 0 | DW141: 0 | DX141: 0 | DY141: 76 | DZ141: 0 | EA141: 29 | EB141: 0 | EC141: 1 | ED141: 4 | EE141: 1 | EF141: 4 | EG141: 0 | EH141: 5 | EI141: 0 | EJ141: 5 | EK141: 0 | EL141: 5 | EM141: 1 | EN141: 4 | EO141: 0 | EP141: 5 | EQ141: 1 | ER141: 4 | ES141: 0 | ET141: 5 | EU141: 1 | EV141: 4 | EW141: 1 | EX141: 4 | EY141: 7 | EZ141: 2184 | FA141: 0 | FB141: 0 | FC141: 0 | FD141: 42 | FE141: 0 | FF141: 500 | FG141: 0 | FH141: 10 | FI141: 7127 | FJ141: 0 | FK141: 0 | FL141: 0 | FM141: 0 | FN141: 0 | FO141: 0 | FP141: 0 | FQ141: 0 | FR141: 0 | FS141: 0 | FT141: 0 | FU141: 0 | FV141: 0 | FW141: 0
A142: Literature | B142: 4 | O142: 284 | P142: 2265 | Q142: 11 | R142: 6 | S142: 5 | T142: 20776 | U142: 130000 | V142: 51530 | W142: 402 | X142: 1183 | Y142: 19001 | Z142: 12175 | AA142: 0 | AB142: 1556167 | AC142: 484500 | AD142: 1 | AE142: 1 | AF142: 0 | AG142: 3 | AH142: 0 | AI142: 400000 | AJ142: 35000 | AK142: 0 | AL142: 0 | AM142: 0 | AN142: 1521167 | AO142: 84500 | AP142: 0 | AQ142: 0 | AR142: 0 | AS142: 0 | AT142: 21 | AU142: 0 | AV142: 0 | AW142: 0 | AX142: 0 | AY142: 0 | AZ142: 0 | BA142: 0 | BB142: 401 | BC142: 0 | BD142: 2 | BE142: 2 | BF142: 0 | BG142: 0 | BH142: 0 | BI142: 0 | BJ142: 0 | BK142: 0 | BL142: 0 | BM142: 0 | BN142: 0 | BO142: 0 | BP142: 0 | BQ142: 0 | BR142: 0 | BS142: 0 | BT142: 0 | BU142: 0 | BV142: 0 | BW142: 0 | BX142: 0 | BY142: 0 | BZ142: 2 | CA142: 0 | CB142: 0 | CC142: 0 | CD142: 5703 | CE142: 4303 | CF142: 0 | CG142: 65 | CH142: 15900 | CI142: 3.6401099 | CJ142: 0.325 | CK142: 0.075 | CL142: 0.41666667 | CM142: 0.105 | CN142: 0.25 | CO142: 0.415 | CP142: 0.13 | CQ142: 2 | CR142: 1 | CS142: 1 | CT142: 0 | CU142: 1 | CV142: 0 | CW142: 0 | CX142: 1 | CY142: 2 | CZ142: 1 | DA142: 1 | DB142: 0 | DC142: 0 | DD142: 1 | DE142: 0 | DF142: 2 | DG142: 1 | DH142: 1 | DI142: 0 | DJ142: 0 | DK142: 2 | DL142: 1 | DM142: 0 | DN142: 1 | DO142: 2 | DP142: 1 | DQ142: 0 | DR142: 2 | DS142: 0 | DT142: 0 | DU142: 0 | DV142: 0 | DW142: 0 | DX142: 0 | DY142: 0 | DZ142: 0 | EA142: 0 | EB142: 0 | EC142: 1 | ED142: 3 | EE142: 1 | EF142: 3 | EG142: 0 | EH142: 4 | EI142: 0 | EJ142: 4 | EK142: 1 | EL142: 3 | EM142: 1 | EN142: 3 | EO142: 1 | EP142: 3 | EQ142: 1 | ER142: 3 | ES142: 1 | ET142: 3 | EU142: 0 | EV142: 4 | EW142: 0 | EX142: 3 | EY142: 6 | EZ142: 20 | FA142: 0 | FB142: 0 | FC142: 120 | FD142: 140 | FE142: 5 | FF142: 60 | FG142: 65 | FH142: 0 | FI142: 0 | FJ142: 9 | FK142: 7000 | FL142: 10550 | FM142: 30 | FN142: 769 | FO142: 1044 | FP142: 1 | FQ142: 484 | FR142: 0 | FS142: 0 | FT142: 0 | FU142: 0 | FV142: 1 | FW142: 1
A143: Circus/Street Theatre/Carnival | B143: 4 | O143: 1173 | P143: 2627 | Q143: 6 | R143: 206 | S143: 41 | T143: 2355 | U143: 1151958 | V143: 5262 | W143: 7675 | X143: 0 | Y143: 13940 | Z143: 0 | AA143: 95196 | AB143: 36421 | AC143: 0 | AD143: 3 | AE143: 0 | AF143: 1 | AG143: 37 | AH143: 0 | AI143: 0 | AJ143: 0 | AK143: 0 | AL143: 50 | AM143: 0 | AN143: 36371 | AO143: 0 | AP143: 0 | AQ143: 0 | AR143: 0 | AS143: 0 | AT143: 0 | AU143: 0 | AV143: 331 | AW143: 417 | AX143: 0 | AY143: 0 | AZ143: 0 | BA143: 0 | BB143: 0 | BC143: 0 | BD143: 1003 | BE143: 730 | BF143: 0 | BG143: 0 | BH143: 0 | BI143: 0 | BJ143: 0 | BK143: 0 | BL143: 0 | BM143: 0 | BN143: 0 | BO143: 0 | BP143: 0 | BQ143: 0 | BR143: 0 | BS143: 0 | BT143: 0 | BU143: 0 | BV143: 0 | BW143: 0 | BX143: 0 | BY143: 0 | BZ143: 0 | CA143: 0 | CB143: 154 | CC143: 195 | CD143: 1230 | CE143: 855 | CF143: 30 | CG143: 55 | CH143: 6255 | CI143: 6.8736264 | CJ143: 0.3425 | CK143: 0.26666667 | CL143: 0.56666667 | CM143: 0.21666667 | CN143: 0.1775 | CO143: 0.61 | CP143: 0.125 | CQ143: 3 | CR143: 1 | CS143: 2 | CT143: 0 | CU143: 2 | CV143: 1 | CW143: 0 | CX143: 1 | CY143: 0 | CZ143: 0 | DA143: 0 | DB143: 1 | DC143: 3 | DD143: 0 | DE143: 0 | DF143: 0 | DG143: 1 | DH143: 0 | DI143: 0 | DJ143: 0 | DK143: 4 | DL143: 0 | DM143: 0 | DN143: 0 | DO143: 2 | DP143: 0 | DQ143: 0 | DR143: 0 | DS143: 0 | DT143: 0 | DU143: 0 | DV143: 1 | DW143: 1 | DX143: 0 | DY143: 0 | DZ143: 0 | EA143: 0 | EB143: 0 | EC143: 0 | ED143: 4 | EE143: 0 | EF143: 4 | EG143: 0 | EH143: 4 | EI143: 0 | EJ143: 4 | EK143: 1 | EL143: 3 | EM143: 1 | EN143: 3 | EO143: 0 | EP143: 4 | EQ143: 1 | ER143: 3 | ES143: 0 | ET143: 4 | EU143: 0 | EV143: 4 | EW143: 0 | EX143: 4 | EY143: 0 | EZ143: 0 | FA143: 0 | FB143: 0 | FC143: 1 | FD143: 55 | FE143: 0 | FF143: 15 | FG143: 0 | FH143: 0 | FI143: 0 | FJ143: 0 | FK143: 0 | FL143: 0 | FM143: 0 | FN143: 0 | FO143: 0 | FP143: 0 | FQ143: 0 | FR143: 0 | FS143: 0 | FT143: 0 | FU143: 0 | FV143: 0 | FW143: 0
A144: Small | B144: 40 | O144: 2398 | P144: 20782 | Q144: 140 | R144: 56 | S144: 4854 | T144: 62366 | U144: 414104 | V144: 65089 | W144: 46332 | X144: 13035 | Y144: 146709 | Z144: 3333 | AA144: 22300 | AB144: 31934 | AC144: 7404194 | AD144: 10 | AE144: 55 | AF144: 4 | AG144: 4785 | AH144: 0 | AI144: 2409000 | AJ144: 0 | AK144: 3766040 | AL144: 95 | AM144: 20 | AN144: 31839 | AO144: 1229134 | AP144: 591 | AQ144: 2 | AR144: 0 | AS144: 24 | AT144: 151 | AU144: 23 | AV144: 1751 | AW144: 112 | AX144: 0 | AY144: 0 | AZ144: 0 | BA144: 1 | BB144: 57 | BC144: 1260 | BD144: 5607 | BE144: 762 | BF144: 0 | BG144: 0 | BH144: 0 | BI144: 3 | BJ144: 8 | BK144: 8 | BL144: 15 | BM144: 4 | BN144: 0 | BO144: 0 | BP144: 0 | BQ144: 0 | BR144: 0 | BS144: 0 | BT144: 0 | BU144: 22 | BV144: 0 | BW144: 0 | BX144: 0 | BY144: 0 | BZ144: 0 | CA144: 0 | CB144: 2 | CC144: 33 | CD144: 24524 | CE144: 16018 | CF144: 1859 | CG144: 2242 | CH144: 88798.58 | CI144: 4.863011 | CJ144: 0.26 | CK144: 0.22807692 | CL144: 0.40454545 | CM144: 0.135 | CN144: 0.205 | CO144: 0.507 | CP144: 0.22142857 | CQ144: 22 | CR144: 5 | CS144: 10 | CT144: 5 | CU144: 23 | CV144: 6 | CW144: 4 | CX144: 0 | CY144: 8 | CZ144: 4 | DA144: 0 | DB144: 8 | DC144: 16 | DD144: 3 | DE144: 7 | DF144: 10 | DG144: 4 | DH144: 1 | DI144: 2 | DJ144: 4 | DK144: 18 | DL144: 3 | DM144: 4 | DN144: 4 | DO144: 18 | DP144: 3 | DQ144: 2 | DR144: 3 | DS144: 4 | DT144: 3 | DU144: 6 | DV144: 0 | DW144: 0 | DX144: 0 | DY144: 440 | DZ144: 11 | EA144: 81 | EB144: 0 | EC144: 4 | ED144: 36 | EE144: 6 | EF144: 34 | EG144: 1 | EH144: 39 | EI144: 0 | EJ144: 40 | EK144: 6 | EL144: 34 | EM144: 4 | EN144: 36 | EO144: 1 | EP144: 39 | EQ144: 6 | ER144: 34 | ES144: 6 | ET144: 34 | EU144: 5 | EV144: 35 | EW144: 1 | EX144: 39 | EY144: 35 | EZ144: 2321 | FA144: 25 | FB144: 0 | FC144: 118 | FD144: 167 | FE144: 164 | FF144: 520 | FG144: 58 | FH144: 33 | FI144: 7127 | FJ144: 8 | FK144: 5288 | FL144: 10750 | FM144: 21 | FN144: 750 | FO144: 1000 | FP144: 4 | FQ144: 1148 | FR144: 0 | FS144: 0 | FT144: 0 | FU144: 0 | FV144: 2 | FW144: 1
A145: Medium | B145: 41 | O145: 4354 | P145: 27550 | Q145: 348 | R145: 644 | S145: 11410 | T145: 239162 | U145: 1273871 | V145: 286766 | W145: 122368 | X145: 88185 | Y145: 186249 | Z145: 92741 | AA145: 354454 | AB145: 3967909 | AC145: 16711064 | AD145: 325 | AE145: 83 | AF145: 61 | AG145: 10941 | AH145: 250100 | AI145: 2870000 | AJ145: 155100 | AK145: 9122220 | AL145: 4176 | AM145: 744 | AN145: 3558533 | AO145: 4720100 | AP145: 356 | AQ145: 368 | AR145: 5 | AS145: 376 | AT145: 1331 | AU145: 166 | AV145: 10379 | AW145: 1180 | AX145: 6790 | AY145: 26 | AZ145: 0 | BA145: 27 | BB145: 2493 | BC145: 42 | BD145: 13510 | BE145: 7056 | BF145: 55 | BG145: 15 | BH145: 0 | BI145: 15 | BJ145: 63 | BK145: 32 | BL145: 168 | BM145: 137 | BN145: 15 | BO145: 0 | BP145: 0 | BQ145: 2 | BR145: 0 | BS145: 0 | BT145: 1 | BU145: 0 | BV145: 12 | BW145: 15 | BX145: 0 | BY145: 16 | BZ145: 22 | CA145: 18 | CB145: 303 | CC145: 254 | CD145: 219751 | CE145: 101218.76 | CF145: 31002 | CG145: 28138.24 | CH145: 1363208.2 | CI145: 10.538341 | CJ145: 0.22851852 | CK145: 0.14652174 | CL145: 0.4984375 | CM145: 0.14333333 | CN145: 0.22181818 | CO145: 0.47810811 | CP145: 0.086666667 | CQ145: 27 | CR145: 10 | CS145: 18 | CT145: 8 | CU145: 23 | CV145: 8 | CW145: 7 | CX145: 7 | CY145: 15 | CZ145: 6 | DA145: 2 | DB145: 6 | DC145: 19 | DD145: 6 | DE145: 4 | DF145: 11 | DG145: 4 | DH145: 8 | DI145: 0 | DJ145: 6 | DK145: 19 | DL145: 3 | DM145: 13 | DN145: 1 | DO145: 17 | DP145: 3 | DQ145: 8 | DR145: 7 | DS145: 10 | DT145: 6 | DU145: 9 | DV145: 5 | DW145: 6 | DX145: 3 | DY145: 2044 | DZ145: 326 | EA145: 221 | EB145: 532 | EC145: 7 | ED145: 34 | EE145: 14 | EF145: 27 | EG145: 6 | EH145: 35 | EI145: 5 | EJ145: 36 | EK145: 11 | EL145: 30 | EM145: 14 | EN145: 27 | EO145: 6 | EP145: 35 | EQ145: 13 | ER145: 28 | ES145: 7 | ET145: 34 | EU145: 5 | EV145: 36 | EW145: 2 | EX145: 38 | EY145: 50 | EZ145: 3748 | FA145: 11716 | FB145: 77 | FC145: 279 | FD145: 1390 | FE145: 5111 | FF145: 2434 | FG145: 1187 | FH145: 165 | FI145: 0 | FJ145: 7 | FK145: 4000 | FL145: 6600 | FM145: 15 | FN145: 19 | FO145: 50 | FP145: 1 | FQ145: 484 | FR145: 0 | FS145: 0 | FT145: 0 | FU145: 0 | FV145: 1 | FW145: 1
A146: Large | B146: 10 | O146: 1856 | P146: 9755 | Q146: 100 | R146: 364 | S146: 78624 | T146: 508764 | U146: 97100 | V146: 129838 | W146: 129930 | X146: 53188 | Y146: 1126500 | Z146: 60478 | AA146: 96426 | AB146: 30868542 | AC146: 34438580 | AD146: 31 | AE146: 378 | AF146: 520 | AG146: 77700 | AH146: 2296400 | AI146: 20356000 | AJ146: 6852592 | AK146: 12852580 | AL146: 15389 | AM146: 0 | AN146: 21704330 | AO146: 1230000 | AP146: 19 | AQ146: 11 | AR146: 2 | AS146: 22 | AT146: 1494 | AU146: 396 | AV146: 1800 | AW146: 22 | AX146: 0 | AY146: 100 | AZ146: 0 | BA146: 0 | BB146: 89 | BC146: 4 | BD146: 1690 | BE146: 0 | BF146: 0 | BG146: 0 | BH146: 0 | BI146: 0 | BJ146: 510 | BK146: 0 | BL146: 525 | BM146: 0 | BN146: 0 | BO146: 0 | BP146: 0 | BQ146: 0 | BR146: 2 | BS146: 0 | BT146: 2 | BU146: 0 | BV146: 0 | BW146: 0 | BX146: 0 | BY146: 0 | BZ146: 8 | CA146: 0 | CB146: 133 | CC146: 1 | CD146: 995329 | CE146: 494531 | CF146: 56561 | CG146: 169792 | CH146: 14526624 | CI146: 21.866809 | CJ146: 0.14 | CK146: 0.058428571 | CL146: 0.40375 | CM146: 0.114 | CN146: 0.18428571 | CO146: 0.361 | CP146: 0.06425 | CQ146: 7 | CR146: 0 | CS146: 4 | CT146: 2 | CU146: 6 | CV146: 0 | CW146: 1 | CX146: 0 | CY146: 1 | CZ146: 1 | DA146: 0 | DB146: 0 | DC146: 5 | DD146: 1 | DE146: 0 | DF146: 3 | DG146: 1 | DH146: 1 | DI146: 1 | DJ146: 2 | DK146: 5 | DL146: 0 | DM146: 1 | DN146: 0 | DO146: 5 | DP146: 0 | DQ146: 1 | DR146: 1 | DS146: 2 | DT146: 1 | DU146: 2 | DV146: 1 | DW146: 1 | DX146: 0 | DY146: 0 | DZ146: 0 | EA146: 0 | EB146: 0 | EC146: 0 | ED146: 9 | EE146: 2 | EF146: 7 | EG146: 0 | EH146: 9 | EI146: 1 | EJ146: 8 | EK146: 2 | EL146: 7 | EM146: 1 | EN146: 8 | EO146: 0 | EP146: 9 | EQ146: 2 | ER146: 7 | ES146: 1 | ET146: 8 | EU146: 2 | EV146: 7 | EW146: 0 | EX146: 9 | EY146: 0 | EZ146: 530 | FA146: 0 | FB146: 60 | FC146: 1361 | FD146: 500 | FE146: 0 | FF146: 4892 | FG146: 2 | FH146: 235 | FI146: 0 | FJ146: 0 | FK146: 0 | FL146: 0 | FM146: 0 | FN146: 0 | FO146: 0 | FP146: 0 | FQ146: 0 | FR146: 0 | FS146: 0 | FT146: 0 | FU146: 0 | FV146: 0 | FW146: 0
B148: Average ticket yield calculated by adding full and concession tickets and dividing by income. Caluculation made independently of other cell calculations
B149: Target groups converted into percentage and expressed as a total percentage for that subset. See equation used

Sheet 2019A
A119: 1 | B119: 2 | C119: 3 | D119: 4 | E119: 5 | F119: 6 | G119: 7 | H119: 8 | I119: 9 | J119: 10 | K119: 11 | L119: 12 | M119: 13 | N119: 14 | O119: 15 | P119: 16 | Q119: 17 | R119: 18 | S119: 19 | T119: 20 | U119: 21 | V119: 22 | W119: 23 | X119: 24 | Y119: 25 | Z119: 26 | AA119: 27 | AB119: 28 | AC119: 29 | AD119: 30 | AE119: 31 | AF119: 32 | AG119: 33 | AH119: 34 | AI119: 35 | AJ119: 36 | AK119: 37 | AL119: 38 | AM119: 39 | AN119: 40 | AO119: 41 | AP119: 42 | AQ119: 43 | AR119: 44 | AS119: 45 | AT119: 46 | AU119: 47 | AV119: 48 | AW119: 49 | AX119: 50 | AY119: 51 | AZ119: 52 | BA119: 53 | BB119: 54 | BC119: 55 | BD119: 56 | BE119: 57 | BF119: 58 | BG119: 59 | BH119: 60 | BI119: 61 | BJ119: 62 | BK119: 63 | BL119: 64 | BM119: 65 | BN119: 66 | BO119: 67 | BP119: 68 | BQ119: 69 | BR119: 70 | BS119: 71 | BT119: 72 | BU119: 73 | BV119: 74 | BW119: 75 | BX119: 76 | BY119: 77 | BZ119: 78 | CA119: 79 | CB119: 80 | CC119: 81 | CD119: 82 | CE119: 83 | CF119: 84 | CG119: 85 | CH119: 86 | CI119: 87 | CJ119: 88 | CK119: 89 | CL119: 90 | CM119: 91 | CN119: 92 | CO119: 93 | CP119: 94 | CQ119: 95 | CR119: 96 | CS119: 97 | CT119: 98 | CU119: 99 | CV119: 100 | CW119: 101 | CX119: 102 | CY119: 103 | CZ119: 104 | DA119: 105 | DB119: 106 | DC119: 107 | DD119: 108 | DE119: 109 | DF119: 110 | DG119: 111 | DH119: 112 | DI119: 113 | DJ119: 114 | DK119: 115 | DL119: 116 | DM119: 117 | DN119: 118 | DO119: 119 | DP119: 120 | DQ119: 121 | DR119: 122 | DS119: 123 | DT119: 124 | DU119: 125 | DV119: 126 | DW119: 127 | DX119: 128 | DY119: 129 | DZ119: 130 | EA119: 131 | EB119: 132
A120: All Organisations | B120: 97 | O120: 7753 | P120: 59634 | Q120: 513 | R120: 1389 | S120: 80734 | T120: 720574 | U120: 1968943 | V120: 549873 | W120: 319637 | X120: 192294 | Y120: 1616971 | Z120: 178756 | AA120: 663141 | AB120: 19431305 | AC120: 45220052 | AD120: 1969 | AE120: 297 | AF120: 98 | AG120: 78375 | AH120: 1607940 | AI120: 16318089 | AJ120: 6892592 | AK120: 22616310 | AL120: 4367 | AM120: 10470 | AN120: 13149474 | AO120: 4052284 | AP120: 10136 | AQ120: 42 | AR120: 30 | AS120: 61 | AT120: 1919 | AU120: 594 | AV120: 5207 | AW120: 908 | AX120: 3551 | AY120: 553 | AZ120: 433 | BA120: 496 | BB120: 10831 | BC120: 1184 | BD120: 25739 | BE120: 8423 | BF120: 55 | BG120: 9 | BH120: 10 | BI120: 11 | BJ120: 54 | BK120: 51 | BL120: 178 | BM120: 100 | BN120: 30 | BO120: 0 | BP120: 0 | BQ120: 0 | BR120: 0 | BS120: 0 | BT120: 159 | BU120: 0 | BV120: 9 | BW120: 2 | BX120: 2 | BY120: 5 | BZ120: 87 | CA120: 4 | CB120: 274 | CC120: 34 | CD120: 1049080 | CE120: 567235 | CF120: 95928 | CG120: 113331 | CH120: 14039489 | CI120: 20.629137 | CJ120: 0.19913462 | CK120: 0.13018605 | CL120: 0.42453448 | CM120: 0.11315789 | CN120: 0.18983607 | CO120: 0.46960526 | CP120: 0.14125 | CQ120: 58 | CR120: 15 | CS120: 36 | CT120: 18 | CU120: 52 | CV120: 18.556701 | CW120: 12.371134 | CX120: 9.2783505 | CY120: 16.494845 | CZ120: 12.371134 | DA120: 2.0618557 | DB120: 13.402062 | DC120: 52 | DD120: 3 | DE120: 8 | DF120: 25 | DG120: 8 | DH120: 9 | DI120: 8 | DJ120: 11 | DK120: 43 | DL120: 2 | DM120: 26 | DN120: 4 | DO120: 0 | DP120: 0 | DQ120: 1969 | DR120: 297 | DS120: 98 | DT120: 78375 | DU120: 1607940 | DV120: 16318089 | DW120: 6892592 | DX120: 22616310 | DY120: 4367 | DZ120: 10470 | EA120: 13149474 | EB120: 4052284
A121: Drama | B121: 13 | O121: 1456 | P121: 1130 | Q121: 1 | R121: 15 | S121: 2908 | T121: 183696 | U121: 9050 | V121: 28430 | W121: 8234 | X121: 0 | Y121: 5000 | Z121: 1056 | AA121: 265 | AB121: 416077 | AC121: 15346785 | AD121: 3 | AE121: 9 | AF121: 0 | AG121: 2896 | AH121: 0 | AI121: 346228 | AJ121: 0 | AK121: 12938000 | AL121: 0 | AM121: 0 | AN121: 416077 | AO121: 2062557 | AP121: 100 | AQ121: 1 | AR121: 0 | AS121: 7 | AT121: 321 | AU121: 0 | AV121: 878 | AW121: 117 | AX121: 17 | AY121: 8 | AZ121: 0 | BA121: 0 | BB121: 0 | BC121: 0 | BD121: 439 | BE121: 57 | BF121: 0 | BG121: 0 | BH121: 0 | BI121: 0 | BJ121: 0 | BK121: 0 | BL121: 0 | BM121: 0 | BN121: 0 | BO121: 0 | BP121: 0 | BQ121: 0 | BR121: 0 | BS121: 0 | BT121: 0 | BU121: 0 | BV121: 2 | BW121: 0 | BX121: 0 | BY121: 0 | BZ121: 0 | CA121: 0 | CB121: 12 | CC121: 0 | CD121: 158078 | CE121: 75621 | CF121: 11332 | CG121: 21508 | CH121: 1770069.9 | CI121: 18.223907 | CJ121: 0.18571429 | CK121: 0.145 | CL121: 0.41777778 | CM121: 0.081428571 | CN121: 0.173 | CO121: 0.48 | CP121: 0.178 | CQ121: 6 | CR121: 1 | CS121: 3 | CT121: 1 | CU121: 7 | CV121: 3 | CW121: 2 | CX121: 1 | CY121: 2 | CZ121: 1 | DA121: 1 | DB121: 3 | DC121: 9 | DD121: 1 | DE121: 2 | DF121: 2 | DG121: 3 | DH121: 1 | DI121: 0 | DJ121: 3 | DK121: 4 | DL121: 1 | DM121: 2 | DN121: 0 | DO121: 0 | DP121: 0 | DQ121: 3 | DR121: 9 | DS121: 0 | DT121: 2896 | DU121: 0 | DV121: 346228 | DW121: 0 | DX121: 12938000 | DY121: 0 | DZ121: 0 | EA121: 416077 | EB121: 2062557
A122: Traditional Arts | B122: 12 | O122: 684 | P122: 3566 | Q122: 8 | R122: 48 | S122: 20 | T122: 7950 | U122: 75893 | V122: 11604 | W122: 62151 | X122: 0 | Y122: 1352 | Z122: 12273 | AA122: 123322 | AB122: 569000 | AC122: 11000 | AD122: 5 | AE122: 12 | AF122: 0 | AG122: 3 | AH122: 0 | AI122: 1000 | AJ122: 0 | AK122: 10000 | AL122: 0 | AM122: 0 | AN122: 569000 | AO122: 0 | AP122: 0 | AQ122: 0 | AR122: 0 | AS122: 0 | AT122: 45 | AU122: 0 | AV122: 906 | AW122: 35 | AX122: 0 | AY122: 0 | AZ122: 0 | BA122: 0 | BB122: 80 | BC122: 0 | BD122: 2369 | BE122: 0 | BF122: 0 | BG122: 0 | BH122: 0 | BI122: 0 | BJ122: 0 | BK122: 0 | BL122: 0 | BM122: 0 | BN122: 0 | BO122: 0 | BP122: 0 | BQ122: 0 | BR122: 0 | BS122: 0 | BT122: 0 | BU122: 0 | BV122: 0 | BW122: 0 | BX122: 0 | BY122: 2 | BZ122: 5 | CA122: 0 | CB122: 12 | CC122: 2 | CD122: 22550 | CE122: 17168 | CF122: 1056 | CG122: 197 | CH122: 395210 | CI122: 22.758998 | CJ122: 0.14375 | CK122: 0.213 | CL122: 0.5386 | CM122: 0.05 | CN122: 0.23428571 | CO122: 0.62 | CP122: 0 | CQ122: 8 | CR122: 1 | CS122: 2 | CT122: 4 | CU122: 7 | CV122: 2 | CW122: 4 | CX122: 2 | CY122: 1 | CZ122: 3 | DA122: 0 | DB122: 3 | DC122: 6 | DD122: 0 | DE122: 0 | DF122: 5 | DG122: 0 | DH122: 1 | DI122: 1 | DJ122: 0 | DK122: 9 | DL122: 0 | DM122: 5 | DN122: 0 | DO122: 0 | DP122: 0 | DQ122: 5 | DR122: 12 | DS122: 0 | DT122: 3 | DU122: 0 | DV122: 1000 | DW122: 0 | DX122: 10000 | DY122: 0 | DZ122: 0 | EA122: 569000 | EB122: 0
A123: Combined | B123: 28 | O123: 2941 | P123: 38566 | Q123: 246 | R123: 812 | S123: 6013 | T123: 432604 | U123: 193768 | V123: 315163 | W123: 201059 | X123: 66223 | Y123: 1230917 | Z123: 105034 | AA123: 449172 | AB123: 15488577 | AC123: 4796336 | AD123: 1938 | AE123: 155 | AF123: 82 | AG123: 3843 | AH123: 1587400 | AI123: 2138500 | AJ123: 6852592 | AK123: 2020500 | AL123: 4310 | AM123: 7940 | AN123: 7044443.8 | AO123: 629396 | AP123: 23 | AQ123: 27 | AR123: 16 | AS123: 31 | AT123: 1541 | AU123: 590 | AV123: 2429 | AW123: 44 | AX123: 34 | AY123: 146 | AZ123: 34 | BA123: 496 | BB123: 10267 | BC123: 1145 | BD123: 11420 | BE123: 686 | BF123: 9 | BG123: 9 | BH123: 9 | BI123: 10 | BJ123: 29 | BK123: 22 | BL123: 88 | BM123: 11 | BN123: 18 | BO123: 0 | BP123: 0 | BQ123: 0 | BR123: 0 | BS123: 0 | BT123: 158 | BU123: 0 | BV123: 3 | BW123: 2 | BX123: 2 | BY123: 3 | BZ123: 80 | CA123: 4 | CB123: 179 | CC123: 5 | CD123: 772568 | CE123: 430761 | CF123: 75877 | CG123: 81537 | CH123: 11000626 | CI123: 21.473099 | CJ123: 0.23190476 | CK123: 0.11058824 | CL123: 0.54736842 | CM123: 0.11375 | CN123: 0.2 | CO123: 0.43217391 | CP123: 0.15611111 | CQ123: 18 | CR123: 6 | CS123: 15 | CT123: 5 | CU123: 11 | CV123: 5 | CW123: 4 | CX123: 4 | CY123: 4 | CZ123: 4 | DA123: 0 | DB123: 2 | DC123: 16 | DD123: 2 | DE123: 2 | DF123: 8 | DG123: 3 | DH123: 6 | DI123: 4 | DJ123: 5 | DK123: 11 | DL123: 1 | DM123: 9 | DN123: 1 | DO123: 0 | DP123: 0 | DQ123: 1938 | DR123: 155 | DS123: 82 | DT123: 3843 | DU123: 1587400 | DV123: 2138500 | DW123: 6852592 | DX123: 2020500 | DY123: 4310 | DZ123: 7940 | EA123: 7044443.8 | EB123: 629396
A124: Visual Arts | B124: 18 | O124: 50 | P124: 7985 | Q124: 203 | R124: 10 | S124: 1127 | T124: 3037 | U124: 3884 | V124: 111585 | W124: 24022 | X124: 124708 | Y124: 344344 | Z124: 16700 | AA124: 17817 | AB124: 930510 | AC124: 394429 | AD124: 7 | AE124: 7 | AF124: 5 | AG124: 1108 | AH124: 0 | AI124: 84000 | AJ124: 0 | AK124: 195810 | AL124: 57 | AM124: 2089 | AN124: 653352 | AO124: 389631 | AP124: 22 | AQ124: 0 | AR124: 0 | AS124: 0 | AT124: 3 | AU124: 3 | AV124: 40 | AW124: 28 | AX124: 3500 | AY124: 0 | AZ124: 0 | BA124: 0 | BB124: 118 | BC124: 39 | BD124: 7064 | BE124: 6856 | BF124: 46 | BG124: 0 | BH124: 1 | BI124: 1 | BJ124: 25 | BK124: 29 | BL124: 88 | BM124: 50 | BN124: 3 | BO124: 0 | BP124: 0 | BQ124: 0 | BR124: 0 | BS124: 0 | BT124: 0 | BU124: 0 | BV124: 4 | BW124: 0 | BX124: 0 | BY124: 0 | BZ124: 0 | CA124: 0 | CB124: 8 | CC124: 7 | CD124: 792 | CE124: 598 | CF124: 0 | CG124: 0 | CH124: 1698.29 | CI124: 2.8399498 | CJ124: 0.175 | CK124: 0.11 | CL124: 0.225 | CM124: 0.19285714 | CN124: 0.26777778 | CO124: 0.355 | CP124: 0.065 | CQ124: 7 | CR124: 5 | CS124: 5 | CT124: 3 | CU124: 7 | CV124: 2 | CW124: 0 | CX124: 0 | CY124: 2 | CZ124: 2 | DA124: 0 | DB124: 2 | DC124: 4 | DD124: 0 | DE124: 2 | DF124: 4 | DG124: 0 | DH124: 1 | DI124: 0 | DJ124: 1 | DK124: 2 | DL124: 0 | DM124: 3 | DN124: 1 | DO124: 0 | DP124: 0 | DQ124: 7 | DR124: 7 | DS124: 5 | DT124: 1108 | DU124: 0 | DV124: 84000 | DW124: 0 | DX124: 195810 | DY124: 57 | DZ124: 2089 | EA124: 653352 | EB124: 389631
A125: Music | B125: 13 | O125: 1154 | P125: 2581 | Q125: 7 | R125: 127 | S125: 70598 | T125: 69339 | U125: 146531 | V125: 27185 | W125: 22212 | X125: 400 | Y125: 14280 | Z125: 21022 | AA125: 53360 | AB125: 20540 | AC125: 24478200 | AD125: 11 | AE125: 108 | AF125: 0 | AG125: 70479 | AH125: 20540 | AI125: 13740500 | AJ125: 0 | AK125: 7392000 | AL125: 0 | AM125: 0 | AN125: 2500000 | AO125: 845700 | AP125: 9991 | AQ125: 14 | AR125: 14 | AS125: 20 | AT125: 4 | AU125: 0 | AV125: 327 | AW125: 61 | AX125: 0 | AY125: 399 | AZ125: 399 | BA125: 0 | BB125: 0 | BC125: 0 | BD125: 3238 | BE125: 19 | BF125: 0 | BG125: 0 | BH125: 0 | BI125: 0 | BJ125: 0 | BK125: 0 | BL125: 1 | BM125: 0 | BN125: 0 | BO125: 0 | BP125: 0 | BQ125: 0 | BR125: 0 | BS125: 0 | BT125: 1 | BU125: 0 | BV125: 0 | BW125: 0 | BX125: 0 | BY125: 0 | BZ125: 0 | CA125: 0 | CB125: 63 | CC125: 20 | CD125: 78464 | CE125: 36992 | CF125: 6065 | CG125: 9894 | CH125: 816470.75 | CI125: 17.413956 | CJ125: 0.315 | CK125: 0.09 | CL125: 0.29142857 | CM125: 0.075 | CN125: 0.14142857 | CO125: 0.49333333 | CP125: 0.01 | CQ125: 9 | CR125: 0 | CS125: 5 | CT125: 3 | CU125: 9 | CV125: 1 | CW125: 0 | CX125: 1 | CY125: 2 | CZ125: 1 | DA125: 1 | DB125: 2 | DC125: 8 | DD125: 0 | DE125: 1 | DF125: 3 | DG125: 0 | DH125: 0 | DI125: 1 | DJ125: 0 | DK125: 6 | DL125: 0 | DM125: 4 | DN125: 0 | DO125: 0 | DP125: 0 | DQ125: 11 | DR125: 108 | DS125: 0 | DT125: 70479 | DU125: 20540 | DV125: 13740500 | DW125: 0 | DX125: 7392000 | DY125: 0 | DZ125: 0 | EA125: 2500000 | EB125: 845700
A126: Dance | B126: 5 | O126: 112 | P126: 1760 | Q126: 40 | R126: 75 | S126: 28 | T126: 4955 | U126: 157589 | V126: 22548 | W126: 0 | X126: 688 | Y126: 117 | Z126: 1295 | AA126: 0 | AB126: 285560 | AC126: 73302 | AD126: 5 | AE126: 5 | AF126: 11 | AG126: 7 | AH126: 0 | AI126: 7861 | AJ126: 0 | AK126: 60000 | AL126: 0 | AM126: 441 | AN126: 285560 | AO126: 5000 | AP126: 0 | AQ126: 0 | AR126: 0 | AS126: 3 | AT126: 0 | AU126: 1 | AV126: 75 | AW126: 86 | AX126: 0 | AY126: 0 | AZ126: 0 | BA126: 0 | BB126: 0 | BC126: 0 | BD126: 247 | BE126: 805 | BF126: 0 | BG126: 0 | BH126: 0 | BI126: 0 | BJ126: 0 | BK126: 0 | BL126: 1 | BM126: 39 | BN126: 0 | BO126: 0 | BP126: 0 | BQ126: 0 | BR126: 0 | BS126: 0 | BT126: 0 | BU126: 0 | BV126: 0 | BW126: 0 | BX126: 0 | BY126: 0 | BZ126: 0 | CA126: 0 | CB126: 0 | CC126: 0 | CD126: 4692 | CE126: 1496 | CF126: 1568 | CG126: 30 | CH126: 8663.92 | CI126: 5.677536 | CJ126: 0.0475 | CK126: 0.155 | CL126: 0.42 | CM126: 0 | CN126: 0.045 | CO126: 0.5125 | CP126: 0 | CQ126: 5 | CR126: 0 | CS126: 3 | CT126: 1 | CU126: 5 | CV126: 3 | CW126: 2 | CX126: 0 | CY126: 2 | CZ126: 0 | DA126: 0 | DB126: 1 | DC126: 5 | DD126: 0 | DE126: 0 | DF126: 0 | DG126: 0 | DH126: 0 | DI126: 1 | DJ126: 0 | DK126: 3 | DL126: 0 | DM126: 2 | DN126: 1 | DO126: 0 | DP126: 0 | DQ126: 5 | DR126: 5 | DS126: 11 | DT126: 7 | DU126: 0 | DV126: 7861 | DW126: 0 | DX126: 60000 | DY126: 0 | DZ126: 441 | EA126: 285560 | EB126: 5000
A127: Literature | B127: 4 | O127: 173 | P127: 1666 | Q127: 8 | R127: 85 | S127: 39 | T127: 17308 | U127: 130000 | V127: 10514 | W127: 1959 | X127: 275 | Y127: 20961 | Z127: 21376 | AA127: 0 | AB127: 1720484 | AC127: 120000 | AD127: 0 | AE127: 1 | AF127: 0 | AG127: 38 | AH127: 0 | AI127: 0 | AJ127: 40000 | AK127: 0 | AL127: 0 | AM127: 0 | AN127: 1680484 | AO127: 120000 | AP127: 0 | AQ127: 0 | AR127: 0 | AS127: 0 | AT127: 5 | AU127: 0 | AV127: 0 | AW127: 0 | AX127: 0 | AY127: 0 | AZ127: 0 | BA127: 0 | BB127: 366 | BC127: 0 | BD127: 3 | BE127: 0 | BF127: 0 | BG127: 0 | BH127: 0 | BI127: 0 | BJ127: 0 | BK127: 0 | BL127: 0 | BM127: 0 | BN127: 9 | BO127: 0 | BP127: 0 | BQ127: 0 | BR127: 0 | BS127: 0 | BT127: 0 | BU127: 0 | BV127: 0 | BW127: 0 | BX127: 0 | BY127: 0 | BZ127: 2 | CA127: 0 | CB127: 0 | CC127: 0 | CD127: 10886 | CE127: 3799 | CF127: 0 | CG127: 60 | CH127: 40635.62 | CI127: 10.530091 | CJ127: 0.325 | CK127: 0.1 | CL127: 0.43333333 | CM127: 0.105 | CN127: 0.24333333 | CO127: 0.415 | CP127: 0.175 | CQ127: 3 | CR127: 1 | CS127: 1 | CT127: 1 | CU127: 2 | CV127: 1 | CW127: 0 | CX127: 0 | CY127: 1 | CZ127: 0 | DA127: 0 | DB127: 0 | DC127: 1 | DD127: 0 | DE127: 1 | DF127: 3 | DG127: 2 | DH127: 0 | DI127: 1 | DJ127: 2 | DK127: 4 | DL127: 0 | DM127: 1 | DN127: 1 | DO127: 0 | DP127: 0 | DQ127: 0 | DR127: 1 | DS127: 0 | DT127: 38 | DU127: 0 | DV127: 0 | DW127: 40000 | DX127: 0 | DY127: 0 | DZ127: 0 | EA127: 1680484 | EB127: 120000
A128: Circus/Street Theatre/Carnival | B128: 4 | O128: 1183 | P128: 2380 | Q128: 0 | R128: 217 | S128: 1 | T128: 1685 | U128: 1252228 | V128: 22844 | W128: 0 | X128: 0 | Y128: 0 | Z128: 0 | AA128: 19205 | AB128: 557 | AC128: 0 | AD128: 0 | AE128: 0 | AF128: 0 | AG128: 1 | AH128: 0 | AI128: 0 | AJ128: 0 | AK128: 0 | AL128: 0 | AM128: 0 | AN128: 557 | AO128: 0 | AP128: 0 | AQ128: 0 | AR128: 0 | AS128: 0 | AT128: 0 | AU128: 0 | AV128: 552 | AW128: 537 | AX128: 0 | AY128: 0 | AZ128: 0 | BA128: 0 | BB128: 0 | BC128: 0 | BD128: 959 | BE128: 0 | BF128: 0 | BG128: 0 | BH128: 0 | BI128: 0 | BJ128: 0 | BK128: 0 | BL128: 0 | BM128: 0 | BN128: 0 | BO128: 0 | BP128: 0 | BQ128: 0 | BR128: 0 | BS128: 0 | BT128: 0 | BU128: 0 | BV128: 0 | BW128: 0 | BX128: 0 | BY128: 0 | BZ128: 0 | CA128: 0 | CB128: 0 | CC128: 0 | CD128: 1050 | CE128: 800 | CF128: 30 | CG128: 105 | CH128: 6115 | CI128: 6.7569061 | CJ128: 0.115 | CK128: 0.23966667 | CL128: 0.31666667 | CM128: 0.05 | CN128: 0.125 | CO128: 0.55 | CP128: 0.04 | CQ128: 2 | CR128: 1 | CS128: 2 | CT128: 0 | CU128: 4 | CV128: 1 | CW128: 0 | CX128: 1 | CY128: 2 | CZ128: 1 | DA128: 0 | DB128: 0 | DC128: 3 | DD128: 0 | DE128: 0 | DF128: 0 | DG128: 0 | DH128: 0 | DI128: 0 | DJ128: 0 | DK128: 4 | DL128: 0 | DM128: 0 | DN128: 0 | DO128: 0 | DP128: 0 | DQ128: 0 | DR128: 0 | DS128: 0 | DT128: 1 | DU128: 0 | DV128: 0 | DW128: 0 | DX128: 0 | DY128: 0 | DZ128: 0 | EA128: 557 | EB128: 0
